Workbook

Sheet HAZEM
A1: SITUATION HAZEM 2019
A3: TOTAL CRASSE | C3: KG | D3: 0 | F3: 0 | G3: 0 | H3: 0
A4: TOTAL DECHET BATTERIE | C4: KG | D4: =SUM(D12:D27) -> 475623 | F4: =SUM(F12:F27) -> 907495.1 | G4: =SUM(G12:G27) -> 172424.07 | H4: =SUM(H12:H27) -> 1079928.8
A5: TOTAL ETAIN | C5: KG | D5: =+D28 -> 646 | F5: =+F28 -> 17765 | G5: =+G28 -> 3375.35 | H5: =+H28 -> 21140.35
A6: TOTAL INOX | C6: KG | D6: =+D29 -> 2557 | F6: =+F29 -> 25570 | G6: =+G29 -> 4858.3 | H6: =+H29 -> 30428.9
A7: TOTAL VIEUX PLOMB | C7: KG | D7: =SUM(D30:D52) -> 416055 | F7: =SUM(F30:F52) -> 1954161.1 | G7: =SUM(G30:G52) -> 371290.61 | H7: =SUM(H30:H52) -> 2325465.5
A8: TOTAL | F8: =SUM(F3:F7) -> 2904991.2 | G8: =SUM(G3:G7) -> 551948.33 | H8: =SUM(H3:H7) -> 3456963.5
A9: REGLEMENT RECU | H9: =3125154.018+H24+H25+H26+H28+H29+H27 -> 3456963.5
A10: RESTE A PAYER | H10: =+H8-H9 -> 0
A12: 43481 | B12: DECHET PLAQUES | C12: KG | D12: 33120 | E12: 1.8 | F12: =+D12*E12 -> 59616 | G12: =+F12*0.19 -> 11327.04 | H12: =+F12+G12+0.6 -> 70943.64
A13: 43494 | B13: DECHET PLAQUES | C13: KG | D13: 35360 | E13: 1.8 | F13: =+D13*E13 -> 63648 | G13: =+F13*0.19 -> 12093.12 | H13: =+F13+G13+0.6 -> 75741.72
A14: 43500 | B14: DECHET PLAQUES | C14: KG | D14: 37000 | E14: 1.8 | F14: =+D14*E14 -> 66600 | G14: =+F14*0.19 -> 12654 | H14: =+F14+G14+0.6 -> 79254.6
A15: 43503 | B15: DECHET PLAQUES | C15: KG | D15: 29765 | E15: 1.8 | F15: =+D15*E15 -> 53577 | G15: =+F15*0.19 -> 10179.63 | H15: =+F15+G15+0.6 -> 63757.23
A16: 43508 | B16: DECHET PLAQUES | C16: KG | D16: 18740 | E16: 1.8 | F16: =+D16*E16 -> 33732 | G16: =+F16*0.19 -> 6409.08 | H16: =+F16+G16+0.6 -> 40141.68
A17: 43515 | B17: DECHET PLAQUES | C17: KG | D17: 32181 | E17: 1.8 | F17: =+D17*E17 -> 57925.8 | G17: =+F17*0.19 -> 11005.902 | H17: =+F17+G17+0.6 -> 68932.302
A18: 43522 | B18: DECHET PLAQUES | C18: KG | D18: 36440 | E18: 1.9 | F18: =+D18*E18 -> 69236 | G18: =+F18*0.19 -> 13154.84 | H18: =+F18+G18+0.6 -> 82391.44
A19: 43536 | B19: DECHET PLAQUES | C19: KG | D19: 30263 | E19: 1.9 | F19: =+D19*E19 -> 57499.7 | G19: =+F19*0.19 -> 10924.943 | H19: =+F19+G19+0.6 -> 68425.243
A20: 43545 | B20: DECHET PLAQUES | C20: KG | D20: 31690 | E20: 1.9 | F20: =+D20*E20 -> 60211 | G20: =+F20*0.19 -> 11440.09 | H20: =+F20+G20+0.6 -> 71651.69
A21: 43556 | B21: DECHET PLAQUES | C21: KG | D21: 29600 | E21: 1.9 | F21: =+D21*E21 -> 56240 | G21: =+F21*0.19 -> 10685.6 | H21: =+F21+G21+0.6 -> 66926.2
A22: 43576 | B22: DECHET PLAQUES | C22: KG | D22: 21704 | E22: 1.9 | F22: =+D22*E22 -> 41237.6 | G22: =+F22*0.19 -> 7835.144 | H22: =+F22+G22+0.6 -> 49073.344
A23: 43616 | B23: DECHET PLAQUES | C23: KG | D23: 27620 | E23: 1.9 | F23: =+D23*E23 -> 52478 | G23: =+F23*0.19 -> 9970.82 | H23: =+F23+G23+0.6 -> 62449.42
... A27: 43720 | B27: DECHET PLAQUES | C27: KG | D27: 29240 | E27: 2.1 | F27: =+D27*E27 -> 61404 | G27: =+F27*0.19 -> 11666.76 | H27: =+F27+G27+0.6 -> 73071.36
A28: 43717 | B28: ETAIN | C28: KG | D28: 646 | E28: 27.5 | F28: =+D28*E28 -> 17765 | G28: =+F28*0.19 -> 3375.35 | H28: =+F28+G28 -> 21140.35
A29: 43727 | B29: INOX | C29: KG | D29: =2360+197 -> 2557 | E29: 10 | F29: =+D29*E29 -> 25570 | G29: =+F29*0.19 -> 4858.3 | H29: =+F29+G29+0.6 -> 30428.9
A30: 43498 | B30: PLOMB | C30: KG | D30: 23480 | E30: 4.7 | F30: =+D30*E30 -> 110356 | G30: =+F30*0.19 -> 20967.64 | H30: =+F30+G30+0.6 -> 131324.24
A31: 43500 | B31: PLOMB | C31: KG | D31: 27840 | E31: 4.7 | F31: =+D31*E31 -> 130848 | G31: =+F31*0.19 -> 24861.12 | H31: =+F31+G31+0.6 -> 155709.72
A32: 43503 | B32: PLOMB | C32: KG | D32: 7375 | E32: 4.7 | F32: =+D32*E32 -> 34662.5 | G32: =+F32*0.19 -> 6585.875 | H32: =+F32+G32+0.6 -> 41248.975
A33: 43515 | B33: PLOMB | C33: KG | D33: 26198 | E33: 4.7 | F33: =+D33*E33 -> 123130.6 | G33: =+F33*0.19 -> 23394.814 | H33: =+F33+G33+0.6 -> 146526.01
A34: 43518 | B34: PLOMB | C34: KG | D34: 23940 | E34: 4.7 | F34: =+D34*E34 -> 112518 | G34: =+F34*0.19 -> 21378.42 | H34: =+F34+G34+0.6 -> 133897.02
A35: 43515 | B35: PLOMB | C35: KG | D35: 3299 | E35: 4.5 | F35: =+D35*E35 -> 14845.5 | G35: =+F35*0.19 -> 2820.645 | H35: =+F35+G35+0.6 -> 17666.745
A36: 43536 | B36: PLOMB | C36: KG | D36: 3397 | E36: 4.7 | F36: =+D36*E36 -> 15965.9 | G36: =+F36*0.19 -> 3033.521 | H36: =+F36+G36+0.6 -> 19000.021
A37: 43540 | B37: PLOMB | C37: KG | D37: 25020 | E37: 4.7 | F37: =+D37*E37 -> 117594 | G37: =+F37*0.19 -> 22342.86 | H37: =+F37+G37+0.6 -> 139937.46
A38: 43542 | B38: PLOMB | C38: KG | D38: 27680 | E38: 4.7 | F38: =+D38*E38 -> 130096 | G38: =+F38*0.19 -> 24718.24 | H38: =+F38+G38+0.6 -> 154814.84
A39: 43543 | B39: PLOMB | C39: KG | D39: 26400 | E39: 4.7 | F39: =+D39*E39 -> 124080 | G39: =+F39*0.19 -> 23575.2 | H39: =+F39+G39+0.6 -> 147655.8
A40: 43545 | B40: PLOMB | C40: KG | D40: 1410 | E40: 4.7 | F40: =+D40*E40 -> 6627 | G40: =+F40*0.19 -> 1259.13 | H40: =+F40+G40+0.6 -> 7886.73
A41: 43546 | B41: PLOMB | C41: KG | D41: 14940 | E41: 4.7 | F41: =+D41*E41 -> 70218 | G41: =+F41*0.19 -> 13341.42 | H41: =+F41+G41+0.6 -> 83560.02
... A52: 43578 | B52: PLOMB | C52: KG | D52: 6376 | E52: 4.6 | F52: =+D52*E52 -> 29329.6 | G52: =+F52*0.19 -> 5572.624 | H52: =+F52+G52+0.6 -> 34902.824

Sheet SOTRAM
A1: SITUATION SOTRAM SNA 2019 | K1: SITUATION SOTRAM STA 2019
A3: TOTAL CRASSE | C3: KG | D3: 0 | F3: 0 | G3: 0 | H3: 0 | K3: TOTAL CRASSE | M3: KG | N3: 0 | P3: 0 | Q3: 0 | R3: 0
A4: TOTAL DECHET BATTERIE | C4: KG | D4: =SUM(D12:D25) -> 320351 | F4: =SUM(F12:F25) -> 624892.75 | G4: =SUM(G12:G25) -> 119916.92 | H4: =SUM(H12:H25) -> 751066.4 | K4: TOTAL DECHET BATTERIE | M4: KG | N4: =SUM(N11:N12) -> 24440 | P4: =SUM(P11:P12) -> 47658 | Q4: =SUM(Q11:Q12) -> 9145.5702 | R4: =SUM(P4:Q4) -> 56803.57
A5: TOTAL ETAIN | C5: KG | D5: 0 | F5: 0 | G5: 0 | H5: 0 | K5: TOTAL ETAIN | M5: KG | N5: 0 | P5: 0 | Q5: 0 | R5: 0
A6: TOTAL VIEUX PLOMB | C6: KG | F6: 0 | G6: 0 | H6: 0 | K6: TOTAL VIEUX PLOMB | M6: KG | P6: 0 | Q6: 0 | R6: 0
A7: TOTAL | F7: =SUM(F3:F6) -> 624892.75 | G7: =SUM(G3:G6) -> 119916.92 | H7: =SUM(H3:H6) -> 751066.4 | K7: TOTAL | P7: =SUM(P3:P6) -> 47658 | Q7: =SUM(Q3:Q6) -> 9145.5702 | R7: =SUM(R3:R6) -> 56803.57
A8: REGLEMENT RECU | H8: =+H12+H13+H14+H15+H16+H17+H18+H19+H20+H21+35000+45000 -> 682322.56 | K8: REGLEMENT RECU | R8: 56803.57
A9: AVANCE RECU | H9: 70000 | K9: RESTE A PAYER | R9: =+R7-R8 -> 0.0002
A10: RESTE A PAYER | H10: =+H7-H8-H9 -> -1256.1641
K11: 43605 | L11: DECHET BATTERIE | M11: kg | N11: 24440 | O11: 1.95 | P11: =N11*O11 -> 47658 | Q11: =P11*1.01*0.19 -> 9145.5702 | R11: =P11*1.01+Q11+0.6 -> 57280.75
A12: 43472 | B12: DECHET BATTERIE | C12: kg | D12: 38260 | E12: 1.8 | F12: =D12*E12 -> 68868 | G12: =F12*1.01*0.19 -> 13215.769 | H12: =F12*1.01+G12+0.6 -> 82773.049
A13: 43481 | B13: DECHET BATTERIE | C13: kg | D13: 36640 | E13: 1.8 | F13: =D13*E13 -> 65952 | G13: =F13*1.01*0.19 -> 12656.189 | H13: =F13*1.01+G13+0.6 -> 79268.309
A14: 43500 | B14: DECHET BATTERIE | C14: kg | D14: 34520 | E14: 1.8 | F14: =D14*E14 -> 62136 | G14: =F14*1.01*0.19 -> 11923.898 | H14: =F14*1.01+G14+0.6 -> 74681.858
A15: 43524 | B15: DECHET BATTERIE | C15: kg | D15: 25680 | E15: 1.9 | F15: =D15*E15 -> 48792 | G15: =F15*1.01*0.19 -> 9363.1848 | H15: =F15*1.01+G15+0.6 -> 58643.705
A16: 43529 | B16: DECHET BATTERIE | C16: kg | D16: 30200 | E16: 1.9 | F16: =D16*E16 -> 57380 | G16: =F16*1.01*0.19 -> 11011.222 | H16: =F16*1.01+G16+0.6 -> 68965.622
A17: 43553 | B17: DECHET BATTERIE | C17: kg | D17: 30420 | E17: 1.9 | F17: =D17*E17 -> 57798 | G17: =F17*1.01*0.19 -> 11091.436 | H17: =F17*1.01+G17+0.6 -> 69468.016
A18: 43577 | B18: DECHET BATTERIE | C18: kg | D18: 33220 | E18: 1.95 | F18: =D18*E18 -> 64779 | G18: =F18*1.01*0.19 -> 12431.09 | H18: =F18*1.01+G18+0.6 -> 77858.48
A19: 43693 | B19: DECHET BATTERIE | C19: kg | D19: 500 | E19: 2.1 | F19: =D19*E19 -> 1050 | G19: =F19*1.01*0.19 -> 201.495 | H19: =F19*1.01+G19+0.6 -> 1262.595
A20: 43717 | B20: DECHET BATTERIE | C20: kg | D20: 15600 | E20: 2.1 | F20: =D20*E20 -> 32760 | G20: =F20*1.01*0.19 -> 6286.644 | H20: =F20*1.01+G20+0.6 -> 39374.844
A21: 43724 | B21: DECHET BATTERIE | C21: kg | D21: 19820 | E21: 2.1 | F21: =D21*E21 -> 41622 | G21: =F21*1.01*0.19 -> 7987.2618 | H21: =F21*1.01+G21+0.6 -> 50026.082
A22: 43798 | B22: DECHET BATTERIE | C22: kg | D22: 21980 | E22: 2.2 | F22: =D22*E22 -> 48356 | G22: =F22*1.01*0.19 -> 9279.5164 | H22: =F22*1.01+G22+0.6 -> 58119.676
A23: 43809 | B23: DECHET BATTERIE | C23: kg | D23: 26940 | E23: 2.25 | F23: =D23*E23 -> 60615 | G23: =F23*1.01*0.19 -> 11632.019 | H23: =F23*1.01+G23+0.6 -> 72853.769
A24: 43819 | B24: DECHET BATTERIE | C24: kg | D24: 6571 | E24: 2.25 | F24: =D24*E24 -> 14784.75 | G24: =F24*1.01*0.19 -> 2837.1935 | H24: =F24*1.01+G24+0.6 -> 17770.391
A29: SITUATION SOTRAM FONDERIE 2019
A31: TOTAL CRASSE | C31: KG | D31: 0 | F31: 0 | G31: 0 | H31: 0
A32: TOTAL DECHET BATTERIE | C32: KG | D32: =SUM(D43:D45) -> 31680 | F32: =SUM(F43:F45) -> 62982 | G32: =SUM(G43:G45) -> 0 | H32: =SUM(F32:G32) -> 62982
A33: TOTAL ETAIN | C33: KG | D33: 0 | F33: 0 | G33: 0 | H33: 0
A34: TOTAL VIEUX PLOMB | C34: KG | F34: 0 | G34: 0 | H34: 0
A35: TOTAL | F35: =SUM(F31:F34) -> 62982 | G35: =SUM(G31:G34) -> 0 | H35: =SUM(H31:H34) -> 62982
A36: REGLEMENT RECU | H36: =H46+H47 -> -104409.65
A37: TVA A REMBOURSER | H37: =+G46+G47 -> 16670.257
A38: FODEC A REMBOURSER | H38: =(F46+F47)*1% -> 868.695
A39: RS A REMBOURSER | H39: =-(H46+H47)*1.5% -> 1566.1448
A40: MONTANT RECU | H40: 20000
A41: RESTE A PAYER | H41: =SUM(H35:H40) -> -2322.5552
A43: 43643 | B43: DECHET BATTERIE | C43: kg | D43: 10660 | E43: 1.95 | F43: =D43*E43 -> 20787
A44: 43656 | B44: DECHET BATTERIE | C44: kg | D44: 12980 | E44: 1.95 | F44: =D44*E44 -> 25311
A45: 43693 | B45: DECHET BATTERIE | C45: kg | D45: 8040 | E45: 2.1 | F45: =D45*E45 -> 16884
B46: REGLEMENT RECU | C46: kg | D46: 29720 | E46: 1.45 | F46: =D46*E46 -> 43094 | G46: =F46*1.01*0.19 -> 8269.7386 | H46: =-(F46*1.01+G46+0.6) -> -51795.279
B47: REGLEMENT RECU | C47: kg | D47: 30190 | E47: 1.45 | F47: =D47*E47 -> 43775.5 | G47: =F47*1.01*0.19 -> 8400.5184 | H47: =-(F47*1.01+G47+0.6) -> -52614.373

Sheet KAMMOUN
A1: SITUATION KAMMOUN 2019
A3: TOTAL CRASSE | C3: KG | D3: 0 | F3: 0 | G3: 0 | H3: 0
A4: TOTAL DECHET BATTERIE | C4: KG | D4: =SUM(D11:D21) -> 258740 | F4: =SUM(F11:F21) -> 527900 | G4: =SUM(G11:G21) -> 100301 | H4: =SUM(H11:H21) -> 628207
A5: TOTAL ETAIN | C5: KG | D5: 0 | F5: 0 | G5: 0 | H5: 0
A6: TOTAL VIEUX PLOMB | C6: KG | D6: 0 | F6: 0 | G6: 0 | H6: 0
A7: TOTAL | F7: =SUM(F3:F6) -> 527900 | G7: =SUM(G3:G6) -> 100301 | H7: =SUM(H3:H6) -> 628207
A8: REGLEMENT RECU | H8: =H11+H12+H13+H14+H15+H16+H17+H18+H19+H20 -> 628207
A9: RESTE A PAYER | H9: =+H7-H8 -> 0
A11: 43511 | B11: DECHET BATTERIE | C11: kg | D11: 33060 | E11: 1.8 | F11: =D11*E11 -> 59508 | G11: =F11*0.19 -> 11306.52 | H11: =F11+G11+0.6 -> 70815.12
A12: 43577 | B12: DECHET BATTERIE | C12: kg | D12: 33240 | E12: 1.9 | F12: =D12*E12 -> 63156 | G12: =F12*0.19 -> 11999.64 | H12: =F12+G12+0.6 -> 75156.24
A13: 43616 | B13: DECHET BATTERIE | C13: kg | D13: 33500 | E13: 1.9 | F13: =D13*E13 -> 63650 | G13: =F13*0.19 -> 12093.5 | H13: =F13+G13+0.6 -> 75744.1
A14: 43686 | B14: DECHET BATTERIE | C14: kg | D14: 30800 | E14: 2.1 | F14: =D14*E14 -> 64680 | G14: =F14*0.19 -> 12289.2 | H14: =F14+G14+0.6 -> 76969.8
A15: 43718 | B15: DECHET BATTERIE | C15: kg | D15: 26540 | E15: 2.1 | F15: =D15*E15 -> 55734 | G15: =F15*0.19 -> 10589.46 | H15: =F15+G15+0.6 -> 66324.06
A16: 43741 | B16: DECHET BATTERIE | C16: kg | D16: 25400 | E16: 2.1 | F16: =D16*E16 -> 53340 | G16: =F16*0.19 -> 10134.6 | H16: =F16+G16+0.6 -> 63475.2
A17: 43769 | B17: DECHET BATTERIE | C17: kg | D17: 24120 | E17: 2.1 | F17: =D17*E17 -> 50652 | G17: =F17*0.19 -> 9623.88 | H17: =F17+G17+0.6 -> 60276.48
A18: 43791 | B18: DECHET BATTERIE | C18: kg | D18: 24960 | E18: 2.25 | F18: =D18*E18 -> 56160 | G18: =F18*0.19 -> 10670.4 | H18: =F18+G18+0.6 -> 66831
A19: 43805 | B19: DECHET BATTERIE | C19: kg | D19: 13680 | E19: 2.25 | F19: =D19*E19 -> 30780 | G19: =F19*0.19 -> 5848.2 | H19: =F19+G19+0.6 -> 36628.8
A20: 43813 | B20: DECHET BATTERIE | C20: kg | D20: 13440 | E20: 2.25 | F20: =D20*E20 -> 30240 | G20: =F20*0.19 -> 5745.6 | H20: =F20+G20+0.6 -> 35986.2

Sheet KAIS
A1: SITUATION KAIS SNA 2019
A3: TOTAL CRASSE | C3: KG | D3: =SUM(D14:D33) -> 179760 | F3: =SUM(F14:F33) -> 263651 | G3: =SUM(G14:G33) -> 50093.69 | H3: =+F3+G3 -> 313744.69
A4: TOTAL DECHET BATTERIE | C4: KG | D4: =SUM(L14:L33) -> 740800 | F4: =SUM(N14:N33) -> 1484592 | G4: =SUM(O14:O33) -> 282072.48 | H4: =+F4+G4 -> 1766664.5
A5: TOTAL ETAIN | C5: KG | D5: =SUM(T14:T19) -> 17387 | F5: =SUM(V14:V33) -> 613720 | G5: =SUM(W14:W33) -> 116606.8 | H5: =G5+F5 -> 730326.8
A6: TOTAL ALIMINIUM | C6: KG | D6: 0 | F6: 0 | G6: 0 | H6: =+F6+G6 -> 0
A7: TOTAL VIEUX PLOMB | D7: =SUM(AB14:AB87) -> 350516 | F7: =SUM(AD14:AD87) -> 1555266.4 | G7: =SUM(AE14:AE87) -> 295500.62 | H7: =+F7+G7 -> 1850767
A8: TOTAL | F8: =SUM(F3:F7) -> 3917229.4 | G8: =SUM(G3:G7) -> 744273.59 | H8: =SUM(H3:H7) -> 4661503
A9: RELIQUAT 2018 | H9: =177957.908+200316.87+117742.77 -> 496017.55
A10: REGLEMENT RECU | H10: =3675092.32+142530.832+200000+200000+200000+200000+150000 -> 4767623.2
A11: ERREUR FACTURATION | H11: =+(T14+T15+T16)*5*1.19 -> 42488.95
A12: RESTE A PAYER | H12: =H8+H9-H10-H11 -> 347408.43
A14: 43482 | B14: CRASSE | C14: KG | D14: 31720 | E14: 1.45 | F14: =+D14*E14 -> 45994 | G14: =+F14*0.19 -> 8738.86 | H14: =+F14+G14 -> 54732.86 | I14: 43468 | J14: DECHET BATTERIE | K14: KG | L14: 40420 | M14: 1.8 | N14: =+L14*M14 -> 72756 | O14: =+N14*0.19 -> 13823.64 | P14: =+N14+O14 -> 86579.64 | Q14: 43558 | R14: ETAIN | S14: KG | T14: 768 | U14: 33 | V14: =T14*U14 -> 25344 | W14: =+V14*0.19 -> 4815.36 | X14: =+V14+W14 -> 30159.36 | Y14: 43467 | Z14: PLOMB | AA14: KG | AB14: 3938 | AC14: 4.3 | AD14: =+AB14*AC14 -> 16933.4 | AE14: =+AD14*0.19 -> 3217.346 | AF14: =+AD14+AE14 -> 20150.746
A15: 43524 | B15: CRASSE | C15: KG | D15: 27020 | E15: 1.45 | F15: =+D15*E15 -> 39179 | G15: =+F15*0.19 -> 7444.01 | H15: =+F15+G15 -> 46623.01 | I15: 43483 | J15: DECHET BATTERIE | K15: KG | L15: 42220 | M15: 1.8 | N15: =+L15*M15 -> 75996 | O15: =+N15*0.19 -> 14439.24 | P15: =+N15+O15 -> 90435.24 | Q15: 43563 | R15: ETAIN | S15: KG | T15: 2091 | U15: 33 | V15: =T15*U15 -> 69003 | W15: =+V15*0.19 -> 13110.57 | X15: =+V15+W15 -> 82113.57 | Y15: 43472 | Z15: PLOMB | AA15: KG | AB15: 6181 | AC15: 4.3 | AD15: =+AB15*AC15 -> 26578.3 | AE15: =+AD15*0.19 -> 5049.877 | AF15: =+AD15+AE15 -> 31628.177
A16: 43574 | B16: CRASSE | C16: KG | D16: 33320 | E16: 1.45 | F16: =+D16*E16 -> 48314 | G16: =+F16*0.19 -> 9179.66 | H16: =+F16+G16 -> 57493.66 | I16: 43568 | J16: DECHET BATTERIE | K16: KG | L16: 41740 | M16: 1.9 | N16: =+L16*M16 -> 79306 | O16: =+N16*0.19 -> 15068.14 | P16: =+N16+O16 -> 94374.14 | Q16: 43642 | R16: ETAIN | S16: KG | T16: 4282 | U16: 33 | V16: =T16*U16 -> 141306 | W16: =+V16*0.19 -> 26848.14 | X16: =+V16+W16 -> 168154.14 | Y16: 43473 | Z16: PLOMB | AA16: KG | AB16: 1347 | AC16: 4.3 | AD16: =+AB16*AC16 -> 5792.1 | AE16: =+AD16*0.19 -> 1100.499 | AF16: =+AD16+AE16 -> 6892.599
A17: 43616 | B17: CRASSE | C17: KG | D17: 27720 | E17: 1.45 | F17: =+D17*E17 -> 40194 | G17: =+F17*0.19 -> 7636.86 | H17: =+F17+G17 -> 47830.86 | I17: 43578 | J17: DECHET BATTERIE | K17: KG | L17: 43260 | M17: 1.9 | N17: =L17*M17 -> 82194 | O17: =+N17*0.19 -> 15616.86 | P17: =+N17+O17 -> 97810.86 | Q17: 43692 | R17: ETAIN | S17: KG | T17: 4100 | U17: 33 | V17: =T17*U17 -> 135300 | W17: =+V17*0.19 -> 25707 | X17: =+V17+W17 -> 161007 | Y17: 43476 | Z17: PLOMB | AA17: KG | AB17: 1854 | AC17: 4.3 | AD17: =+AB17*AC17 -> 7972.2 | AE17: =+AD17*0.19 -> 1514.718 | AF17: =+AD17+AE17 -> 9486.918
A18: 43741 | B18: CRASSE | C18: KG | D18: 22120 | E18: 1.5 | F18: =+D18*E18 -> 33180 | G18: =+F18*0.19 -> 6304.2 | H18: =+F18+G18 -> 39484.2 | I18: 43588 | J18: DECHET BATTERIE | K18: KG | L18: 40900 | M18: 1.9 | N18: =L18*M18 -> 77710 | O18: =+N18*0.19 -> 14764.9 | P18: =+N18+O18 -> 92474.9 | Q18: 43738 | R18: ETAIN | S18: KG | T18: 3544 | U18: 39.5 | V18: =T18*U18 -> 139988 | W18: =+V18*0.19 -> 26597.72 | X18: =+V18+W18 -> 166585.72 | Y18: 43480 | Z18: PLOMB | AA18: KG | AB18: 7782 | AC18: 4.3 | AD18: =+AB18*AC18 -> 33462.6 | AE18: =+AD18*0.19 -> 6357.894 | AF18: =+AD18+AE18 -> 39820.494
A19: 43773 | B19: CRASSE | C19: KG | D19: 37860 | E19: 1.5 | F19: =+D19*E19 -> 56790 | G19: =+F19*0.19 -> 10790.1 | H19: =+F19+G19 -> 67580.1 | I19: 43596 | J19: DECHET BATTERIE | K19: KG | L19: 42860 | M19: 1.9 | N19: =L19*M19 -> 81434 | O19: =+N19*0.19 -> 15472.46 | P19: =+N19+O19 -> 96906.46 | Q19: 43745 | R19: ETAIN | S19: KG | T19: 2602 | U19: 39.5 | V19: =T19*U19 -> 102779 | W19: =+V19*0.19 -> 19528.01 | X19: =+V19+W19 -> 122307.01 | Y19: 43481 | Z19: PLOMB | AA19: KG | AB19: 2776 | AC19: 4.3 | AD19: =+AB19*AC19 -> 11936.8 | AE19: =+AD19*0.19 -> 2267.992 | AF19: =+AD19+AE19 -> 14204.792
I20: 43606 | J20: DECHET BATTERIE | K20: KG | L20: 41200 | M20: 1.9 | N20: =L20*M20 -> 78280 | O20: =+N20*0.19 -> 14873.2 | P20: =+N20+O20 -> 93153.2 | R20: ETAIN | S20: KG | T20: 1787 | Y20: 43482 | Z20: PLOMB | AA20: KG | AB20: 2510 | AC20: 4.5 | AD20: =+AB20*AC20 -> 11295 | AE20: =+AD20*0.19 -> 2146.05 | AF20: =+AD20+AE20 -> 13441.05
I21: 43617 | J21: DECHET BATTERIE | K21: KG | L21: 39700 | M21: 1.9 | N21: =L21*M21 -> 75430 | O21: =+N21*0.19 -> 14331.7 | P21: =+N21+O21 -> 89761.7 | Y21: 43483 | Z21: PLOMB | AA21: KG | AB21: 1997 | AC21: 4.5 | AD21: =+AB21*AC21 -> 8986.5 | AE21: =+AD21*0.19 -> 1707.435 | AF21: =+AD21+AE21 -> 10693.935
I22: 43642 | J22: DECHET BATTERIE | K22: KG | L22: 42180 | M22: 1.9 | N22: =L22*M22 -> 80142 | O22: =+N22*0.19 -> 15226.98 | P22: =+N22+O22 -> 95368.98 | Y22: 43489 | Z22: PLOMB | AA22: KG | AB22: 1286 | AC22: 4.5 | AD22: =+AB22*AC22 -> 5787 | AE22: =+AD22*0.19 -> 1099.53 | AF22: =+AD22+AE22 -> 6886.53
I23: 43657 | J23: DECHET BATTERIE | K23: KG | L23: 39040 | M23: 2 | N23: =L23*M23 -> 78080 | O23: =+N23*0.19 -> 14835.2 | P23: =+N23+O23 -> 92915.2 | Y23: 43495 | Z23: PLOMB | AA23: KG | AB23: 3574 | AC23: 4.5 | AD23: =+AB23*AC23 -> 16083 | AE23: =+AD23*0.19 -> 3055.77 | AF23: =+AD23+AE23 -> 19138.77
I24: 43686 | J24: DECHET BATTERIE | K24: KG | L24: 40980 | M24: 2.1 | N24: =L24*M24 -> 86058 | O24: =+N24*0.19 -> 16351.02 | P24: =+N24+O24 -> 102409.02 | Y24: 43511 | Z24: PLOMB | AA24: KG | AB24: 2428 | AC24: 4.5 | AD24: =+AB24*AC24 -> 10926 | AE24: =+AD24*0.19 -> 2075.94 | AF24: =+AD24+AE24 -> 13001.94
I25: 43712 | J25: DECHET BATTERIE | K25: KG | L25: 41780 | M25: 2.1 | N25: =L25*M25 -> 87738 | O25: =+N25*0.19 -> 16670.22 | P25: =+N25+O25 -> 104408.22 | Y25: 43514 | Z25: PLOMB | AA25: KG | AB25: 2570 | AC25: 4.5 | AD25: =+AB25*AC25 -> 11565 | AE25: =+AD25*0.19 -> 2197.35 | AF25: =+AD25+AE25 -> 13762.35
I26: 43736 | J26: DECHET BATTERIE | K26: KG | L26: 43080 | M26: 2.1 | N26: =L26*M26 -> 90468 | O26: =+N26*0.19 -> 17188.92 | P26: =+N26+O26 -> 107656.92 | Y26: 43516 | Z26: PLOMB | AA26: KG | AB26: 5054 | AC26: 4.5 | AD26: =+AB26*AC26 -> 22743 | AE26: =+AD26*0.19 -> 4321.17 | AF26: =+AD26+AE26 -> 27064.17
I27: 43753 | J27: DECHET BATTERIE | K27: KG | L27: 41680 | M27: 2.1 | N27: =L27*M27 -> 87528 | O27: =+N27*0.19 -> 16630.32 | P27: =+N27+O27 -> 104158.32 | Y27: 43518 | Z27: PLOMB | AA27: KG | AB27: 2298 | AC27: 4.5 | AD27: =+AB27*AC27 -> 10341 | AE27: =+AD27*0.19 -> 1964.79 | AF27: =+AD27+AE27 -> 12305.79
I28: 43771 | J28: DECHET BATTERIE | K28: KG | L28: 38360 | M28: 2.2 | N28: =L28*M28 -> 84392 | O28: =+N28*0.19 -> 16034.48 | P28: =+N28+O28 -> 100426.48 | Y28: 43521 | Z28: PLOMB | AA28: KG | AB28: 5067 | AC28: 4.5 | AD28: =+AB28*AC28 -> 22801.5 | AE28: =+AD28*0.19 -> 4332.285 | AF28: =+AD28+AE28 -> 27133.785
I29: 43790 | J29: DECHET BATTERIE | K29: KG | L29: 39400 | M29: 2.2 | N29: =L29*M29 -> 86680 | O29: =+N29*0.19 -> 16469.2 | P29: =+N29+O29 -> 103149.2 | Y29: 43524 | Z29: PLOMB | AA29: KG | AB29: 9087 | AC29: 4.5 | AD29: =+AB29*AC29 -> 40891.5 | AE29: =+AD29*0.19 -> 7769.385 | AF29: =+AD29+AE29 -> 48660.885
I30: 43802 | J30: DECHET BATTERIE | K30: KG | L30: 41500 | M30: 2.2 | N30: =L30*M30 -> 91300 | O30: =+N30*0.19 -> 17347 | P30: =+N30+O30 -> 108647 | Y30: 43558 | Z30: PLOMB | AA30: KG | AB30: 2334 | AC30: 4.5 | AD30: =+AB30*AC30 -> 10503 | AE30: =+AD30*0.19 -> 1995.57 | AF30: =+AD30+AE30 -> 12498.57
I31: 43817 | J31: DECHET BATTERIE | K31: KG | L31: 40500 | M31: 2.2 | N31: =L31*M31 -> 89100 | O31: =+N31*0.19 -> 16929 | P31: =+N31+O31 -> 106029 | Y31: 43563 | Z31: PLOMB | AA31: KG | AB31: 5570 | AC31: 4.5 | AD31: =+AB31*AC31 -> 25065 | AE31: =+AD31*0.19 -> 4762.35 | AF31: =+AD31+AE31 -> 29827.35
Y32: 43570 | Z32: PLOMB | AA32: KG | AB32: 6519 | AC32: 4.5 | AD32: =AB32*AC32 -> 29335.5 | AE32: =+AD32*0.19 -> 5573.745 | AF32: =+AD32+AE32 -> 34909.245
Y33: 43573 | Z33: PLOMB | AA33: KG | AB33: 3652 | AC33: 4.5 | AD33: =AB33*AC33 -> 16434 | AE33: =+AD33*0.19 -> 3122.46 | AF33: =+AD33+AE33 -> 19556.46
Y34: 43574 | Z34: PLOMB | AA34: KG | AB34: 4299 | AC34: 4.5 | AD34: =AB34*AC34 -> 19345.5 | AE34: =+AD34*0.19 -> 3675.645 | AF34: =+AD34+AE34 -> 23021.145
Y35: 43574 | Z35: PLOMB | AA35: KG | AB35: 2561 | AC35: 4.5 | AD35: =AB35*AC35 -> 11524.5 | AE35: =+AD35*0.19 -> 2189.655 | AF35: =+AD35+AE35 -> 13714.155
Y36: 43578 | Z36: PLOMB | AA36: KG | AB36: 1300 | AC36: 4.5 | AD36: =AB36*AC36 -> 5850 | AE36: =+AD36*0.19 -> 1111.5 | AF36: =+AD36+AE36 -> 6961.5
Y37: 43582 | Z37: PLOMB | AA37: KG | AB37: 5577 | AC37: 4.5 | AD37: =AB37*AC37 -> 25096.5 | AE37: =+AD37*0.19 -> 4768.335 | AF37: =+AD37+AE37 -> 29864.835
Y38: 43585 | Z38: PLOMB | AA38: KG | AB38: 4454 | AC38: 4.5 | AD38: =AB38*AC38 -> 20043 | AE38: =+AD38*0.19 -> 3808.17 | AF38: =+AD38+AE38 -> 23851.17
Y39: 43592 | Z39: PLOMB | AA39: KG | AB39: 1040 | AC39: 4.4 | AD39: =AB39*AC39 -> 4576 | AE39: =+AD39*0.19 -> 869.44 | AF39: =+AD39+AE39 -> 5445.44
Y40: 43598 | Z40: PLOMB | AA40: KG | AB40: 2608 | AC40: 4.4 | AD40: =AB40*AC40 -> 11475.2 | AE40: =+AD40*0.19 -> 2180.288 | AF40: =+AD40+AE40 -> 13655.488
Y41: 43601 | Z41: PLOMB | AA41: KG | AB41: 6423 | AC41: 4.4 | AD41: =AB41*AC41 -> 28261.2 | AE41: =+AD41*0.19 -> 5369.628 | AF41: =+AD41+AE41 -> 33630.828
Y42: 43602 | Z42: PLOMB | AA42: KG | AB42: 3593 | AC42: 4.4 | AD42: =AB42*AC42 -> 15809.2 | AE42: =+AD42*0.19 -> 3003.748 | AF42: =+AD42+AE42 -> 18812.948
Y43: 43605 | Z43: PLOMB | AA43: KG | AB43: 5908 | AC43: 4.4 | AD43: =AB43*AC43 -> 25995.2 | AE43: =+AD43*0.19 -> 4939.088 | AF43: =+AD43+AE43 -> 30934.288
... Y46: 43615 | Z46: PLOMB | AA46: KG | AB46: 1657 | AC46: 4.4 | AD46: =AB46*AC46 -> 7290.8 | AE46: =+AD46*0.19 -> 1385.252 | AF46: =+AD46+AE46 -> 8676.052
Y47: 43629 | Z47: PLOMB | AA47: KG | AB47: =5791+1736 -> 7527 | AC47: 4.3 | AD47: =AB47*AC47 -> 32366.1 | AE47: =+AD47*0.19 -> 6149.559 | AF47: =+AD47+AE47 -> 38515.659
Y48: 43637 | Z48: PLOMB | AA48: KG | AB48: 1797 | AC48: 4.3 | AD48: =AB48*AC48 -> 7727.1 | AE48: =+AD48*0.19 -> 1468.149 | AF48: =+AD48+AE48 -> 9195.249
Y49: 43641 | Z49: PLOMB | AA49: KG | AB49: 4054 | AC49: 4.3 | AD49: =AB49*AC49 -> 17432.2 | AE49: =+AD49*0.19 -> 3312.118 | AF49: =+AD49+AE49 -> 20744.318
Y50: 43644 | Z50: PLOMB | AA50: KG | AB50: 13271 | AC50: 4.3 | AD50: =AB50*AC50 -> 57065.3 | AE50: =+AD50*0.19 -> 10842.407 | AF50: =+AD50+AE50 -> 67907.707
Y51: 43649 | Z51: PLOMB | AA51: KG | AB51: 6018 | AC51: 4.4 | AD51: =AB51*AC51 -> 26479.2 | AE51: =+AD51*0.19 -> 5031.048 | AF51: =+AD51+AE51 -> 31510.248
Y52: 43657 | Z52: PLOMB | AA52: KG | AB52: 5104 | AC52: 4.4 | AD52: =AB52*AC52 -> 22457.6 | AE52: =+AD52*0.19 -> 4266.944 | AF52: =+AD52+AE52 -> 26724.544
Y53: 43659 | Z53: PLOMB | AA53: KG | AB53: 6815 | AC53: 4.4 | AD53: =AB53*AC53 -> 29986 | AE53: =+AD53*0.19 -> 5697.34 | AF53: =+AD53+AE53 -> 35683.34
Y54: 43663 | Z54: PLOMB | AA54: KG | AB54: 6060 | AC54: 4.4 | AD54: =AB54*AC54 -> 26664 | AE54: =+AD54*0.19 -> 5066.16 | AF54: =+AD54+AE54 -> 31730.16
Y55: 43676 | Z55: PLOMB | AA55: KG | AB55: 5217 | AC55: 4.4 | AD55: =AB55*AC55 -> 22954.8 | AE55: =+AD55*0.19 -> 4361.412 | AF55: =+AD55+AE55 -> 27316.212
Y56: 43677 | Z56: PLOMB | AA56: KG | AB56: 4222 | AC56: 4.4 | AD56: =AB56*AC56 -> 18576.8 | AE56: =+AD56*0.19 -> 3529.592 | AF56: =+AD56+AE56 -> 22106.392
Y57: 43680 | Z57: PLOMB | AA57: KG | AB57: 4908 | AC57: 4.4 | AD57: =AB57*AC57 -> 21595.2 | AE57: =+AD57*0.19 -> 4103.088 | AF57: =+AD57+AE57 -> 25698.288
Y58: 43684 | Z58: PLOMB | AA58: KG | AB58: 6300 | AC58: 4.4 | AD58: =AB58*AC58 -> 27720 | AE58: =+AD58*0.19 -> 5266.8 | AF58: =+AD58+AE58 -> 32986.8
Y59: 43685 | Z59: PLOMB | AA59: KG | AB59: 4649 | AC59: 4.4 | AD59: =AB59*AC59 -> 20455.6 | AE59: =+AD59*0.19 -> 3886.564 | AF59: =+AD59+AE59 -> 24342.164
... Y86: 43823 | Z86: PLOMB | AA86: KG | AB86: 4361 | AC86: 4.6 | AD86: =AB86*AC86 -> 20060.6 | AE86: =+AD86*0.19 -> 3811.514 | AF86: =+AD86+AE86 -> 23872.114
AB91: =39954*4.5 -> 179793
AB92: =+AB91/4.6 -> 39085.435

Sheet STA NOUR
A1: SITUATION NOUR 2019
A3: TOTAL CRASSE | C3: KG | D3: =SUM(D14:D16) -> 94720 | F3: =SUM(F14:F16) -> 80512 | G3: =SUM(G14:G16) -> 15297.28 | H3: =SUM(H14:H16) -> 95811.08
A4: TOTAL DECHET BATTERIE | C4: KG | D4: =SUM(D17:D52) -> 1091504 | F4: =SUM(F17:F52) -> 2141070.6 | G4: =SUM(G17:G52) -> 406803.41 | H4: =SUM(H17:H52) -> 2547895.6
A5: TOTAL ETAIN | C5: KG | D5: 0 | F5: 0 | G5: 0 | H5: =+F5+G5 -> 0
A6: TOTAL charge et finition | D6: 0 | F6: =SUM(F58:F61) -> 202129 | G6: =SUM(G58:G61) -> 38404.51 | H6: =SUM(H58:H61) -> 240535.91
A7: TOTAL acide | D7: 0 | F7: =SUM(F62:F63) -> 75269.95 | G7: =SUM(G62:G63) -> 14301.29 | H7: =SUM(H62:H63) -> 89572.44
A8: TOTAL ALIMINIUM | C8: KG | D8: 0 | F8: 0 | G8: 0 | H8: =+F8+G8 -> 0
A9: TOTAL VIEUX PLOMB | C9: KG | D9: =SUM(D53:D57) -> 128899 | F9: =SUM(F53:F57) -> 592935.4 | G9: =SUM(G53:G57) -> 112657.73 | H9: =SUM(H53:H57) -> 705596.13
A10: TOTAL | F10: =SUM(F3:F9) -> 3091917 | G10: =SUM(G3:G9) -> 587464.22 | H10: =SUM(H3:H9) -> 3679411.2
A11: REGLEMENT RECU | H11: =H14+H15+H16+H17+H18+H19+H20+H21+H22+H23+H24+H25+H26+H27+H28+H29+H30+H50+H58+H59+H60+H62 -> 1405966.8
A12: RESTE A PAYER | H12: =+H10-H11 -> 2273444.3
A14: 43683 | B14: CRASSE | C14: KG | D14: 28240 | E14: 0.85 | F14: =+D14*E14 -> 24004 | G14: =+F14*0.19 -> 4560.76 | H14: =+F14+G14+0.6 -> 28565.36
A15: 43704 | B15: CRASSE | C15: KG | D15: 36360 | E15: 0.85 | F15: =+D15*E15 -> 30906 | G15: =+F15*0.19 -> 5872.14 | H15: =+F15+G15+0.6 -> 36778.74
A16: 43708 | B16: CRASSE | C16: KG | D16: 30120 | E16: 0.85 | F16: =+D16*E16 -> 25602 | G16: =+F16*0.19 -> 4864.38 | H16: =+F16+G16+0.6 -> 30466.98
A17: 43532 | B17: DECHT PLAQUES | C17: KG | D17: 25354 | E17: 1.9 | F17: =+D17*E17 -> 48172.6 | G17: =+F17*0.19 -> 9152.794 | H17: =+F17+G17+0.6 -> 57325.994
A18: 43535 | B18: DECHT PLAQUES | C18: KG | D18: 42080 | E18: 1.9 | F18: =+D18*E18 -> 79952 | G18: =+F18*0.19 -> 15190.88 | H18: =+F18+G18+0.6 -> 95143.48
A19: 43536 | B19: DECHT PLAQUES | C19: KG | D19: 42140 | E19: 1.9 | F19: =+D19*E19 -> 80066 | G19: =+F19*0.19 -> 15212.54 | H19: =+F19+G19+0.6 -> 95279.14
A20: 43539 | B20: DECHT PLAQUES | C20: KG | D20: 33560 | E20: 1.9 | F20: =+D20*E20 -> 63764 | G20: =+F20*0.19 -> 12115.16 | H20: =+F20+G20+0.6 -> 75879.76
A21: 43552 | B21: DECHT PLAQUES | C21: KG | D21: 34720 | E21: 1.9 | F21: =+D21*E21 -> 65968 | G21: =+F21*0.19 -> 12533.92 | H21: =+F21+G21+0.6 -> 78502.52
A22: 43564 | B22: DECHT PLAQUES | C22: KG | D22: 35360 | E22: 1.9 | F22: =+D22*E22 -> 67184 | G22: =+F22*0.19 -> 12764.96 | H22: =+F22+G22+0.6 -> 79949.56
A23: 43567 | B23: DECHT PLAQUES | C23: KG | D23: 31360 | E23: 1.9 | F23: =+D23*E23 -> 59584 | G23: =+F23*0.19 -> 11320.96 | H23: =+F23+G23+0.6 -> 70905.56
A24: 43574 | B24: DECHT PLAQUES | C24: KG | D24: 31680 | E24: 1.9 | F24: =+D24*E24 -> 60192 | G24: =+F24*0.19 -> 11436.48 | H24: =+F24+G24+0.6 -> 71629.08
A25: 43592 | B25: DECHT PLAQUES | C25: KG | D25: 27400 | E25: 1.9 | F25: =+D25*E25 -> 52060 | G25: =+F25*0.19 -> 9891.4 | H25: =+F25+G25+0.6 -> 61952
... A57: 43815 | B57: PLOMB | C57: KG | D57: 15020 | E57: 4.6 | F57: =+D57*E57 -> 69092 | G57: =+F57*0.19 -> 13127.48 | H57: =+F57+G57+0.6 -> 82220.08
A58: 43496 | B58: CHARGE ET FINITION | F58: 21079 | G58: =+F58*0.19 -> 4005.01 | H58: =+G58+F58+0.6 -> 25084.61
A59: 43521 | B59: CHARGE ET FINITION | F59: 18360.5 | G59: =+F59*0.19 -> 3488.495 | H59: =+G59+F59+0.6 -> 21849.595
A60: 43708 | B60: CHARGE ET FINITION | F60: 110189.5 | G60: =+F60*0.19 -> 20936.005 | H60: =+G60+F60+0.6 -> 131126.11
A61: 43777 | B61: CHARGE ET FINITION | F61: 52500 | G61: =+F61*0.19 -> 9975 | H61: =+G61+F61+0.6 -> 62475.6
A62: 43708 | B62: ACIDE | F62: 32116.05 | G62: =+F62*0.19 -> 6102.0495 | H62: =+G62+F62+0.6 -> 38218.699
A63: 43769 | B63: ACIDE | F63: 43153.9 | G63: =+F63*0.19 -> 8199.241 | H63: =+G63+F63+0.6 -> 51353.741
H85: =SUM(H14:H84) -> 3679411.2

Sheet KAIS STA
A1: SITUATION NOUR (KAIS) 2019
M2: TRANSPORT KAIS TAYACHI
A3: TOTAL CRASSE | C3: KG | D3: 0 | F3: 0 | G3: 0 | H3: =+F3+G3 -> 0 | M3: 43634 | N3: STA Nour | O3: Déchet plaques batteries | P3: 33820
A4: TOTAL DECHET BATTERIE | C4: KG | D4: =SUM(D12:D24) -> 308260 | F4: =SUM(F12:F24) -> 585694 | G4: =SUM(G12:G24) -> 111281.86 | H4: =+F4+G4 -> 696975.86 | M4: 43637 | N4: STA Nour | O4: Déchet plaques batteries | P4: 39620
A5: TOTAL ETAIN | C5: KG | D5: 0 | F5: 0 | G5: 0 | H5: =+F5+G5 -> 0 | M5: 43641 | N5: STA Nour | O5: Déchet plaques batteries | P5: 23260
A6: TOTAL ALIMINIUM | C6: KG | D6: 0 | F6: 0 | G6: 0 | H6: =+F6+G6 -> 0 | M6: 43644 | N6: STA Nour | O6: Déchet plaques batteries | P6: 31680
A7: TOTAL VIEUX PLOMB | C7: KG | D7: 0 | F7: 0 | G7: 0 | H7: =+F7+G7 -> 0 | M7: 43649 | N7: STA Nour | O7: Déchet plaques batteries | P7: 25140
A8: TOTAL | F8: =SUM(F3:F7) -> 585694 | G8: =SUM(G3:G7) -> 111281.86 | H8: =SUM(H3:H7) -> 696975.86 | M8: 43652 | N8: STA Nour | O8: Déchet plaques batteries | P8: 30540
A9: REGLEMENT RECU | H9: =+H12+H13+H14+H15+H17+H20+H21 -> 489148.94 | J9: 60000 | K9: RECU | M9: 43656 | N9: STA Nour | O9: Déchet plaques batteries | P9: 34560
A10: RESTE A PAYER | H10: =+H8-H9 -> 207826.92 | J10: 100000 | K10: NON RECU | M10: 43661 | N10: STA Nour | O10: Déchet plaques batteries | P10: 32220
M11: 43669 | N11: STA Nour | O11: Déchet plaques batteries | P11: 29540
A12: 43634 | B12: DECHET K T | C12: KG | D12: 33820 | E12: 1.9 | F12: =+D12*E12 -> 64258 | G12: =+F12*0.19 -> 12209.02 | H12: =+F12+G12+0.6 -> 76467.62 | M12: 43672 | N12: STA Nour | O12: Déchet plaques batteries | P12: 27880
A13: 43637 | B13: DECHET K T | C13: KG | D13: 39620 | E13: 1.9 | F13: =+D13*E13 -> 75278 | G13: =+F13*0.19 -> 14302.82 | H13: =+F13+G13+0.6 -> 89581.42
A14: 43641 | B14: DECHET K T | C14: KG | D14: 23260 | E14: 1.9 | F14: =+D14*E14 -> 44194 | G14: =+F14*0.19 -> 8396.86 | H14: =+F14+G14+0.6 -> 52591.46
A15: 43644 | B15: DECHET K T | C15: KG | D15: 31680 | E15: 1.9 | F15: =+D15*E15 -> 60192 | G15: =+F15*0.19 -> 11436.48 | H15: =+F15+G15+0.6 -> 71629.08 | M15: 43676 | N15: NAWFIL | O15: SNA | P15: 32360
A16: 43649 | B16: DECHET K T | C16: KG | D16: 25140 | E16: 1.9 | F16: =+D16*E16 -> 47766 | G16: =+F16*0.19 -> 9075.54 | H16: =+F16+G16+0.6 -> 56842.14 | M16: 43679 | N16: NAWFIL | O16: SNA | P16: 31860
A17: 43652 | B17: DECHET K T | C17: KG | D17: 30540 | E17: 1.9 | F17: =+D17*E17 -> 58026 | G17: =+F17*0.19 -> 11024.94 | H17: =+F17+G17+0.6 -> 69051.54 | J17: STC | M17: 43683 | N17: NAWFIL | O17: SNA | P17: 28240
A18: 43656 | B18: DECHET K T | C18: KG | D18: 34560 | E18: 1.9 | F18: =+D18*E18 -> 65664 | G18: =+F18*0.19 -> 12476.16 | H18: =+F18+G18+0.6 -> 78140.76 | M18: 43704 | N18: NAWFIL | O18: SNA | P18: 36360
A19: 43661 | B19: DECHET K T | C19: KG | D19: 32220 | E19: 1.9 | F19: =+D19*E19 -> 61218 | G19: =+F19*0.19 -> 11631.42 | H19: =+F19+G19+0.6 -> 72850.02 | M19: 43708 | N19: NAWFIL | O19: SNA | P19: 30120
A20: 43669 | B20: DECHET K T | C20: KG | D20: 29540 | E20: 1.9 | F20: =+D20*E20 -> 56126 | G20: =+F20*0.19 -> 10663.94 | H20: =+F20+G20+0.6 -> 66790.54 | J20: SPECTRO | M20: 43711 | N20: NAWFIL | O20: SNA | P20: 27740
A21: 43672 | B21: DECHET K T | C21: KG | D21: 27880 | E21: 1.9 | F21: =+D21*E21 -> 52972 | G21: =+F21*0.19 -> 10064.68 | H21: =+F21+G21+0.6 -> 63037.28
H25: =SUM(H12:H24) -> 696981.86

Sheet 12-2019
B1: SND | D1: SNA | I1: STA | M1: TIP | N1: FONDERIE | O1: PHENICIA | P1: N B I | R1: Z I | S1: ALPHA
B2: STB | C2: STB MEG | D2: BTK | E2: STB | F2: STB MEG | G2: EURO MEG | H2: $ MEG | I2: STB MEG | J2: STB TH | K2: EURO MEG | L2: $ MEG | M2: STB MEG | N2: STB | O2: STB | P2: STB | Q2: EURO MEG | R2: STB | S2: STB
A3: SOLDE au 19/12/2019 | B3: 689.318 | C3: -206803.24 | D3: 1220.455 | E3: 18350.237 | F3: -1213633.9 | G3: 169954.24 | H3: 3699.41 | I3: 37984.383 | J3: 11587.395 | K3: 6694.08 | L3: 3595.27 | M3: 23221.967 | N3: 4744.81 | O3: 10132.26 | P3: 12105.454 | Q3: 12614.17 | R3: 4993.191 | S3: 306.069
A4: EN COURS | B4: =SUM(B5:B8) -> 0 | C4: =SUM(C5:C8) -> 261549.68 | D4: =SUM(D5:D8) -> 0 | E4: =SUM(E5:E8) -> 0 | F4: =SUM(F5:F8) -> #REF! | G4: =SUM(G5:G8) -> 0 | H4: =SUM(H5:H8) -> 0 | I4: =SUM(I5:I8) -> 0 | ... P4: =SUM(P5:P8) -> #REF! | Q4: =SUM(R5:R8) -> 0 | R4: =SUM(S5:S8) -> 0 | S4: =SUM(T5:T8) -> 0
A5: Cheque | C5: =3295.789+246131.694 -> 249427.48 | F5: =I64+M64+P64 -> #REF! | M5: =F69 -> #REF! | P5: =F68+I68 -> #REF!
A6: Escompte
A7: Espece | C7: =6555.41+5566.784 -> 12122.194
A8: Virement
A9: Previsions | B9: =B10+B11+B12+B13+B14 -> 0 | C9: =C10+C11+C12+C13+C14 -> 0 | D9: =D10+D11+D13+D14+D23+D30 -> 0 | E9: =E10+E11+E12+E13+E14 -> 0 | F9: =F14+F10+F11+F12+F13 -> 315000 | G9: =G14 -> 35709.27 | H9: =H14 -> 0 | I9: =I10+I11+I13+I14+I30+I27+I12 -> #REF! | J9: =J10+J11+J13+J14+J23+J30+J27 -> 0 | K9: =K10+K11+K13+K14+K23+K30 -> 0 | L9: =L10+L11+L13+L14+L23+L30 -> 0 | M9: =M10+M11+M13+M14+M23+M30 -> 0 | N9: =N10+N11+N13+N14+N23+N30 -> 0 | O9: =O10+O11+O13+O14+O23+O30 -> 0 | P9: =P10+P11+P13+P14+P23+P30 -> 0 | Q9: =Q10+Q11+Q13+Q14+Q23+Q30 -> 0 | R9: =R10+R11+R13+R14+R23+R30 -> 0 | S9: =S10+S11+S13+S14+S23+S30 -> 0
A10: Cheque PF | F10: =C64+B64 -> 265000 | I10: =#REF!+#REF!+#REF! -> #REF! | M10: 0 | N10: =F66+I66 -> 0 | O10: =+F67 -> 0 | P10: 0 | S10: =+O72 -> 0
A11: Espece
A12: Cheque V | F12: 50000
A13: Escompte
A14: Virement | B14: 0 | C14: 0 | D14: =SUM(D15:D21) -> 0 | E14: =SUM(E15:E30) -> 0 | F14: =SUM(F15:F30) -> 0 | G14: =SUM(G15:G31) -> 35709.27 | H14: =SUM(H15:H31) -> 0 | I14: =SUM(I15:I30) -> 0 | J14: =SUM(J15:J30) -> 0 | K14: =SUM(K15:K30) -> 0 | L14: =SUM(L15:L21) -> 0 | M14: =SUM(M15:M21) -> 0 | N14: =SUM(N15:N21) -> 0 | O14: =SUM(O15:O21) -> 0 | P14: =SUM(P15:P21) -> 0 | Q14: =SUM(Q15:Q30) -> 0 | R14: =SUM(R15:R30) -> 0 | S14: =SUM(S15:S30) -> 0
A15: Vente Devise | F15: =G65*3.112 -> 0 | H15: =F65/2.4 -> 0 | I15: =L65*2.993 -> 0
A16: Maribat
A17: El Haramaine
A18: Allemagne
A19: Med Energy
A20: SIA ITALY
A21: Errafik | G21: =EXPORT!M185+33000 -> 35709.27
A22: COTE D'IVOIRE
A23: CREDIT DE GESTION
A24: CMT
A25: RESTITUTION TVA
A26: PRIME INVESTISSEMENT
A27: Dividendes
A28: BILLET DE TRESORERIE
A29: C C A
A30: MCNE
A31: Placement
A32: CMT
A33: Depenses | B33: =B34+B49+B74 -> 0 | C33: =C34+C49+C74 -> #REF! | D33: =D34+D49+D74 -> 0 | E33: =E34+E49+E74 -> 0 | F33: =F34+F49+F74 -> #REF! | G33: =G34+G49+G74 -> 0 | H33: =H34+H49+H74 -> 0 | I33: =I34+I49+I74 -> 275782.95 | ... S33: =S34+S49+S74 -> 0
A34: Import | B34: =SUM(B35:B48) -> 0 | D34: =SUM(D35:D48) -> 0 | E34: =SUM(E35:E48) -> 0 | F34: =SUM(F35:F48) -> 0 | G34: =SUM(G35:G48) -> 0 | H34: =SUM(H35:H48) -> 0 | I34: =SUM(I35:I48) -> 0 | J34: =SUM(J35:J48) -> 0 | K34: =SUM(K35:K48) -> 0 | ... S34: =SUM(S35:S48) -> 0
A35: STCM
A36: WIRTZ
A37: Biasin
A38: Daramic
A39: HB FULLER
A40: CEMT
A41: Goonvean
A42: Accuma
A43: Akumsan
A44: COPLOSA
A45: Sovema
A46: Glatfelter
... A48: SIA ITALY
A49: Local | B49: =SUM(B50:B72) -> 0 | C49: =SUM(C50:C73) -> #REF! | D49: =SUM(D50:D70) -> 0 | E49: =SUM(E50:E73) -> 0 | F49: =SUM(F50:F72) -> #REF! | G49: =SUM(G50:G73) -> 0 | H49: =SUM(H50:H70) -> 0 | I49: =SUM(I50:I73) -> 275782.95 | J49: =SUM(J50:J72) -> 0 | K49: =SUM(K50:K70) -> 0 | L49: =SUM(L50:L70) -> 0 | M49: =SUM(M50:M71) -> #REF! | N49: =SUM(N50:N73) -> 0 | O49: =SUM(O50:O73) -> 0 | P49: =SUM(P50:P73) -> #REF! | Q49: =SUM(Q50:Q73) -> 0 | R49: =SUM(R50:R73) -> 0 | S49: =SUM(S50:S73) -> 0
A50: Recette des Finances | C50: 17450.144 | F50: 180710.13 | I50: 3281.042 | M50: 3796.504 | P50: 805.025
A51: Salaires | C51: 38821.295 | F51: =114545.929+38522.239 -> 153068.17 | I51: 13809.953 | M51: 5097.678 | P51: 4041.481
A52: CNSS
A53: Steg | F53: =#REF! -> #REF! | I53: =STA!F16 -> 14589.796
A54: Leasing
A55: Plomb local
A56: KAIS | F56: 0
A57: HAZEM
A58: SOTRAM
A59: KAMMOUN
A60: STA NOUR
A61: Traite STA
A62: STA | F62: =#REF!+#REF!+#REF!+#REF!+#REF!+#REF! -> #REF! | M62: =#REF! -> #REF! | P62: =#REF! -> #REF!
A63: Traite SNA
A64: SNA | C64: 265000 | I64: =STA!F20 -> 91083.679 | M64: =#REF!+#REF! -> #REF! | P64: =#REF!+#REF! -> #REF!
A65: VENTE DEVISE
A66: Fonderie
A67: PHENICIA
A68: N B I | F68: =#REF! -> #REF! | I68: =STA!F23 -> 60682.354
A69: TIP | F69: =#REF! -> #REF!
A70: Fournisseurs | C70: =#REF!+#REF!+#REF!+#REF!+#REF!+#REF!+#REF!+#REF! -> #REF! | F70: =#REF!+#REF!+#REF!+#REF!+#REF!+#REF!+#REF!+#REF!+#REF!+#REF!+#REF!+#REF!+#REF!+#REF!+#REF!+#REF!+#REF!+#REF!+#REF!+#REF!+#REF!+#REF!+#REF!+#REF!+#REF!+#REF!+#REF!+#REF!+#REF!+#REF!+#REF!+#REF!+#REF!+#REF! -> #REF! | I70: =STA!F14+STA!F15+STA!F17+STA!F18+STA!F19+STA!F21+STA!F22+STA!F24 -> 92336.125
A71: DIVERS ET IMPREVUE
A72: CCA
A73: Dividendes
A74: Engagement Banque | B74: =SUM(B75:B78) -> 0 | C74: =SUM(C75:C78) -> 0 | D74: =SUM(D75:D78) -> 0 | E74: =SUM(E75:E78) -> 0 | F74: =SUM(F75:F78) -> 33977.709 | G74: =SUM(G75:G78) -> 0 | H74: =SUM(H75:H78) -> 0 | I74: =SUM(I75:I78) -> 0 | ... S74: =SUM(S75:S78) -> 0
A75: CMT | F75: =+CMT!G43 -> 33977.709
A76: OBLIGATION DOUANES
A77: AGIOS
A78: CREDIT DE GESTION
A79: Solde au 31/12/2019 | B79: =B3+B4+B9-B33 -> 689.318 | C79: =C3+C4+C9-C33 -> #REF! | D79: =D3+D4+D9-D33 -> 1220.455 | E79: =E3+E4+E9-E33 -> 18350.237 | F79: =F3+F4+F9-F33 -> #REF! | G79: =G3+G4+G9-G33 -> 205663.51 | H79: =H3+H4+H9-H33 -> 3699.41 | I79: =I3+I4+I9-I33 -> #REF! | ... S79: =S3+S4+S9-S33 -> 306.069
A80: Autorisation | B80: 0 | C80: -300000 | D80: 0 | E80: 0 | F80: -2000000 | G80: 0 | H80: 0 | I80: 0 | J80: 0 | K80: 0 | L80: 0 | M80: 0 | N80: 0 | O80: 0 | P80: 0 | Q80: 0 | R80: 0 | S80: 0
C82: =C80-C79 -> #REF! | F82: =F80-F79 -> #REF! | I82: =I80-I79 -> #REF!

Sheet etranger
A1: =TODAY() -> 45668
A2: TAUX EURO/TND | C2: 43465 | D2: 3.4272
A3: TAUX USD/TND | C3: 43465 | D3: 2.9944
A4: TAUX GBP/TND | C4: 43465 | D4: 3.8309
A5: TAUX CNY/TND | C5: 43465 | D5: 0.4353
A6: S T A
A7: FOURNISSEUR | B7: MONNAIE | C7: MONT DEV. | D7: MONT DT | E7: REGLEMENT | F7: RESTE
A8: HEMPE | B8: EUR | C8: 161190 | D8: =+C8*D2 -> 552430.37 | E8: =12000+12000+12000+12000+12000+12000+12000+7000 -> 91000 | F8: =+C8-E8 -> 70190
A9: TOTAL | C9: =SUM(C8:C8) -> 161190
A12: TOTAL | C12: =SUM(C11:C11) -> 0
A15: TOTAL | C15: =SUM(C14:C14) -> 0
A18: TOTAL | C18: =SUM(C17:C17) -> 0
A20: S N A
A21: ACCUMA 16 | B21: EUR | C21: 20775.24 | D21: =+C21*$D$2 -> 71200.903 | E21: 43719 | F21: =E21+90 -> 43809
A22: ACCUMA 18 | B22: EUR | C22: 69983.59 | D22: =+C22*$D$2 -> 239847.76 | E22: 43726 | F22: =E22+90 -> 43816
A23: ACCUMA 19 | B23: EUR | C23: 38957.93 | D23: =+C23*$D$2 -> 133516.62 | E23: 43734 | F23: =E23+90 -> 43824
A24: ACCUMA 20 | B24: EUR | C24: 24659.51 | D24: =+C24*$D$2 -> 84513.073 | E24: 43741 | F24: =E24+90 -> 43831
A25: ACCUMA 21 | B25: EUR | C25: 19095.96 | D25: =+C25*$D$2 -> 65445.674 | E25: 43746 | F25: =E25+90 -> 43836
A26: ACCUMA 22 | B26: EUR | C26: 20131.1 | D26: =+C26*$D$2 -> 68993.306 | E26: 43768 | F26: =E26+90 -> 43858
A27: ACCUMA 23 | B27: EUR | C27: 38013.65 | D27: =+C27*$D$2 -> 130280.38 | E27: 43777 | F27: =E27+90 -> 43867
A28: ACCUMA 24 | B28: EUR | C28: 23066.68 | D28: =+C28*$D$2 -> 79054.126 | E28: 43782 | F28: =E28+90 -> 43872
A29: ACCUMA 25 | B29: EUR | C29: 30949.26 | D29: =+C29*$D$2 -> 106069.3 | E29: 43783 | F29: =E29+90 -> 43873
A30: ACCUMA 26 | B30: EUR | C30: 26286.31 | D30: =+C30*$D$2 -> 90088.442 | E30: 43797 | F30: =E30+90 -> 43887
A31: ACCUMA 27 | B31: EUR | C31: 47478.9 | D31: =+C31*$D$2 -> 162719.69 | E31: 43804 | F31: =E31+90 -> 43894
A33: TOTAL | C33: =SUM(C21:C32) -> 359398.13
A36: TOTAL | C36: =SUM(C35:C35) -> 0
A38: AKUMSAN | B38: EUR | C38: 16029.42 | D38: =+C38*D2 -> 54936.028 | E38: 43741 | F38: =+E38+90 -> 43831
A39: TOTAL | C39: =SUM(C38) -> 16029.42
A41: DARAMIC | B41: EUR | C41: 48091.48 | D41: =+C41*D2 -> 164819.12 | E41: 43755 | F41: =+E41+90 -> 43845
A42: TOTAL | C42: =SUM(C41) -> 48091.48
A45: TOTAL | C45: =SUM(C44:C44) -> 0
A47: SOVEMA | B47: EUR | C47: 5626.54 | D47: =+C47*D2 -> 19283.278 | E47: 43756 | F47: =+E47+30 -> 43786
A48: TOTAL | C48: =SUM(C47:C47) -> 5626.54
A51: TOTAL | C51: =SUM(C50:C50) -> 0
A54: TOTAL | C54: =SUM(C53:C53) -> 0
A59: TOTAL | C59: =SUM(C56:C58) -> 0
A61: HEMPE | B61: EUR | C61: 335000 | E61: 42898 | F61: 71000
E62: 42927 | F62: 40000
E63: 43004 | F63: 15000
E64: 43006 | F64: 16000
E65: 43020 | F65: 25000
E66: 43208 | F66: 45000
A67: HEMPE | B67: EUR | C67: =65000+9000 -> 74000 | E67: 43189 | F67: 59500
A69: HEMPE | B69: EUR | C69: =14477.06+837.73 -> 15314.79
A70: TOTAL | C70: =SUM(C61:C69) -> 424314.79
A72: HEMPE COS | B72: EUR | C72: 67500 | E72: 43074 | F72: 12000
A73: TOTAL | C73: =SUM(C72:C72) -> 67500
A76: TOTAL | C76: =SUM(C75:C75) -> 0
A79: TOTAL | C79: =SUM(C78:C78) -> 0

Sheet CMT
B2: SNA-NOUR
B3: ECHEANCIER 2019
B5: Crédit | D5: Échéance | E5: Principal | F5: Intérêt | G5: Total | H5: PP | I5: INT
B6: BTK | C6: 1488000 | D6: 43491 | E6: 106285.71 | F6: 3123.619 | G6: =SUM(E6:F6) -> 109409.33 | H6: REGLEMENT FINAL
B7: STB TH | C7: 2418000 | D7: 43491 | E7: 172714.29 | F7: 4855.19 | G7: =SUM(E7:F7) -> 177569.48 | H7: REGLEMENT FINAL
B8: STB TH | C8: 2500000 | D8: 43496 | E8: 0 | F8: 52963.889 | G8: =SUM(E8:F8) -> 52963.889
B9: STB TH | C9: 1250000 | D9: 43496 | E9: 0 | F9: 28654.167 | G9: =SUM(E9:F9) -> 28654.167
B10: Total 01/2019 | E10: =SUM(E6:E9) -> 279000 | F10: =SUM(F6:F9) -> 89596.865 | G10: =SUM(G6:G9) -> 368596.86
B11: STB TH | C11: 500000 | D11: 43555 | E11: 41666.667 | F11: 6075 | G11: =SUM(E11:F11) -> 47741.667
B12: STB TH | C12: 1150000 | D12: 43555 | E12: 95833.333 | F12: 13994.062 | G12: =SUM(E12:F12) -> 109827.4
B13: STB TH | C13: 1000000 | D13: 43555 | E13: 83333.333 | F13: 12131.25 | G13: =SUM(E13:F13) -> 95464.583
B14: STB TH | C14: 350000 | D14: 43555 | E14: 29166.667 | F14: 4291.875 | G14: =SUM(E14:F14) -> 33458.542
B15: STB TH | C15: 500000 | D15: 43555 | E15: 41666.667 | F15: 6243.75 | G15: =SUM(E15:F15) -> 47910.417
B16: Total 03/2019 | E16: =SUM(E11:E15) -> 291666.67 | F16: =SUM(F11:F15) -> 42735.938 | G16: =SUM(E16:F16) -> 334402.61
B17: STB TH | C17: 2500000 | D17: 43585 | E17: 0 | F17: 51236.806 | G17: =SUM(E17:F17) -> 51236.806
B18: STB TH | C18: 1250000 | D18: 43585 | E18: 0 | F18: 27719.792 | G18: =SUM(E18:F18) -> 27719.792
B19: Total 04/2019 | E19: =SUM(E17:E17) -> 0 | F19: =SUM(F17:F18) -> 78956.598 | G19: =SUM(E19:F19) -> 78956.598
B20: STB TH | C20: 500000 | D20: 43646 | E20: 0 | F20: 5460 | G20: =SUM(E20:F20) -> 5460
B21: STB TH | C21: 1150000 | D21: 43646 | E21: 0 | F21: 12577.38 | G21: =SUM(E21:F21) -> 12577.38
B22: STB TH | C22: 1000000 | D22: 43646 | E22: 0 | F22: 10903.148 | G22: =SUM(E22:F22) -> 10903.148
B23: STB TH | C23: 350000 | D23: 43646 | E23: 0 | F23: 3857.389 | G23: =SUM(E23:F23) -> 3857.389
B24: STB TH | C24: 500000 | D24: 43646 | E24: 0 | F24: 5611.667 | G24: =SUM(E24:F24) -> 5611.667
B25: Total 06/2019 | E25: =SUM(E20:E24) -> 0 | F25: =SUM(F20:F24) -> 38409.584 | G25: =SUM(E25:F25) -> 38409.584
B26: STB TH | C26: 2500000 | D26: 43677 | E26: 0 | F26: 52963.889 | G26: =SUM(E26:F26) -> 52963.889
B27: STB TH | C27: 1250000 | D27: 43677 | E27: 0 | F27: 28654.167 | G27: =SUM(E27:F27) -> 28654.167
B28: Total 07/2019 | E28: =SUM(E26:E27) -> 0 | F28: =SUM(F26:F27) -> 81618.056 | G28: =SUM(G26:G27) -> 81618.056
B29: STB TH | C29: 500000 | D29: 43738 | E29: 41666.667 | F29: 5520 | G29: =SUM(E29:F29) -> 47186.667
B30: STB TH | C30: 1150000 | D30: 43738 | E30: 95833.333 | F30: 12715.593 | G30: =SUM(E30:F30) -> 108548.93
B31: STB TH | C31: 1000000 | D31: 43738 | E31: 83333.333 | F31: 11022.963 | G31: =SUM(E31:F31) -> 94356.296
B32: STB TH | C32: 350000 | D32: 43738 | E32: 29166.667 | F32: 3899.778 | G32: =SUM(E32:F32) -> 33066.445
B33: STB TH | C33: 500000 | D33: 43738 | E33: 41666.667 | F33: 5673.333 | G33: =SUM(E33:F33) -> 47340
B34: Total 09/2019 | E34: =SUM(E29:E33) -> 291666.67 | F34: =SUM(F29:F33) -> 38831.667 | G34: =SUM(E34:F34) -> 330498.33
B35: STB TH | C35: 2500000 | D35: 43769 | E35: 208333.33 | F35: 52963.889 | G35: =SUM(E35:F35) -> 261297.22
B36: STB TH | C36: 1250000 | D36: 43769 | E36: 0 | F36: 28654.167 | G36: =SUM(E36:F36) -> 28654.167
B37: Total 10/2019 | E37: =SUM(E35:E35) -> 208333.33 | F37: =SUM(F35:F36) -> 81618.056 | G37: =SUM(E37:F37) -> 289951.39
B38: STB TH | C38: 500000 | D38: 43830 | E38: 0 | F38: 4830 | G38: =SUM(E38:F38) -> 4830
B39: STB TH | C39: 1150000 | D39: 43830 | E39: 0 | F39: 11126.144 | G39: =SUM(E39:F39) -> 11126.144
B40: STB TH | C40: 1000000 | D40: 43830 | E40: 0 | F40: 9645.0926 | G40: =SUM(E40:F40) -> 9645.0926
B41: STB TH | C41: 350000 | D41: 43830 | E41: 0 | F41: 3412.306 | G41: =SUM(E41:F41) -> 3412.306
B42: STB TH | C42: 500000 | D42: 43830 | E42: 0 | F42: 4964.167 | G42: =SUM(E42:F42) -> 4964.167
B43: Total 12/2019 | E43: =SUM(E38:E42) -> 0 | F43: =SUM(F38:F42) -> 33977.709 | G43: =SUM(E43:F43) -> 33977.709
B45: TOTAL 2019 | E45: =E43+E37+E34+E28+E25+E19+E16+E10 -> 1070666.7 | F45: =F43+F37+F34+F28+F25+F19+F16+F10 -> 485744.47 | G45: =G43+G37+G34+G28+G25+G19+G16+G10 -> 1556411.1

Sheet EXPORT
A2: CLIENT | B2: Facture | H2: MCNE | K2: REGLEMENT | M2: DIFFERENCE
B3: Numéro | C3: Date | D3: DEV | E3: MONTANT | F3: TND | G3: Échéance | H3: Montant | I3: DATE MEP | J3: ECHEANCE | K3: Montant | L3: Date
A4: MARIBAT | B4: EX150015 | C4: 42338 | D4: USD | E4: 185713.44 | F4: =+E4*2.0433 -> 379468.27 | G4: 42459 | H4: 305000 | J4: =+C4+90 -> 42428 | K4: =90414.1+83300*1.12825 -> 184397.33 | M4: =E4-K4 -> 1316.115
A5: EL HARAMAINE | B5: EX160002 | C5: 42389 | D5: USD | E5: 57547.5 | F5: =E5*2.0365 -> 117195.48 | G5: 42479 | K5: 57547.5 | M5: =E5-K5 -> 0
A6: MED ENERGY | B6: EX160003 | C6: 42394 | D6: USD | E6: 61973.64 | F6: =E6*2.03285 -> 125983.11 | G6: 42484 | K6: 61973.64 | M6: =E6-K6 -> 0
A7: MED ENERGY | B7: EX160004 | C7: 42422 | D7: USD | E7: 31260.71 | F7: =+E7*2.0168 -> 63046.6 | G7: =+C7+90 -> 42512 | K7: 31182.71 | M7: =E7-K7 -> 78
A8: MARIBAT | B8: EX160005 | C8: 42432 | D8: USD | E8: 97110.5 | F8: =E8*2.02425 -> 196575.93 | G8: 42567 | K8: =12997+84054 -> 97051 | M8: =E8-K8 -> 59.5
A9: MED ENERGY | B9: EX160006 | C9: 42445 | D9: USD | E9: 17500.78 | F9: =+E9*2.01395 -> 35245.696 | G9: =C9+90 -> 42535 | K9: 17437.78 | M9: =E9-K9 -> 63
A10: MARIBAT | B10: EX160007 | C10: 42461 | D10: USD | E10: 15887.8 | F10: =E10*1.98505 -> 31538.077 | G10: 42585 | K10: =2196.38+13625 -> 15821.38 | M10: =E10-K10 -> 66.42
A11: MED ENERGY | B11: EX160008 | C11: 42495 | D11: USD | E11: 13784.67 | F11: =+E11*1.98675 -> 27386.693 | G11: =+C11+90 -> 42585 | K11: 13719.17 | M11: =E11-K11 -> 65.5
A12: MED ENERGY | B12: EX160009 | C12: 42495 | D12: EUR | E12: 58790.64 | F12: =+E12*2.2687 -> 133378.32 | G12: =+C12+90 -> 42585 | K12: =46740.64+11960 -> 58700.64 | M12: =E12-K12 -> 90
A13: MARIBAT | B13: EX160010 | C13: 42506 | D13: USD | E13: 38827.5 | F13: =+E13*2.0226 -> 78532.502 | G13: 42630 | K13: =5188.54+33549.74 -> 38738.28 | M13: =E13-K13 -> 89.22
A14: MARIBAT | B14: EX160011 | C14: 42542 | D14: USD | E14: 37074 | F14: =+E14*2.14625 -> 79570.073 | G14: 42669 | K14: =13578+5163.9+18217.5 -> 36959.4 | M14: =E14-K14 -> 114.6
A15: MARIBAT | B15: EX160012 | C15: 42542 | D15: USD | E15: 3480 | F15: =+E15*2.14625 -> 7468.95 | G15: 42669 | K15: 3455 | M15: =E15-K15 -> 25
A16: ERRAFIK | B16: EX160014 | C16: 42695 | D16: EUR | E16: 284382.2 | F16: =+E16*2.42505 -> 689641.05 | G16: =+C16+60 -> 42755 | K16: =49950+100950+101950+31500 -> 284350 | M16: =E16-K16 -> 32.2
A17: ERRAFIK | B17: EX160015 | C17: 42704 | D17: EUR | E17: 187097.52 | F17: =+E17*2.42625 -> 453945.36 | G17: =+C17+60 -> 42764 | K17: =102950-31500+103950+11480 -> 186880 | M17: =E17-K17 -> 217.52
A18: MARIBAT | B18: EX170001 | C18: 42765 | D18: USD | E18: 73064.4 | F18: =+E18*2.26605 -> 165567.58 | G18: =+C18+120 -> 42885 | K18: =10173.28+62770 -> 72943.28 | M18: =+E18-K18 -> 121.12
A19: ENERTECH | B19: EX170002 | C19: 42780 | D19: EUR | E19: 17555.59 | F19: =+E19*2.4179 -> 42447.661 | G19: =+C19 -> 42780 | K19: 17555.59 | M19: =+E19-K19 -> 0
A20: MARIBAT | B20: EX170003 | C20: 42781 | D20: USD | E20: 17856 | F20: =+E20*2.272 -> 40568.832 | G20: =+C20+120 -> 42901 | K20: =2549.2+15270 -> 17819.2 | M20: =+E20-K20 -> 36.8
A21: MARIBAT | B21: EX170004 | C21: 42844 | D21: USD | E21: 35287.2 | F21: =+E21*2.31555 -> 81709.276 | G21: =+C21+120 -> 42964 | K21: =5062.04+30100 -> 35162.04 | M21: =+E21-K21 -> 125.16
A22: MARIBAT | B22: EX170005 | C22: 42864 | D22: USD | E22: 73647 | F22: =+E22*2.39905 -> 176682.84 | G22: =+C22+120 -> 42984 | K22: =10380.8+63196.5 -> 73577.3 | M22: =+E22-K22 -> 69.7
A23: MARIBAT | B23: EX170006 | C23: 42888 | D23: USD | E23: 44179.99 | F23: =+E23*2.42865 -> 107297.73 | G23: =+C23+120 -> 43008 | K23: =4855.4+39173.04 -> 44028.44 | M23: =+E23-K23 -> 151.55
A24: MARIBAT | B24: EX170007 | C24: 42928 | D24: USD | E24: 92625.75 | F24: =+E24*2.4274 -> 224839.75 | G24: =+C24+120 -> 43048 | K24: =12804.1+79661.5 -> 92465.6 | M24: =+E24-K24 -> 160.15
A25: ENERTECH | B25: EX170008 | C25: 42998 | D25: EUR | E25: 17117.85 | F25: =+E25*2.9097 -> 49807.808 | G25: =+C25+120 -> 43118 | K25: 17117.85 | M25: =+E25-K25 -> 0
A26: MARIBAT | B26: EX170009 | C26: 43054 | D26: USD | E26: 71193.6 | F26: =+E26*2.4747 -> 176182.8 | G26: =+C26+120 -> 43174 | K26: =10243.52+40535+20400 -> 71178.52 | M26: =+E26-K26 -> 15.08
A27: ENERTECH | B27: EX170010 | C27: 43073 | D27: EUR | E27: 16991.82 | F27: =+E27*2.9231 -> 49668.789 | G27: =+C27+0 -> 43073 | K27: 16991.82 | M27: =+E27-K27 -> 0
A28: MARIBAT | B28: EX170011 | C28: 43084 | D28: USD | E28: 72028.8 | F28: =+E28*2.4744 -> 178228.06 | G28: =+C28+120 -> 43204 | K28: =10364.16+61492.5 -> 71856.66 | M28: =+E28-K28 -> 172.14
A29: ENERTECH | B29: EX180002 | C29: 43182 | D29: EUR | E29: 13950.45 | F29: =+E29*2.9343 -> 40934.805 | G29: =+C29 -> 43182 | K29: 13950.45 | M29: =+E29-K29 -> 0
A30: MARIBAT | B30: EX180001 | C30: 43164 | D30: USD | E30: 35971.2 | F30: =+E30*2.38585 -> 85821.888 | G30: =+C30+120 -> 43284 | K30: =5174.34+49985-20400 -> 34759.34 | M30: =+E30-K30 -> 1211.86
A31: SIA Italie | B31: EX190001 | C31: 43500 | D31: EUR | E31: 15799.17 | F31: =+E31*3.4629 -> 54710.946 | G31: =+C31+45 -> 43545 | K31: 15738.17 | M31: =+E31-K31 -> 61
A32: SIA Italie | B32: EX190002 | C32: 43565 | D32: EUR | E32: 56490.77 | F32: =+E32*3.37945 -> 190907.73 | G32: =+C32+45 -> 43610 | K32: =15000+15000+26442.77 -> 56442.77 | M32: =+E32-K32 -> 48
A33: SIA Italie | B33: EX190003 | C33: 43584 | D33: EUR | E33: 56497.29 | F33: =E33*3.3503 -> 189282.87 | G33: =+C33+45 -> 43629 | K33: =10000+4985+41427.29 -> 56412.29 | M33: =+E33-K33 -> 85
A34: MARIBAT | B34: EX190004 | C34: 43606 | D34: EUR | E34: 44837.76 | F34: =+E34*3.33895 -> 149711.04 | G34: =+C34+60 -> 43666 | K34: 44837.76 | M34: =+E34-K34 -> 0
A37: CLIENT | B37: Facture | H37: MCNE | K37: REGLEMENT | M37: DIFFERENCE
B38: Numéro | C38: Date | D38: DEV | E38: MONTANT | F38: TND | G38: Échéance | H38: Montant | I38: DATE MEP | J38: ECHEANCE | K38: Montant | L38: Date
A39: MARIBAT | B39: FN110017 | C39: 40680 | D39: EUR | E39: 5190.95 | F39: =+E39*1.95835 -> 10165.697 | G39: =+C39+90 -> 40770 | M39: =+E39-K39 -> 5190.95
A40: MARIBAT | B40: FN150083 | C40: 42356 | D40: USD | E40: 217912.86 | F40: =E40*2.01185 -> 438407.99 | G40: 42485 | K40: =113564.6+104348.26 -> 217912.86 | M40: =E40-K40 -> 0
A41: ERRAFIK | B41: FN150084 | C41: 42359 | D41: EUR | E41: 694484.64 | F41: =E41*2.19375 -> 1523525.7 | G41: 42456 | K41: =49960-39400+88520+100950+99945+49934.5+99924.5+24900+24960+49900+29960+29982+34949.5+21960+28000 -> 694445.5 | M41: =E41-K41 -> 39.14
A42: MARIBAT | B42: FN150085 | C42: 42363 | D42: EUR | E42: 2590.8 | F42: =+E42*2.19995 -> 5699.6305 | G42: 42485 | K42: 2783.74 | M42: =E42-K42 -> -192.94
A43: MED ENERGY | B43: FN160001 | C43: 42388 | D43: EUR | E43: 70769.15 | F43: =E43*2.21425 -> 156700.59 | G43: 42478 | K43: =20719.15+24950+24950 -> 70619.15 | M43: =E43-K43 -> 150
A44: MARIBAT | B44: FN160002 | C44: 42394 | D44: USD | E44: 120772.23 | F44: =+E44*2.0293 -> 245083.09 | G44: 42522 | K44: =61633.4-K45+60440.56 -> 120729.96 | M44: =E44-K44 -> 42.27
A45: MARIBAT | B45: FN160003 | C45: 42396 | D45: USD | E45: 1344 | F45: =+E45*2.0293 -> 2727.3792 | G45: 42522 | K45: 1344 | M45: =E45-K45 -> 0
A46: ERRAFIK | B46: FN160007 | C46: 42405 | D46: EUR | E46: 354482.12 | F46: =E46*2.232 -> 791204.09 | G46: 42502 | K46: =54480+50000+100000+100000+5000+40000+5002.12 -> 354482.12 | M46: =E46-K46 -> 0
A47: MARIBAT | B47: FN160008 | C47: 42412 | D47: USD | E47: 110497.38 | F47: =E47*2.00195 -> 221210.23 | G47: 42543 | K47: =58678.54-3945.6+55714.44 -> 110447.38 | M47: =E47-K47 -> 50
A48: MED ENERGY | B48: FN160009 | C48: 42412 | D48: EUR | E48: 52613.6 | F48: =E48*2.24105 -> 117909.71 | G48: 42502 | K48: 52563.6 | M48: =E48-K48 -> 50
A49: MARIBAT | B49: FN160010 | C49: 42416 | D49: USD | E49: 3945.6 | F49: =E49*2.00195 -> 7898.8939 | G49: 42543 | K49: 3945.6 | M49: =E49-K49 -> 0
A50: MED ENERGY | B50: FN160011 | C50: 42422 | D50: EUR | E50: 36924.26 | F50: =+E50*2.2214 -> 82023.551 | G50: =+C50+90 -> 42512 | K50: 36874.26 | M50: =E50-K50 -> 50
A51: EL HARAMAINE | B51: FN160012 | C51: 42423 | D51: USD | E51: 58754.1 | F51: =+E51*2.01295 -> 118269.07 | G51: =+C51+90 -> 42513 | K51: 58754.1 | M51: =E51-K51 -> 0
A52: ERRAFIK | B52: FN160016 | C52: 42436 | D52: EUR | E52: 346818.74 | F52: =+E52*2.2428 -> 777845.07 | G52: =+C52+90 -> 42526 | H52: 620000 | J52: 42521 | K52: =79900-5002.12+25000+25000+25000+15000+80000+40000+31840+9950+20000 -> 346687.88 | M52: =E52-K52 -> 130.86
A53: MED ENERGY | B53: FN160017 | C53: 42445 | D53: EUR | E53: 56915.18 | F53: =+E53*2.2342 -> 127159.9 | G53: =+C53+90 -> 42535 | K53: =20865.18+36000 -> 56865.18 | M53: =E53-K53 -> 50
A54: MED ENERGY | B54: FN160018 | C54: 42460 | D54: EUR | E54: 55894.19 | F54: =E54*2.25995 -> 126318.07 | G54: =+C54+90 -> 42550 | K54: =46844.19-36000+22950+21950 -> 55744.19 | M54: =E54-K54 -> 150
A55: MARIBAT | B55: FN160022 | C55: 42461 | D55: USD | E55: 124293.26 | F55: =E55*1.98505 -> 246728.34 | G55: 42585 | K55: =60173.9+64059.36 -> 124233.26 | M55: =E55-K55 -> 60
A56: MED ENERGY | B56: FN160023 | C56: 42471 | D56: EUR | E56: 71366.58 | F56: =E56*2.2645 -> 161609.62 | G56: =+C56+90 -> 42561 | K56: 71316.58 | M56: =E56-K56 -> 50
A57: MARIBAT | B57: FN160025 | C57: 42480 | D57: USD | E57: 3720 | F57: =+E57*1.99715 -> 7429.398 | G57: 42603 | K57: 3662 | M57: =E57-K57 -> 58
A58: EL HARAMAINE | B58: FN160026 | C58: 42480 | D58: USD | E58: 59734.6 | F58: =+E58*1.99715 -> 119298.96 | G58: 42580 | K58: 59734.6 | M58: =E58-K58 -> 0
A59: MARIBAT | B59: FN160027 | C59: 42485 | D59: USD | E59: 190231.2 | F59: =+E59*1.99715 -> 379920.24 | G59: 42603 | H59: 305000 | J59: 42607 | K59: =163674-64059.36+90538.6 -> 190153.24 | M59: =E59-K59 -> 77.96
A60: EL HARAMAINE | B60: FN160031 | C60: 42503 | D60: USD | E60: 60309.6 | F60: =E60*2.02365 -> 122045.52 | G60: 42601 | K60: 60309.6 | M60: =E60-K60 -> 0
A61: MARIBAT | B61: FN160032 | C61: 42513 | D61: USD | E61: 243352.73 | F61: =E61*2.02365 -> 492460.75 | G61: 42630 | H61: 395000 | J61: 42638 | K61: =123502.1-2842.8+122644.67 -> 243303.97 | M61: =E61-K61 -> 48.76
A62: MARIBAT | B62: FN160033 | C62: 42506 | D62: USD | E62: 2902.8 | F62: =+E62*2.02365 -> 5874.2512 | G62: 42630 | K62: =2902.8-60 -> 2842.8 | M62: =E62-K62 -> 60
A63: MED ENERGY | B63: FN160034 | C63: 42515 | D63: EUR | E63: 58025.49 | F63: =E63*2.28935 -> 132840.66 | G63: =+C63+90 -> 42605 | K63: =12985.49+10960+11019+20163.57+2850 -> 57978.06 | M63: =E63-K63 -> 47.43
A64: MARIBAT | B64: FN160038 | C64: 42522 | D64: USD | E64: 181444.41 | F64: =+E64*2.0914 -> 379472.84 | G64: 42647 | K64: =90963.81+91051.3-637.2 -> 181377.91 | M64: =E64-K64 -> 66.5
A65: MARIBAT | B65: FN160039 | C65: 42522 | D65: USD | E65: 637.2 | F65: =+E65*2.0914 -> 1332.6401 | G65: 42647 | K65: 637.2 | M65: =E65-K65 -> 0
A66: MED ENERGY | B66: FN160040 | C66: 42523 | D66: USD | E66: 32695.26 | F66: =+E66*2.1062 -> 68862.757 | G66: =+C66+90 -> 42613 | K66: 32614.76 | M66: =E66-K66 -> 80.5
A67: MED ENERGY | B67: FN160041 | C67: 42527 | D67: EUR | E67: 33241.94 | F67: =+E67*2.34895 -> 78083.655 | G67: =+C67+90 -> 42617 | K67: =813.45+12225+20000 -> 33038.45 | M67: =E67-K67 -> 203.49
A68: ERRAFIK | B68: FN160042 | C68: 42528 | D68: EUR | E68: 249442.34 | F68: =+E68*2.3642 -> 589731.58 | G68: =+C68+90 -> 42618 | K68: =60000+39960+39950+25000+10000+25000+49500 -> 249410 | M68: =E68-K68 -> 32.34
A69: ERRAFIK | B69: FN160045 | C69: 42552 | D69: EUR | E69: 247327.72 | F69: =+E69*2.43635 -> 602576.89 | G69: =+C69+90 -> 42642 | H69: 485000 | J69: 42648 | K69: =64922.5-49500+85000+59957+79548.68+7399.54 -> 247327.72 | M69: =E69-K69 -> 0
A70: MARIBAT | B70: FN160046 | C70: 42565 | D70: USD | E70: 182006.54 | F70: =E70*2.20895 -> 402043.35 | G70: 42698 | H70: 320000 | J70: 42689 | K70: =72601.19+90445.6+18809.75 -> 181856.54 | M70: =E70-K70 -> 150
A71: MED ENERGY | B71: FN160050 | C71: 42583 | D71: EUR | E71: 47822.32 | F71: =+E71*2.45605 -> 117454.01 | G71: =+C71+90 -> 42673 | K71: =10994.42+15629.1+21150 -> 47773.52 | M71: =E71-K71 -> 48.8
A72: ERRAFIK | B72: FN160051 | C72: 42585 | D72: EUR | E72: 256710.4 | F72: =+E72*2.45645 -> 630596.26 | G72: =+C72+90 -> 42675 | K72: =39965-7399.54+99975+99955+24214.94 -> 256710.4 | M72: =E72-K72 -> 0
A73: EL HARAMAINE | B73: FN160052 | C73: 42594 | D73: USD | E73: 61609.6 | F73: =+E73*2.20485 -> 135839.93 | G73: 42692 | K73: 61609.6 | M73: =E73-K73 -> 0
A74: MARIBAT | B74: FN160053 | C74: 42599 | D74: USD | E74: 201518.23 | F74: =E74*2.18885 -> 441093.18 | G74: 42722 | K74: =90429.6+110873.72 -> 201303.32 | M74: =E74-K74 -> 214.91
A75: ERRAFIK | B75: FN160054 | C75: 42599 | D75: EUR | E75: 176779.1 | F75: =E75*2.4649 -> 435742.8 | G75: =+C75+90 -> 42689 | K75: =50000-24214.94+59950+24965+66079.04 -> 176779.1 | M75: =E75-K75 -> 0
A76: ERRAFIK | B76: FN160055 | C76: 42606 | D76: EUR | E76: 182078.8 | F76: =+E76*2.4651 -> 448842.45 | G76: =+C76+90 -> 42696 | K76: =86970-66079.04+44970+99975+16242.84 -> 182078.8 | M76: =E76-K76 -> 0
A77: MARIBAT | B77: FN160058 | C77: 42619 | D77: USD | E77: 201819.58 | F77: =+E77*2.19925 -> 443851.71 | G77: =+C77+120 -> 42739 | K77: =90445.6+111210.5 -> 201656.1 | M77: =E77-K77 -> 163.48
A78: ERRAFIK | B78: FN160059 | C78: 42619 | D78: EUR | E78: 93763.1 | F78: =+E78*2.45675 -> 230352.5 | G78: =+C78+90 -> 42709 | K78: =49970-16242.84+60035.94 -> 93763.1 | M78: =E78-K78 -> 0
A79: ERRAFIK | B79: FN160060 | C79: 42634 | D79: TND | E79: 490473.73 | F79: =+E79 -> 490473.73 | G79: =+C79+90 -> 42724 | H79: 390000 | J79: 42719 | K79: 483301.4 | M79: =E79-K79 -> 7172.329
A80: MARIBAT | B80: FN160065 | C80: 42646 | D80: USD | E80: 206062.8 | F80: =+E80*2.1936 -> 452019.36 | G80: =+C80+120 -> 42766 | K80: =90445.6+62781.5+52565.5 -> 205792.6 | M80: =E80-K80 -> 270.2
A81: ERRAFIK | B81: FN160066 | C81: 42647 | D81: EUR | E81: 90619.2 | F81: =+E81*2.4659 -> 223457.89 | G81: =+C81+90 -> 42737 | K81: =99832.71-60035.94+50800 -> 90596.77 | M81: =E81-K81 -> 22.43
A82: MARIBAT | B82: FN160067 | C82: 42661 | D82: USD | E82: 137375.2 | F82: =E82*2.23355 -> 306834.38 | G82: =+C82+120 -> 42781 | K82: =60289.4+76922.5 -> 137211.9 | M82: =E82-K82 -> 163.3
A83: ERRAFIK | B83: FN160068 | C83: 42667 | D83: EUR | E83: 275267.22 | F83: =E83*2.4408 -> 671872.23 | G83: =+C83+90 -> 42757 | K83: =86880.37-50800+49880.54+99832.65+50000+39400 -> 275193.56 | M83: =E83-K83 -> 73.66
A84: ERRAFIK | B84: FN160069 | C84: 42674 | D84: EUR | E84: 267067.85 | F84: =E84*2.45085 -> 654543.24 | G84: =C84+90 -> 42764 | K84: =11960+49900+24900+89900+79950+10400 -> 267010 | M84: =E84-K84 -> 57.85
A85: EL HARAMAINE | B85: FN160072 | C85: 42682 | D85: USD | E85: 61851.2 | F85: =+E85*2.22055 -> 137343.68 | G85: =+C85+90 -> 42772 | K85: 61851.2 | M85: =E85-K85 -> 0
A86: MED ENERGY | B86: FN160075 | C86: 42688 | D86: EUR | E86: 63212.1 | F86: =+E86*2.43455 -> 153893.02 | G86: =+C86+60 -> 42748 | K86: 63200 | M86: =E86-K86 -> 12.1
A87: MARIBAT | B87: FN160076 | C87: 42695 | D87: USD | E87: 218812.7 | F87: =+E87*2.2844 -> 499855.73 | G87: =+C87+120 -> 42815 | H87: 400000 | J87: 42819 | K87: =90505.8+128142.5 -> 218648.3 | M87: =E87-K87 -> 164.4
A88: EL HARAMAINE | B88: FN160077 | C88: 42703 | D88: USD | E88: 60082 | F88: =+E88*2.2879 -> 137461.61 | G88: =+C88+90 -> 42793 | M88: =E88-K88 -> 60082
A89: ERRAFIK | B89: FN160082 | C89: 42714 | D89: EUR | E89: 189405.85 | F89: =+E89*2.42685 -> 459659.59 | G89: =+C89+90 -> 42804 | K89: =11585+24960+59900+21930+14930+27960+28100 -> 189365 | M89: =E89-K89 -> 40.85
A90: ERRAFIK | B90: FN160084 | C90: 42731 | D90: EUR | E90: 288116.08 | F90: =+E90*2.41755 -> 696535.03 | G90: =+C90+60 -> 42791 | K90: =31982-28100+27930+26000+14982+21955+40955+45000+51000+39900+16500 -> 288104 | M90: =E90-K90 -> 12.08
A91: MARIBAT | B91: FN160090 | C91: 42733 | D91: USD | E91: 145787.49 | F91: =+E91*2.31175 -> 337024.23 | G91: =+C91+120 -> 42853 | K91: =60280.4+85392 -> 145672.4 | M91: =E91-K91 -> 115.09
A92: ERRAFIK | B92: FN170001 | C92: 42753 | D92: EUR | E92: 288576.96 | F92: =+E92*2.42535 -> 699900.13 | G92: =+C92+60 -> 42813 | K92: =34000-16500+40000+35000+50500+10000+74500+54500+6500 -> 288500 | M92: =E92-K92 -> 76.96
A93: ERRAFIK | B93: FN170006 | C93: 42772 | D93: EUR | E93: 90850.1 | F93: =+E93*2.4309 -> 220847.51 | G93: =+C93+60 -> 42832 | K93: =24600-6500+72500 -> 90600 | M93: =E93-K93 -> 250.1
A94: MARIBAT | B94: FN170007 | C94: 42786 | D94: USD | E94: 152438.77 | F94: =+E94*2.2847 -> 348276.86 | G94: =+C94+120 -> 42906 | K94: =60270.4+91998.5 -> 152268.9 | M94: =E94-K94 -> 169.87
A95: ERRAFIK | B95: FN170008 | C95: 42786 | D95: EUR | E95: 103380.36 | F95: =+E95*2.41935 -> 250113.27 | G95: =+C95+60 -> 42846 | K95: =44000+59200 -> 103200 | M95: =E95-K95 -> 180.36
A96: MARIBAT | B96: FN170013 | C96: 42827 | D96: USD | E96: 153807 | F96: =+E96*2.25845 -> 347365.42 | G96: =+C96+120 -> 42947 | K96: =60269.4+93352.5 -> 153621.9 | M96: =E96-K96 -> 185.1
A97: ERRAFIK | B97: FN170014 | C97: 42823 | D97: EUR | E97: 294951.15 | F97: =+E97*2.42915 -> 716480.59 | G97: =+C97+60 -> 42883 | K97: =250000+44800 -> 294800 | M97: =E97-K97 -> 151.15
A98: MED ENERGY | B98: FN170017 | C98: 42849 | D98: EUR | E98: 34976.02 | F98: =+E98*2.48185 -> 86805.235 | G98: =+C98+60 -> 42909 | K98: =15600+9960+9266.92 -> 34826.92 | M98: =E98-K98 -> 149.1
A99: ERRAFIK | B99: FN170020 | C99: 42863 | D99: EUR | E99: 184309.16 | F99: =+E99*2.6311 -> 484935.83 | G99: =+C99+60 -> 42923 | K99: =36000+15000+95000+4000+34200 -> 184200 | M99: =E99-K99 -> 109.16
A100: ERRAFIK | B100: FN170024 | C100: 42898 | D100: EUR | E100: 295149.58 | F100: =+E100*2.74135 -> 809108.3 | G100: =+C100+60 -> 42958 | K100: =70000-34200+86000+111000+62300 -> 295100 | M100: =E100-K100 -> 49.58
A101: MED ENERGY | B101: FN170025 | C101: 42906 | D101: EUR | E101: 52992.7 | F101: =+E101*2.7377 -> 145078.11 | G101: =+C101+60 -> 42966 | M101: =E101-K101 -> 52992.7
A102: ERRAFIK | B102: FN170027 | C102: 42933 | D102: EUR | E102: 286403.79 | F102: =+E102*2.7746 -> 794655.96 | G102: =+C102+60 -> 42993 | K102: =180000+47200+7500+51650 -> 286350 | M102: =E102-K102 -> 53.79
A103: ERRAFIK | B103: FN170030 | C103: 42963 | D103: EUR | E103: 94511.3 | F103: =+E103*2.80685 -> 265279.04 | G103: =+C103+60 -> 43023 | K103: =125000-51650+21100 -> 94450 | M103: =E103-K103 -> 61.3
...

Sheet PLOMB LOCAL
A1: SITUATION KAIS 06/02/2019
A3: TOTAL CRASSE | C3: KG | D3: =404820++D13+D14+D15 -> 491440 | F3: =582489+F13+F14+F15 -> 708088 | G3: =110672.91++G13+G14+G15 -> 134536.72 | H3: =+F3+G3 -> 842624.72
A4: TOTAL DECHET BATTERIE | C4: KG | D4: =564700+D16+D17+D18 -> 688560 | F4: =936092+F16+F17+F18 -> 1156979 | G4: =177857.48+G16+G17+G18 -> 219826.01 | H4: =+F4+G4 -> 1376805
A5: TOTAL ETAIN | C5: KG | D5: =30689+D19+D20 -> 38647 | F5: =1012737+F19+F20 -> 1275351 | G5: =192420.03+G19+G20 -> 242316.69 | H5: =+F5+G5 -> 1517667.7
A6: TOTAL ALIMINIUM | C6: KG | D6: 1109 | F6: 3327 | G6: 632.13 | H6: =+F6+G6 -> 3959.13
A7: TOTAL VIEUX PLOMB | C7: KG | D7: =396546-28416-50505+Feuil3!K3+Feuil3!K26+D41+D42+D43+D44+D45+D46+D47+D48+D49+D50+D51+D52+D53+D54+D55+D56+D57+D58+D59+D60+D61+D62+D63 -> 475797.4 | F7: =1390639.9+Feuil3!M3+Feuil3!M26+F41+F42+F43+F44+F45+F46+F47+F48+F49+F50+F51+F52+F53+F54+F55+F56+F57+F58+F59+F60+F61+F62+F63 -> 2093038.1 | G7: =264221.581++G21+G22+G23+G24+G25+G26+G27+G28+G29+G30+G31+G32+G33+G34+G35+G36+G37+G38+G39+G40+G41+G42+G43+G44+G45+G46+G47+G48+G49+G50+G51+G52+G53+G54+G55+G56+G57+G58+G59+G60+G61+G62+G63 -> 397677.24 | H7: =+F7+G7 -> 2490715.3
A8: TOTAL | F8: =SUM(F3:F7) -> 5236783.1 | G8: =SUM(G3:G7) -> 994988.79 | H8: =SUM(H3:H7) -> 6231771.9
A9: REGLEMENT RECU | H9: =4250509.889+100000+104471.601+200000+200000+200000+100000+200000+200000+280000 -> 5834981.5
A10: RESTE A PAYER | H10: =+H8-H9 -> 396790.4
A12: QUANTITE NON FACTURE
A13: 43433 | B13: CRASSE | C13: KG | D13: 27880 | E13: 1.45 | F13: =+D13*E13 -> 40426 | G13: =+F13*0.19 -> 7680.94 | H13: =+F13+G13 -> 48106.94
A14: 43482 | B14: CRASSE | C14: KG | D14: 31720 | E14: 1.45 | F14: =+D14*E14 -> 45994 | G14: =+F14*0.19 -> 8738.86 | H14: =+F14+G14 -> 54732.86
A15: 43524 | B15: CRASSE | C15: KG | D15: 27020 | E15: 1.45 | F15: =+D15*E15 -> 39179 | G15: =+F15*0.19 -> 7444.01 | H15: =+F15+G15 -> 46623.01
A16: 43418 | B16: DECHET BATTERIE | C16: KG | D16: 41220 | E16: 1.75 | F16: =+D16*E16 -> 72135 | G16: =+F16*0.19 -> 13705.65 | H16: =+F16+G16 -> 85840.65
A17: 43468 | B17: DECHET BATTERIE | C17: KG | D17: 40420 | E17: 1.8 | F17: =+D17*E17 -> 72756 | G17: =+F17*0.19 -> 13823.64 | H17: =+F17+G17 -> 86579.64
A18: 43483 | B18: DECHET BATTERIE | C18: KG | D18: 42220 | E18: 1.8 | F18: =+D18*E18 -> 75996 | G18: =+F18*0.19 -> 14439.24 | H18: =+F18+G18 -> 90435.24
A19: 43420 | B19: ETAIN | C19: KG | D19: 2857 | E19: 33 | F19: =+D19*E19 -> 94281 | G19: =+F19*0.19 -> 17913.39 | H19: =+F19+G19 -> 112194.39
A20: 43459 | B20: ETAIN | C20: KG | D20: 5101 | E20: 33 | F20: =+D20*E20 -> 168333 | G20: =+F20*0.19 -> 31983.27 | H20: =+F20+G20 -> 200316.27
A21: 43405 | B21: PLOMB | C21: KG | D21: 11270 | E21: 4.3 | F21: =+D21*E21 -> 48461 | G21: =+F21*0.19 -> 9207.59 | H21: =+F21+G21 -> 57668.59
A22: 43409 | B22: PLOMB | C22: KG | D22: 6205 | E22: 4.3 | F22: =+D22*E22 -> 26681.5 | G22: =+F22*0.19 -> 5069.485 | H22: =+F22+G22 -> 31750.985
A23: 43412 | B23: PLOMB | C23: KG | D23: 1414 | E23: 4.3 | F23: =+D23*E23 -> 6080.2 | G23: =+F23*0.19 -> 1155.238 | H23: =+F23+G23 -> 7235.438
A24: 43416 | B24: PLOMB | C24: KG | D24: 1454 | E24: 4.3 | F24: =+D24*E24 -> 6252.2 | G24: =+F24*0.19 -> 1187.918 | H24: =+F24+G24 -> 7440.118
... A30: 43431 | B30: PLOMB | C30: KG | D30: 2297 | E30: 4.3 | F30: =+D30*E30 -> 9877.1 | G30: =+F30*0.19 -> 1876.649 | H30: =+F30+G30 -> 11753.749
A31: 43432 | B31: PLOMB | C31: KG | D31: =2255+2296 -> 4551 | E31: 4.3 | F31: =+D31*E31 -> 19569.3 | G31: =+F31*0.19 -> 3718.167 | H31: =+F31+G31 -> 23287.467
A32: 43433 | B32: PLOMB | C32: KG | D32: 1678 | E32: 4.3 | F32: =+D32*E32 -> 7215.4 | G32: =+F32*0.19 -> 1370.926 | H32: =+F32+G32 -> 8586.326
A33: 43435 | B33: PLOMB | C33: KG | D33: 1996 | E33: 4.3 | F33: =+D33*E33 -> 8582.8 | G33: =+F33*0.19 -> 1630.732 | H33: =+F33+G33 -> 10213.532
A34: 43437 | B34: PLOMB | C34: KG | D34: =4417+3827 -> 8244 | E34: 4.3 | F34: =+D34*E34 -> 35449.2 | G34: =+F34*0.19 -> 6735.348 | H34: =+F34+G34 -> 42184.548
A35: 43438 | B35: PLOMB | C35: KG | D35: 2291 | E35: 4.3 | F35: =+D35*E35 -> 9851.3 | G35: =+F35*0.19 -> 1871.747 | H35: =+F35+G35 -> 11723.047
A36: 43439 | B36: PLOMB | C36: KG | D36: 2225 | E36: 4.3 | F36: =+D36*E36 -> 9567.5 | G36: =+F36*0.19 -> 1817.825 | H36: =+F36+G36 -> 11385.325
A37: 43440 | B37: PLOMB | C37: KG | D37: 1674 | E37: 4.3 | F37: =+D37*E37 -> 7198.2 | G37: =+F37*0.19 -> 1367.658 | H37: =+F37+G37 -> 8565.858
A38: 43441 | B38: PLOMB | C38: KG | D38: 2525 | E38: 4.3 | F38: =+D38*E38 -> 10857.5 | G38: =+F38*0.19 -> 2062.925 | H38: =+F38+G38 -> 12920.425
A39: 43442 | B39: PLOMB | C39: KG | D39: 2020 | E39: 4.3 | F39: =+D39*E39 -> 8686 | G39: =+F39*0.19 -> 1650.34 | H39: =+F39+G39 -> 10336.34
A40: 43444 | B40: PLOMB | C40: KG | D40: =3461+3980 -> 7441 | E40: 4.3 | F40: =+D40*E40 -> 31996.3 | G40: =+F40*0.19 -> 6079.297 | H40: =+F40+G40 -> 38075.597
A41: 43445 | B41: PLOMB | C41: KG | D41: 4491 | E41: 4.3 | F41: =+D41*E41 -> 19311.3 | G41: =+F41*0.19 -> 3669.147 | H41: =+F41+G41 -> 22980.447
A42: 43446 | B42: PLOMB | C42: KG | D42: 1455 | E42: 4.3 | F42: =+D42*E42 -> 6256.5 | G42: =+F42*0.19 -> 1188.735 | H42: =+F42+G42 -> 7445.235
A43: 43447 | B43: PLOMB | C43: KG | D43: 2674 | E43: 4.3 | F43: =+D43*E43 -> 11498.2 | G43: =+F43*0.19 -> 2184.658 | H43: =+F43+G43 -> 13682.858
A44: 43454 | B44: PLOMB | C44: KG | D44: 4790 | E44: 4.3 | F44: =+D44*E44 -> 20597 | G44: =+F44*0.19 -> 3913.43 | H44: =+F44+G44 -> 24510.43
A45: 43458 | B45: PLOMB | C45: KG | D45: 3685 | E45: 4.3 | F45: =+D45*E45 -> 15845.5 | G45: =+F45*0.19 -> 3010.645 | H45: =+F45+G45 -> 18856.145
A46: 43459 | B46: PLOMB | C46: KG | D46: 3731 | E46: 4.3 | F46: =+D46*E46 -> 16043.3 | G46: =+F46*0.19 -> 3048.227 | H46: =+F46+G46 -> 19091.527
A47: 43460 | B47: PLOMB | C47: KG | D47: 2184 | E47: 4.3 | F47: =+D47*E47 -> 9391.2 | G47: =+F47*0.19 -> 1784.328 | H47: =+F47+G47 -> 11175.528
A48: 43467 | B48: PLOMB | C48: KG | D48: 3938 | E48: 4.3 | F48: =+D48*E48 -> 16933.4 | G48: =+F48*0.19 -> 3217.346 | H48: =+F48+G48 -> 20150.746
A49: 43472 | B49: PLOMB | C49: KG | D49: 6181 | E49: 4.3 | F49: =+D49*E49 -> 26578.3 | G49: =+F49*0.19 -> 5049.877 | H49: =+F49+G49 -> 31628.177
A50: 43473 | B50: PLOMB | C50: KG | D50: 1347 | E50: 4.3 | F50: =+D50*E50 -> 5792.1 | G50: =+F50*0.19 -> 1100.499 | H50: =+F50+G50 -> 6892.599
A51: 43476 | B51: PLOMB | C51: KG | D51: 1854 | E51: 4.3 | F51: =+D51*E51 -> 7972.2 | G51: =+F51*0.19 -> 1514.718 | H51: =+F51+G51 -> 9486.918
A52: 43480 | B52: PLOMB | C52: KG | D52: 7782 | E52: 4.3 | F52: =+D52*E52 -> 33462.6 | G52: =+F52*0.19 -> 6357.894 | H52: =+F52+G52 -> 39820.494
... A63: 43524 | B63: PLOMB | C63: KG | D63: 9087 | E63: 4.5 | F63: =+D63*E63 -> 40891.5 | G63: =+F63*0.19 -> 7769.385 | H63: =+F63+G63 -> 48660.885
H67: =+H14+H17++H18+H20+H41+H42+H43+H44+H45+H46+H47+H48+H49+H50+H51+H52+H53+H54+H55+H56+H57 -> 722150.19
A69: SITUATION HAZEM 06/02/2019
A71: TOTAL CRASSE | C71: KG | D71: 0 | F71: 0 | G71: 0 | H71: 0
A72: TOTAL DECHET BATTERIE | C72: KG | D72: =1646713+D79 -> 1683713 | F72: =3092650.6+F79 -> 3159250.6 | G72: =587603.614+G79 -> 600257.61 | H72: =+F72+G72 -> 3759508.2
A73: TOTAL ETAIN | C73: KG | D73: 531 | F73: 16992 | G73: 3228.48 | H73: 20221.08
A74: TOTAL VIEUX PLOMB | C74: KG | D74: =47612+D80+D81 -> 98932 | F74: =201670.8+F80+F81 -> 442874.8 | G74: =38317.452+G80+G81 -> 84146.212 | H74: =G74+F74 -> 527021.01
A75: TOTAL | F75: =SUM(F71:F74) -> 3619117.4 | G75: =SUM(G71:G74) -> 687632.31 | H75: =SUM(H71:H74) -> 4306750.3
A76: REGLEMENT RECU | H76: =3940467.146+79254.6+131324.24 -> 4151046
A77: RESTE A PAYER | H77: =+H75-H76 -> 155704.32
A79: 43500 | B79: DECHT PLAQUES | C79: KG | D79: 37000 | E79: 1.8 | F79: =+D79*E79 -> 66600 | G79: =+F79*0.19 -> 12654 | H79: =+F79+G79+0.6 -> 79254.6
A80: 43498 | B80: PLOMB | C80: KG | D80: 23480 | E80: 4.7 | F80: =+D80*E80 -> 110356 | G80: =+F80*0.19 -> 20967.64 | H80: =+F80+G80+0.6 -> 131324.24
A81: 43500 | B81: PLOMB | C81: KG | D81: 27840 | E81: 4.7 | F81: =+D81*E81 -> 130848 | G81: =+F81*0.19 -> 24861.12 | H81: =+F81+G81+0.6 -> 155709.72
A85: SITUATION SOTRAM 06/02/2019
A87: TOTAL CRASSE | C87: KG | D87: 0 | F87: 0 | G87: 0 | H87: 0
A88: TOTAL DECHET BATTERIE | C88: KG | D88: =854760+D95 -> 889280 | F88: =1431022+F95 -> 1493158 | G88: =273140.202+G95 -> 285064.1 | H88: =1714500.438+H95 -> 1789182.3
A89: TOTAL ETAIN | C89: KG | D89: 0 | F89: 0 | G89: 0 | H89: 0
A90: TOTAL VIEUX PLOMB | C90: KG | D90: 0 | F90: 0 | G90: 0 | H90: 0
A91: TOTAL | F91: =SUM(F87:F90) -> 1493158 | G91: =SUM(G87:G90) -> 285064.1 | H91: =SUM(H87:H90) -> 1789182.3
A92: REGLEMENT RECU | H92: =1714500.438+74681.858 -> 1789182.3
A93: RESTE A PAYER | H93: =+H91-H92 -> 0.00040000002
A95: 43500 | B95: DECHET BATTERIE | C95: kg | D95: 34520 | E95: 1.8 | F95: =D95*E95 -> 62136 | G95: =F95*1.01*0.19 -> 11923.898 | H95: =F95*1.01+G95+0.6 -> 74681.858
A99: SITUATION KAMMOUN 06/02/2019
A101: TOTAL CRASSE | C101: KG | D101: 0 | F101: 0 | G101: 0 | H101: 0
A102: TOTAL DECHET BATTERIE | C102: KG | D102: =854760+D109 -> 889280 | F102: =1431022+F109 -> 1493158 | G102: =273140.202+G109 -> 285064.1 | H102: =1714500.438+H109 -> 1789182.3
A103: TOTAL ETAIN | C103: KG | D103: 0 | F103: 0 | G103: 0 | H103: 0
A104: TOTAL VIEUX PLOMB | C104: KG | D104: 0 | F104: 0 | G104: 0 | H104: 0
A105: TOTAL | F105: =SUM(F101:F104) -> 1493158 | G105: =SUM(G101:G104) -> 285064.1 | H105: =SUM(H101:H104) -> 1789182.3
A106: REGLEMENT RECU | H106: =1714500.438+74681.858 -> 1789182.3
A107: RESTE A PAYER | H107: =+H105-H106 -> 0.00040000002
A109: 43500 | B109: DECHET BATTERIE | C109: kg | D109: 34520 | E109: 1.8 | F109: =D109*E109 -> 62136 | G109: =F109*1.01*0.19 -> 11923.898 | H109: =F109*1.01+G109+0.6 -> 74681.858

Sheet CT
A1: Adr fact | B1: Nom | C1: Echeance | D1: Montant
A2: 8R09006 | B2: GHARBI JALEL BEN BRAHIM | C2: 43830 | D2: 4000
A3: 8R09023 | B3: SOUADI ABDELKADER | C3: 43830 | D3: 5000
A4: 6r23165 | B4: NASRALLAH BELGACEM B.HOUCH | C4: 43830 | D4: 2946.421
A5: 7R17011 | B5: MOHAMED NACEUR ABDELLI | C5: 43830 | D5: 1769
A6: 7R20002 | B6: HAROUNI HAFSIA BT MOHAMED | C6: 43830 | D6: 2000
A7: 8R10052 | B7: STE MAIS | C7: 43830 | D7: 1033.9
A8: 6r23153 | B8: BOUCHADDAKH KHALED | C8: 43830 | D8: 3953.925
A9: 7R16078 | B9: STE GENERALE AGRICOLE | C9: 43830 | D9: 4589.835
A10: 8R08026 | B10: RIDHA BEN ALI MENSI | C10: 43830 | D10: 7557.648
A11: 6R23146 | B11: ZAMMOURIA FATMA EPS MANSOURI | C11: 43830 | D11: 939.034
A12: 6R23143 | B12: HAOUARI CHOKRI | C12: 43830 | D12: 9847.882
A13: 6R23151 | B13: STE M W AUTO'S | C13: 43830 | D13: 1325.246
... A104: 4R15035 | B104: STE YASSINE PETROLIUM | C104: 43830 | D104: 293.4
A105: TOTAL 12/2019 | D105: =SUM(D2:D104) -> 267687.94
A106: 1R02270 | B106: STE TAHRI STATION SERVICES | C106: 43831 | D106: 484.954
A107: 1r06020 | B107: STE MED ALI DE PIECES DE | C107: 43831 | D107: 825
A108: 1r03109 | B108: STE CYRINE DRIME CAR | C108: 43831 | D108: 150
A109: 3R18234 | B109: STE CDTPR | C109: 43831 | D109: 2310.015
A110: 4R12227 | B110: HAKIM BEN SADOK KHEMIS | C110: 43831 | D110: 3000
A111: 6R21178 | B111: STE B.ABDESSALEM PIECES AUTO | C111: 43832 | D111: 2500
A112: 6R21179 | B112: BAHRI GNAOUI | C112: 43832 | D112: 1500
A113: 7R20002 | B113: HAROUNI HAFSIA BT MOHAMED | C113: 43832 | D113: 2241.861
A114: 7R17060 | B114: MHAMDI ELBAHI BEN TAHAR | C114: 43832 | D114: 3400.857
A115: 1R01567 | B115: STE AVENIR AUTO | C115: 43832 | D115: 1755.25
A116: 4R13115 | B116: SOCIETE WORLD PARTS | C116: 43832 | D116: 1500
A117: 4R12214 | B117: LIMEME FATHI BEN KHLIFA | C117: 43832 | D117: 800
... A632: 4R13139 | B632: STE CARTAGE AUTO | C632: 43861 | D632: 10000
A633: TOTAL 01/2020 | D633: =SUM(D106:D632) -> 1351762.6
A634: 7R22039 | B634: STE AL BARAKA EQUIP.GENERALE | C634: 43862 | D634: 8001.951
A635: 7R20002 | B635: HAROUNI HAFSIA BT MOHAMED | C635: 43862 | D635: 3000
A636: 1r01584 | B636: NABLI AUTO | C636: 43862 | D636: 1147.921
A637: 1r05195 | B637: STE MDIALE PCE AUTOMOBILES | C637: 43863 | D637: 1750
A638: 1r06136 | B638: STE COMPTOIR NORD DE PIECES | C638: 43863 | D638: 2500
A639: 3R18234 | B639: STE CDTPR | C639: 43863 | D639: 2443.088
A640: 3R18274 | B640: STE HSOUNA FRIKHA ET FILS | C640: 43863 | D640: 3515.344
A641: 6R21179 | B641: BAHRI GNAOUI | C641: 43864 | D641: 1500
A642: 6R21178 | B642: STE B.ABDESSALEM PIECES AUTO | C642: 43864 | D642: 3000
A643: 1r03074 | B643: BEJI FAYCEL | C643: 43864 | D643: 1361.629
A644: 1r02270 | B644: STE TAHRI STATION SERVICES | C644: 43864 | D644: 1328.845
A645: 3R18384 | B645: STE DES PIECES DE RECHANGE | C645: 43864 | D645: 3500
... A1055: 4R13115 | B1055: SOCIETE WORLD PARTS | C1055: 43890 | D1055: 1500
A1056: TOTAL 02/2020 | D1056: =SUM(D634:D1055) -> 1086295.4
A1057: 7R22039 | B1057: STE AL BARAKA EQUIP.GENERALE | C1057: 43891 | D1057: 5108.41
A1058: 1R02235 | B1058: STE COGEPA | C1058: 43891 | D1058: 2500
A1059: 1r05181 | B1059: MAJED BEN MED HAMMAMI | C1059: 43891 | D1059: 10213.371
A1060: 4R14056 | B1060: MEHREZ BEN MOHAMED GUIZANI | C1060: 43891 | D1060: 2150
A1061: 6R21179 | B1061: BAHRI GNAOUI | C1061: 43892 | D1061: 1800
A1062: 1r02282 | B1062: COMPTOIR AUTO.SVCES RAPIDES | C1062: 43892 | D1062: 1450
A1063: 1r02270 | B1063: STE TAHRI STATION SERVICES | C1063: 43892 | D1063: 324.994
A1064: 3R15038 | B1064: ANIS BEN KHALIPHA RHAIEM | C1064: 43892 | D1064: 4000
A1065: 3R18207 | B1065: SMAOUI MOHSEN | C1065: 43892 | D1065: 1500
A1066: 3R14079 | B1066: BAAZAOUI SALAH | C1066: 43892 | D1066: 704.04
A1067: 6R21179 | B1067: BAHRI GNAOUI | C1067: 43893 | D1067: 2000
A1068: 6R21187 | B1068: STE ALHADITHA DE PIECES AUTO | C1068: 43893 | D1068: 1000
... A1321: 4R14047 | B1321: EL BARAKA VENTE PIECES RECH. | C1321: 43921 | D1321: 791.986
A1322: TOTAL 03/2020 | D1322: =SUM(D1057:D1321) -> 711542.48
A1323: 1r05211 | B1323: STE EL HAMDI PIECES.RECHANGE | C1323: 43922 | D1323: 2100
A1324: 1R02282 | B1324: COMPTOIR AUTO.SVCES RAPIDES | C1324: 43923 | D1324: 1535
A1325: 1R03074 | B1325: BEJI FAYCEL | C1325: 43925 | D1325: 1287.16
A1326: 1r01551 | B1326: GENERALE ELECT.AUTOMOBILE | C1326: 43926 | D1326: 4820.158
A1327: 1R02282 | B1327: COMPTOIR AUTO.SVCES RAPIDES | C1327: 43926 | D1327: 1536
A1328: 1r02235 | B1328: STE COGEPA | C1328: 43926 | D1328: 2474.361
A1329: 1r04150 | B1329: STE CHAABANI AUTOS "S-C-A" | C1329: 43926 | D1329: 7350.815
A1330: 1R03124 | B1330: STE MEDHIOUB PIECES AUTOS | C1330: 43926 | D1330: 1721.683
A1331: 1R01550 | B1331: LAHMAR KAIES | C1331: 43926 | D1331: 3482.278
A1332: 3R18401 | B1332: TAHER BEN AMOR MAHJOUBI | C1332: 43926 | D1332: 3805.3
A1333: 3R18375 | B1333: MOHAMED AMINE BEN AMOR | C1333: 43926 | D1333: 3200
A1334: 4R14056 | B1334: MEHREZ BEN MOHAMED GUIZANI | C1334: 43926 | D1334: 1750
... A1398: 4R14056 | B1398: MEHREZ BEN MOHAMED GUIZANI | C1398: 43951 | D1398: 1782.681
A1399: TOTAL 04/2020 | D1399: =SUM(D1323:D1398) -> 218963.61
A1400: 1r01551 | B1400: GENERALE ELECT.AUTOMOBILE | C1400: 43953 | D1400: 6309.78
A1401: 8R09006 | B1401: GHARBI JALEL BEN BRAHIM | C1401: 43956 | D1401: 3532
A1402: 1r02243 | B1402: STE GLOBAL PIECES AUTOS | C1402: 43956 | D1402: 4907.069
A1403: 1R05103 | B1403: JALEL BEN AHMED EL GABSI | C1403: 43958 | D1403: 920
A1404: 1R05103 | B1404: JALEL BEN AHMED EL GABSI | C1404: 43960 | D1404: 915
A1405: 1R05171 | B1405: STE L'HORIZON DE PIECES DE | C1405: 43960 | D1405: 2081.602
A1406: 1r01551 | B1406: GENERALE ELECT.AUTOMOBILE | C1406: 43961 | D1406: 6309.78
A1407: 3R15038 | B1407: ANIS BEN KHALIPHA RHAIEM | C1407: 43961 | D1407: 3996.976
A1408: 8R09006 | B1408: GHARBI JALEL BEN BRAHIM | C1408: 43962 | D1408: 3532
A1409: 1R05103 | B1409: JALEL BEN AHMED EL GABSI | C1409: 43962 | D1409: 871.971
A1410: 1R05211 | B1410: STE EL HAMDI PIECES.RECHANGE | C1410: 43963 | D1410: 1900
A1411: 1R05171 | B1411: STE L'HORIZON DE PIECES DE | C1411: 43965 | D1411: 2081.603
... A1416: 1r02243 | B1416: STE GLOBAL PIECES AUTOS | C1416: 43974 | D1416: 4500
A1417: TOTAL 05/2020 | D1417: =SUM(D1400:D1416) -> 53897.01
A1418: 1R02243 | B1418: STE GLOBAL PIECES AUTOS | C1418: 43997 | D1418: 11165.526
A1419: TOTAL 06/2020 | D1419: =SUM(D1418) -> 11165.526
A1421: TOTAL | D1421: =D1399+D1322+D1056+D633+D105+D1417+D1419 -> 3701314.6

Sheet TR 
A1: Adr fact | B1: Nom | C1: Echéance | D1: Montant | F1: Adr fact | G1: Nom | H1: Echéance | I1: Montant
A3: TOTAL 90 JOURS | D3: =SUM(D2:D2) -> 0
A4: 1R02271 | B4: STE ZE.D.CA.D | C4: 43855 | D4: 1284.848
A5: 6S21011 | B5: STE CHARFEDDINE RATEL ET CIE | C5: 43855 | D5: 1423.664
A6: 1R07048 | B6: JAMEL BEN HEDI BEN KHSIB | C6: 43858 | D6: 3151
A7: 1R05168 | B7: STE AGRI.QUINCAILLERIE AMEL | C7: 43858 | D7: 1311.231
A8: 1R05035 | B8: SAIDA SARRAY VEUVE FENINA | C8: 43859 | D8: 6075.095
A9: 1R06034 | B9: ETABLISSEMENTS AUPEICLE | C9: 43860 | D9: 2130.444
A10: 1R06028 | B10: TAREK BEN KHEMAIES LAHBIB | C10: 43860 | D10: 7647.816
A11: 1R01534 | B11: SOCIETE AGRI MAN | C11: 43861 | D11: 593.934
A12: 1R01534 | B12: SOCIETE AGRI MAN | C12: 43861 | D12: 1213.766
A13: 3T18004 | B13: S O R E T R A S | C13: 43861 | D13: 18281.892
A14: 8R11011 | B14: SLAHEDDINE CHARNI | C14: 43864 | D14: 770.178
A15: 1R03069 | B15: PEARTCH | C15: 43871 | D15: 1438.765
... A169: 3R18068 | B169: MOHAMED GHARIANI | C169: 44007 | D169: 17462.339
A170: TOTAL > 90 JOURS | D170: =SUM(D4:D169) -> 1002984.2
A172: TOTAL | D172: =+D170+D3 -> 1002984.2

Sheet STA
A1: TYPE | B1: DESIGN | C1: OP N° | D1: DATE-OP | E1: DATE-RECU | F1: MT OUV | G1: REG | I1: MT | J1: Échéance | K1: N° CHQ | L1: STATUT
A2: CH | B2: ISST | C2: 00012526 | D2: 42850 | F2: =SUM(I2*G2) -> 684 | G2: 1 | H2: =IF(E2="",1,0) -> 1 | I2: 684 | J2: =+D2 -> 42850 | K2: 0003890 | L2: FINANCES
A3: CH | B3: ISST | C3: 00012668 | D3: 42921 | F3: =SUM(I3*G3) -> 684 | G3: 1 | H3: =IF(E3="",1,0) -> 1 | I3: 684 | J3: =+D3 -> 42921 | K3: 0004009 | L3: FINANCES
A4: CH | B4: MAISON DE LA BALANCE | C4: 00012911 | D4: 43033 | F4: =SUM(I4*G4) -> 212.9 | G4: 1 | H4: =IF(E4="",1,0) -> 1 | I4: 212.9 | J4: =+D4 -> 43033 | K4: 0004223 | L4: FINANCES
A5: CH | B5: IDEAL DECOR | C5: 00013563 | D5: 43458 | F5: =SUM(I5*G5) -> 174.34 | G5: 1 | H5: =IF(E5="",1,0) -> 1 | I5: 174.34 | J5: =+D5 -> 43458 | K5: 0004780 | L5: FINANCES
A6: CH | B6: DON | C6: 00013893 | D6: 43810 | F6: =SUM(I6*G6) -> 150 | G6: 1 | H6: =IF(E6="",1,0) -> 1 | I6: 150 | J6: =+D6 -> 43810 | K6: 0005063 | L6: FINANCES
A7: CH | B7: SALAIRE | C7: 00013894 | D7: 43810 | F7: =SUM(I7*G7) -> 485.515 | G7: 1 | H7: =IF(E7="",1,0) -> 1 | I7: 485.515 | J7: =+D7 -> 43810 | K7: 0005064 | L7: FINANCES
A8: CH | B8: REVOLON | C8: 00013903 | D8: 43818 | F8: =SUM(I8*G8) -> 49.509 | G8: 1 | H8: =IF(E8="",1,0) -> 1 | I8: 49.509 | J8: =+D8 -> 43818 | K8: 0005071 | L8: FINANCES
A9: CH | B9: ALPHA TRADING | C9: 00013904 | D9: 43818 | F9: =SUM(I9*G9) -> 1193.84 | G9: 1 | H9: =IF(E9="",1,0) -> 1 | I9: 1193.84 | J9: =+D9 -> 43818 | K9: 0005072 | L9: FINANCES
A10: CH | B10: Ulysse Spare Parts | C10: 00013909 | D10: 43824 | F10: =SUM(I10*G10) -> 326.66 | G10: 1 | H10: =IF(E10="",1,0) -> 1 | I10: 326.66 | J10: =+D10 -> 43824 | K10: 0005078 | L10: FINANCES
A11: CH | B11: RFT | C11: 00013912 | D11: 43825 | F11: =SUM(I11*G11) -> 738.4 | G11: 1 | H11: =IF(E11="",1,0) -> 1 | I11: 738.4 | J11: =+D11 -> 43825 | K11: 0005081 | L11: FINANCES
A12: TR | B12: COMPTOIR HAMMAMI | C12: 00013914 | D12: 43825 | F12: =SUM(I12*G12) -> 1843.64 | G12: 1 | H12: =IF(E12="",1,0) -> 1 | I12: 1843.64 | J12: 43855 | K12: TR01248 | L12: FINANCES
A13: TR | B13: GENERAL INCENDIE | C13: 00013915 | D13: 43825 | F13: =SUM(I13*G13) -> 1061.973 | G13: 1 | H13: =IF(E13="",1,0) -> 1 | I13: 1061.973 | J13: 43915 | K13: TR01249 | L13: FINANCES
A14: CH | B14: ooredoo | C14: 00013889 | D14: 43805 | E14: 43824 | F14: =SUM(I14*G14) -> 273.6 | G14: 1 | H14: =IF(E14="",1,0) -> 0 | I14: 273.6 | J14: =+D14 -> 43805 | K14: 0005060
A15: CH | B15: CHIMEX | C15: 00013896 | D15: 43811 | E15: 43826 | F15: =SUM(I15*G15) -> 12002.939 | G15: 1 | H15: =IF(E15="",1,0) -> 0 | I15: 12002.939 | J15: =+D15 -> 43811 | K15: 0005065
A16: CH | B16: S. T. E. G. | C16: 00013902 | D16: 43817 | E16: 43824 | F16: =SUM(I16*G16) -> 14589.796 | G16: 1 | H16: =IF(E16="",1,0) -> 0 | I16: 14589.796 | J16: =+D16 -> 43817 | K16: 0005070
A17: CH | B17: SOTRAPRO | C17: 00013910 | D17: 43824 | E17: 43825 | F17: =SUM(I17*G17) -> 49250 | G17: 1 | H17: =IF(E17="",1,0) -> 0 | I17: 49250 | J17: =+D17 -> 43824 | K17: 0005079
A18: CH | B18: AIR LIQUIDE TUNISIE | C18: 00013911 | D18: 43825 | E18: 43826 | F18: =SUM(I18*G18) -> 2026.658 | G18: 1 | H18: =IF(E18="",1,0) -> 0 | I18: 2026.658 | J18: =+D18 -> 43825 | K18: 0005080
A19: CH | B19: NAWFIL HAMZI | C19: 00013913 | D19: 43825 | E19: 43826 | F19: =SUM(I19*G19) -> 11951.627 | G19: 1 | H19: =IF(E19="",1,0) -> 0 | I19: 11951.627 | J19: =+D19 -> 43825 | K19: 0005082
A20: CH | B20: STE NOUVELLE DES ACC NOUR | C20: 00013917 | D20: 43826 | E20: 43826 | F20: =SUM(I20*G20) -> 91083.679 | G20: 1 | H20: =IF(E20="",1,0) -> 0 | I20: 91083.679 | J20: =+D20 -> 43826 | K20: 0005085
A21: CH | B21: CIL | C21: 00013918 | D21: 43826 | E21: 43826 | F21: =SUM(I21*G21) -> 1122.097 | G21: 1 | H21: =IF(E21="",1,0) -> 0 | I21: 1122.097 | J21: =+D21 -> 43826 | K21: 0005086
A22: CH | B22: CIL | C22: 00013919 | D22: 43826 | E22: 43826 | F22: =SUM(I22*G22) -> 934.204 | G22: 1 | H22: =IF(E22="",1,0) -> 0 | I22: 934.204 | J22: =+D22 -> 43826 | K22: 0005087
A23: CH | B23: NBI | C23: 00013920 | D23: 43826 | E23: 43826 | F23: =SUM(I23*G23) -> 60682.354 | G23: 1 | H23: =IF(E23="",1,0) -> 0 | I23: 60682.354 | J23: =+D23 -> 43826 | K23: 0005084
A24: TR | B24: BSB TOYOTA | C24: 00013844 | D24: 43767 | E24: 43769 | F24: =SUM(I24*G24) -> 14775 | G24: 1 | H24: =IF(E24="",1,0) -> 0 | I24: 14775 | J24: 43829 | K24: TR01237
A25: TR | B25: LYS IMPRESSION | C25: 00013892 | D25: 43808 | E25: 43817 | F25: =SUM(I25*G25) -> 529.436 | G25: 1 | H25: =IF(E25="",1,0) -> 0 | I25: 529.436 | J25: 43840 | K25: TR01245
A26: TR | B26: GENERALE CHIMIE | C26: 00013897 | D26: 43811 | E26: 43812 | F26: =SUM(I26*G26) -> 1266.513 | G26: 1 | H26: =IF(E26="",1,0) -> 0 | I26: 1266.513 | J26: 43840 | K26: TR01247
A27: TR | B27: BOUDRANT | C27: 00013874 | D27: 43794 | E27: 43812 | F27: =SUM(I27*G27) -> 1266.513 | G27: 1 | H27: =IF(E27="",1,0) -> 0 | I27: 1266.513 | J27: 43850 | K27: TR01243
A28: TR | B28: STE REGUIGUI PNEUMATIQUE | C28: 00013895 | D28: 43811 | E28: 43817 | F28: =SUM(I28*G28) -> 423.248 | G28: 1 | H28: =IF(E28="",1,0) -> 0 | I28: 423.248 | J28: 43855 | K28: TR01246
A29: TR | B29: CRISTAL | C29: 00013886 | D29: 43803 | E29: 43817 | F29: =SUM(I29*G29) -> 1758.816 | G29: 1 | H29: =IF(E29="",1,0) -> 0 | I29: 1758.816 | J29: 43855 | K29: TR01244
A30: TR | B30: GENERAL INCENDIE | C30: 00013855 | D30: 43776 | E30: 43827 | F30: =SUM(I30*G30) -> 655.1 | G30: 1 | H30: =IF(E30="",1,0) -> 0 | I30: 655.1 | J30: 43855 | K30: TR01241
A31: TR | B31: SOTRAPRO | C31: 00013811 | D31: 43740 | E31: 43745 | F31: =SUM(I31*G31) -> 19700 | G31: 1 | H31: =IF(E31="",1,0) -> 0 | I31: 19700 | J31: 43855 | K31: TR01232
A32: TR | B32: BSB TOYOTA | C32: 00013845 | D32: 43767 | E32: 43769 | F32: =SUM(I32*G32) -> 14775 | G32: 1 | H32: =IF(E32="",1,0) -> 0 | I32: 14775 | J32: 43860 | K32: TR01238
A33: TR | B33: GENERAL INCENDIE | C33: 00013873 | D33: 43794 | E33: 43827 | F33: =SUM(I33*G33) -> 1758.816 | G33: 1 | H33: =IF(E33="",1,0) -> 0 | I33: 1758.816 | J33: 43881 | K33: TR01242
A34: TR | B34: BSB TOYOTA | C34: 00013846 | D34: 43767 | E34: 43769 | F34: =SUM(I34*G34) -> 14775 | G34: 1 | H34: =IF(E34="",1,0) -> 0 | I34: 14775 | J34: 43890 | K34: TR01239
A35: TR | B35: BSB TOYOTA | C35: 00013847 | D35: 43767 | E35: 43769 | F35: =SUM(I35*G35) -> 14775 | G35: 1 | H35: =IF(E35="",1,0) -> 0 | I35: 14775 | J35: 43920 | K35: TR01240
F36: =SUM(I36*G36) -> 0 | G36: 1 | H36: =IF(E36="",1,0) -> 1
F37: =SUM(I37*G37) -> 0 | G37: 1 | H37: =IF(E37="",1,0) -> 1
F38: =SUM(I38*G38) -> 0 | G38: 1 | H38: =IF(E38="",1,0) -> 1
F39: =SUM(I39*G39) -> 0 | G39: 1 | H39: =IF(E39="",1,0) -> 1
F40: =SUM(I40*G40) -> 0 | G40: 1 | H40: =IF(E40="",1,0) -> 1
F41: =SUM(I41*G41) -> 0 | G41: 1 | H41: =IF(E41="",1,0) -> 1
F42: =SUM(I42*G42) -> 0 | G42: 1 | H42: =IF(E42="",1,0) -> 1
F43: =SUM(I43*G43) -> 0 | G43: 1 | H43: =IF(E43="",1,0) -> 1
F44: =SUM(I44*G44) -> 0 | G44: 1 | H44: =IF(E44="",1,0) -> 1
F45: =SUM(I45*G45) -> 0 | G45: 1 | H45: =IF(E45="",1,0) -> 1
F46: =SUM(I46*G46) -> 0 | G46: 1 | H46: =IF(E46="",1,0) -> 1
F47: =SUM(I47*G47) -> 0 | G47: 1 | H47: =IF(E47="",1,0) -> 1
... F76: =SUM(I76*G76) -> 0 | G76: 1 | H76: =IF(E76="",1,0) -> 1

Sheet FH
A1: TYPE | B1: DESIGN | C1: OP N° | D1: DATE-OP | E1: DATE-RECU | F1: MT OUV | G1: REG | I1: MT | J1: Échéance | K1: N° CHQ | L1: STATUT
A2: CH | B2: Mahdi GUERMAZI | C2: 00001574 | D2: 43749 | F2: =SUM(I2*G2) -> 5465.449 | G2: 1 | H2: =IF(E2="",1,0) -> 1 | I2: 5465.449 | J2: =+D2 -> 43749 | K2: 0000070 | L2: EN SIGNATURE
F3: =SUM(I3*G3) -> 0 | G3: 1 | H3: =IF(E3="",1,0) -> 1
F4: =SUM(I4*G4) -> 0 | G4: 1 | H4: =IF(E4="",1,0) -> 1
F5: =SUM(I5*G5) -> 0 | G5: 1 | H5: =IF(E5="",1,0) -> 1
F6: =SUM(I6*G6) -> 0 | G6: 1 | H6: =IF(E6="",1,0) -> 1

Sheet HEMP
A2: HEMPE | B2: EUR | C2: 335000 | D2: 42898 | E2: 71000
D3: 42927 | E3: 40000
D4: 43004 | E4: 15000
D5: 43006 | E5: 16000
D6: 43020 | E6: 25000
D7: 43208 | E7: 45000
A8: HEMPE | B8: EUR | C8: =65000 -> 65000 | D8: 43189 | E8: 59500
A10: HEMPE | B10: EUR | C10: =14477.06+837.73 -> 15314.79
A11: TOTAL | C11: =SUM(C2:C10) -> 415314.79 | E11: =SUM(E2:E10) -> 271500
A13: SNA
A14: CLIENT | B14: Facture | H14: MCNE | K14: REGLEMENT | M14: DIFFERENCE
B15: Numéro | C15: Date | D15: DEV | E15: MONTANT | F15: TND | G15: Échéance | H15: Montant | I15: DATE MEP | J15: ECHEANCE | K15: Montant | L15: Date | N15: Allemagne | P15: Difference
A16: BATTERIEDIENST | B16: FN180005 | C16: 43147 | D16: EUR | E16: 73120.64 | F16: =+E16*2.9473 -> 215508.46 | G16: =+C16+60 -> 43207 | K16: 70000 | M16: =E16-K16 -> 3120.64 | N16: 95143.04 | P16: =E16-N16 -> -22022.4
A17: NOURAKKUMULATOREN | B17: FN180008 | C17: 43174 | D17: EUR | E17: 74078.35 | F17: =+E17*2.9419 -> 217931.1 | G17: =+C17+60 -> 43234 | M17: =E17-K17 -> 74078.35 | N17: 89078.35 | P17: =E17-N17 -> -15000
A18: NOURAKKUMULATOREN | B18: FN180016 | C18: 43213 | D18: EUR | E18: 70110.52 | F18: =+E18*2.95395 -> 207102.97 | G18: =+C18+60 -> 43273 | M18: =E18-K18 -> 70110.52 | N18: 80110.51 | P18: =E18-N18 -> -9999.99
A19: NOURAKKUMULATOREN | B19: FN180020 | C19: 43235 | D19: EUR | E19: 59539.5 | F19: =E19*2.97945 -> 177394.96 | G19: =+C19+60 -> 43295 | M19: =E19-K19 -> 59539.5
A20: NOURAKKUMULATOREN | B20: FN180021 | C20: 43243 | D20: EUR | E20: 64244.86 | F20: =+E20*2.97525 -> 191144.52 | G20: =+C20+60 -> 43303 | M20: =E20-K20 -> 64244.86
A21: NOURAKKUMULATOREN | B21: FN180025 | C21: 43262 | D21: EUR | E21: 62886.3 | F21: 189416.68 | G21: 43322 | M21: 62886.3
A22: NOURAKKUMULATOREN | B22: FN180031 | C22: 43291 | D22: EUR | E22: 70446.11 | F22: 216417.49 | G22: 43351 | M22: 70446.11
A26: HEMPE
A27: CLIENT | B27: Facture | H27: MCNE | K27: REGLEMENT | M27: DIFFERENCE
B28: Numéro | C28: Date | D28: DEV | E28: MONTANT | F28: TND | G28: Échéance | H28: Montant | I28: DATE MEP | J28: ECHEANCE | K28: Montant | L28: Date
A29: HEMPE | B29: FH170006 | C29: 42965 | D29: EUR | E29: 15050 | F29: =+E29*2.80865 -> 42270.183 | G29: =+C29+60 -> 43025 | M29: =E29-K29 -> 15050
A30: HEMPE | B30: FH170007 | C30: 42977 | D30: EUR | E30: 30250 | F30: =+E30*2.889 -> 87392.25 | G30: =+C30+60 -> 43037 | M30: =E30-K30 -> 30250
A31: HEMPE | B31: FH170009 | C31: 42992 | D31: EUR | E31: 34946.27 | F31: =+E31*2.899 -> 101309.24 | G31: =+C31+60 -> 43052 | M31: =E31-K31 -> 34946.27
A32: HEMPE | B32: FH170010 | C32: 43006 | D32: EUR | E32: 44550 | F32: =+E32*2.893 -> 128883.15 | G32: =+C32+60 -> 43066 | M32: =E32-K32 -> 44550
A33: HEMPE | B33: FH170011 | C33: 43019 | D33: EUR | E33: 27337.5 | F33: =+E33*2.9093 -> 79532.989 | G33: =+C33+60 -> 43079 | M33: =E33-K33 -> 27337.5
A34: HEMPE | B34: FH170012 | C34: 43034 | D34: EUR | E34: 15386.35 | F34: =+E34*2.9096 -> 44768.124 | G34: =+C34+60 -> 43094 | M34: =E34-K34 -> 15386.35
B37: EURO
A38: BATTERIEDIENST | B38: =M16 -> 3120.64
A39: NOUR Allemagne | B39: =+E17+E18+E19+E20+E21+E22 -> 401305.64
A40: HEMPE | B40: =M29+M30+M31+M32+M33+M34 -> 167520.12
B41: =SUM(B38:B40) -> 571946.4

Sheet I Z
A1: TYPE | B1: DESIGN | C1: OP N° | D1: DATE-OP | E1: DATE-RECU | F1: MT OUV | G1: REG | I1: MT | J1: Échéance | K1: N° CHQ | L1: STATUT
A2: CH | B2: Mahdi GUERMAZI | C2: 00000264 | D2: 43749 | F2: =SUM(I2*G2) -> 4189.773 | G2: 1 | H2: =IF(E2="",1,0) -> 1 | I2: 4189.773 | J2: =+D2 -> 43749 | K2: 0000233 | L2: EN SIGNATURE
A3: VI | B3: R.FINANCE MEGRINE | C3: 00000267 | D3: 43798 | F3: =SUM(I3*G3) -> 190.201 | G3: 1 | H3: =IF(E3="",1,0) -> 1 | I3: 190.201 | J3: =+D3 -> 43798 | K3: VI00013
F4: =SUM(I4*G4) -> 0 | G4: 1 | H4: =IF(E4="",1,0) -> 1
F5: =SUM(I5*G5) -> 0 | G5: 1 | H5: =IF(E5="",1,0) -> 1
F6: =SUM(I6*G6) -> 0 | G6: 1 | H6: =IF(E6="",1,0) -> 1
F7: =SUM(I7*G7) -> 0 | G7: 1 | H7: =IF(E7="",1,0) -> 1
F8: =SUM(I8*G8) -> 0 | G8: 1 | H8: =IF(E8="",1,0) -> 1
F9: =SUM(I9*G9) -> 0 | G9: 1 | H9: =IF(E9="",1,0) -> 1
F10: =SUM(I10*G10) -> 0 | G10: 1 | H10: =IF(E10="",1,0) -> 1
F11: =SUM(I11*G11) -> 0 | G11: 1 | H11: =IF(E11="",1,0) -> 1

Sheet Feuil3
A2: QUANTITE NON FACTURE | J2: ARTICLE | K2: POIDS | L2: PU | M2: TOTAL HT | N2: TVA | O2: TOTAL TTC
A3: 43405 | B3: PLOMB | C3: KG | D3: 11270 | E3: 4.3 | F3: =+D3*E3 -> 48461 | G3: =+F3*0.19 -> 9207.59 | H3: =+F3+G3 -> 57668.59 | J3: PLOMB | K3: =D15*4.3/4.5 -> 48260.333 | L3: 4.5 | M3: =+K3*L3 -> 217171.5 | N3: =+M3*0.19 -> 41262.585 | O3: =+M3+N3+0.6 -> 258434.68
A4: 43409 | B4: PLOMB | C4: KG | D4: 6205 | E4: 4.3 | F4: =+D4*E4 -> 26681.5 | G4: =+F4*0.19 -> 5069.485 | H4: =+F4+G4 -> 31750.985
A5: 43412 | B5: PLOMB | C5: KG | D5: 1414 | E5: 4.3 | F5: =+D5*E5 -> 6080.2 | G5: =+F5*0.19 -> 1155.238 | H5: =+F5+G5 -> 7235.438
A6: 43416 | B6: PLOMB | C6: KG | D6: 1454 | E6: 4.3 | F6: =+D6*E6 -> 6252.2 | G6: =+F6*0.19 -> 1187.918 | H6: =+F6+G6 -> 7440.118
A7: 43419 | B7: PLOMB | C7: KG | D7: 3998 | E7: 4.3 | F7: =+D7*E7 -> 17191.4 | G7: =+F7*0.19 -> 3266.366 | H7: =+F7+G7 -> 20457.766
A8: 43420 | B8: PLOMB | C8: KG | D8: 7286 | E8: 4.3 | F8: =+D8*E8 -> 31329.8 | G8: =+F8*0.19 -> 5952.662 | H8: =+F8+G8 -> 37282.462
A9: 43423 | B9: PLOMB | C9: KG | D9: 4510 | E9: 4.3 | F9: =+D9*E9 -> 19393 | G9: =+F9*0.19 -> 3684.67 | H9: =+F9+G9 -> 23077.67
A10: 43427 | B10: PLOMB | C10: KG | D10: 1929 | E10: 4.3 | F10: =+D10*E10 -> 8294.7 | G10: =+F10*0.19 -> 1575.993 | H10: =+F10+G10 -> 9870.693
A11: 43430 | B11: PLOMB | C11: KG | D11: 3913 | E11: 4.3 | F11: =+D11*E11 -> 16825.9 | G11: =+F11*0.19 -> 3196.921 | H11: =+F11+G11 -> 20022.821
A12: 43431 | B12: PLOMB | C12: KG | D12: 2297 | E12: 4.3 | F12: =+D12*E12 -> 9877.1 | G12: =+F12*0.19 -> 1876.649 | H12: =+F12+G12 -> 11753.749
A13: 43432 | B13: PLOMB | C13: KG | D13: =2255+2296 -> 4551 | E13: 4.3 | F13: =+D13*E13 -> 19569.3 | G13: =+F13*0.19 -> 3718.167 | H13: =+F13+G13 -> 23287.467
A14: 43433 | B14: PLOMB | C14: KG | D14: 1678 | E14: 4.3 | F14: =+D14*E14 -> 7215.4 | G14: =+F14*0.19 -> 1370.926 | H14: =+F14+G14 -> 8586.326
D15: =SUM(D3:D14) -> 50505 | F15: =SUM(F3:F14) -> 217171.5 | G15: =+F15*0.19 -> 41262.585 | H15: =+F15+G15 -> 258434.08 | K15: =SUM(K3) -> 48260.333 | M15: =SUM(M3) -> 217171.5 | N15: =SUM(N3) -> 41262.585 | O15: =SUM(O3) -> 258434.68
A17: 43418 | B17: DECHET BATTERIE | C17: KG | D17: 41220 | E17: 1.8 | F17: =+D17*E17 -> 74196 | G17: =+F17*0.19 -> 14097.24 | H17: =+F17+G17 -> 88293.24 | J17: BATTERIE USAGE | K17: =+D17*E17/L17 -> 47868.387 | L17: 1.55 | M17: =+K17*L17 -> 74196 | N17: =+M17*0.19 -> 14097.24 | O17: =+M17+N17+0.6 -> 88293.84
A20: 43420 | B20: ETAIN | C20: KG | D20: 2857 | E20: 33 | F20: =+D20*E20 -> 94281 | G20: =+F20*0.19 -> 17913.39 | H20: =+F20+G20 -> 112194.39 | J20: ETAIN | K20: =+D20*E20/L20 -> 2417.4615 | L20: 39 | M20: =+K20*L20 -> 94281 | N20: =+M20*0.19 -> 17913.39 | O20: =+M20+N20+0.6 -> 112194.99
A23: 43433 | B23: CRASSE | C23: KG | D23: 27880 | E23: 1.45 | F23: =+D23*E23 -> 40426 | G23: =+F23*0.19 -> 7680.94 | H23: =+F23+G23 -> 48106.94 | J23: DECHET PLAQUE | K23: =+D23*E23/1.95 -> 20731.282 | L23: 1.95 | M23: =+K23*L23 -> 40426 | N23: =+M23*0.19 -> 7680.94 | O23: =+M23+N23+0.6 -> 48107.54
A26: 43435 | B26: PLOMB | C26: KG | D26: 1996 | E26: 4.3 | F26: =+D26*E26 -> 8582.8 | G26: =+F26*0.19 -> 1630.732 | H26: =+F26+G26 -> 10213.532 | J26: PLOMB | K26: =(D26+D27+D28+D29+D30+D31+D32+D33)*E26/L26 -> 27153.067 | L26: 4.5 | M26: =+K26*L26 -> 122188.8 | N26: =+M26*0.19 -> 23215.872 | O26: =+M26+N26+0.6 -> 145405.27
A27: 43437 | B27: PLOMB | C27: KG | D27: =4417+3827 -> 8244 | E27: 4.3 | F27: =+D27*E27 -> 35449.2 | G27: =+F27*0.19 -> 6735.348 | H27: =+F27+G27 -> 42184.548
A28: 43438 | B28: PLOMB | C28: KG | D28: 2291 | E28: 4.3 | F28: =+D28*E28 -> 9851.3 | G28: =+F28*0.19 -> 1871.747 | H28: =+F28+G28 -> 11723.047
A29: 43439 | B29: PLOMB | C29: KG | D29: 2225 | E29: 4.3 | F29: =+D29*E29 -> 9567.5 | G29: =+F29*0.19 -> 1817.825 | H29: =+F29+G29 -> 11385.325
A30: 43440 | B30: PLOMB | C30: KG | D30: 1674 | E30: 4.3 | F30: =+D30*E30 -> 7198.2 | G30: =+F30*0.19 -> 1367.658 | H30: =+F30+G30 -> 8565.858
A31: 43441 | B31: PLOMB | C31: KG | D31: 2525 | E31: 4.3 | F31: =+D31*E31 -> 10857.5 | G31: =+F31*0.19 -> 2062.925 | H31: =+F31+G31 -> 12920.425
A32: 43442 | B32: PLOMB | C32: KG | D32: 2020 | E32: 4.3 | F32: =+D32*E32 -> 8686 | G32: =+F32*0.19 -> 1650.34 | H32: =+F32+G32 -> 10336.34
A33: 43444 | B33: PLOMB | C33: KG | D33: =3461+3980 -> 7441 | E33: 4.3 | F33: =+D33*E33 -> 31996.3 | G33: =+F33*0.19 -> 6079.297 | H33: =+F33+G33 -> 38075.597
D34: =SUM(D26:D33) -> 28416 | F34: =SUM(F26:F33) -> 122188.8 | G34: =SUM(G26:G33) -> 23215.872 | H34: =SUM(H26:H33) -> 145404.67 | K34: =SUM(K26) -> 27153.067 | M34: =SUM(M26) -> 122188.8 | N34: =SUM(N26) -> 23215.872 | O34: =SUM(O26) -> 145405.27

Sheet Feuil2
E1: QTTE | G1: HT | H1: TVA | I1: TTC
A3: 43371 | B3: SNA | C3: DECHET BATTERIE | D3: KG | E3: 37044 | F3: 1.7 | G3: =+E3*F3 -> 62974.8 | H3: =+G3*0.19 -> 11965.212 | I3: =+G3+H3+0.6 -> 74940.612 | J3: KAIS
A5: 43371 | B5: SNA | C5: DECHET BATTERIE | D5: KG | E5: 37820 | F5: 1.7 | G5: =+E5*F5 -> 64294 | H5: =+G5*0.19 -> 12215.86 | I5: =+G5+H5+0.6 -> 76510.46 | J5: KAIS
A7: 43398 | B7: SNA | C7: DECHET BATTERIE | D7: KG | E7: 37960 | F7: 1.7 | G7: =+E7*F7 -> 64532 | H7: =+G7*0.19 -> 12261.08 | I7: =+G7+H7+0.6 -> 76793.68 | J7: KAIS
A9: 43404 | B9: SNA | C9: BATTERIE USAGE | D9: KG | E9: 30225 | F9: 1.095 | G9: =+E9*F9 -> 33096.375 | H9: =+G9*0.19 -> 6288.3112 | I9: =+G9+H9+0.6 -> 39385.286 | J9: KAIS
A11: 43416 | B11: SNA | C11: DECHET BATTERIE | D11: KG | E11: 35747 | F11: 1.75 | G11: =+E11*F11 -> 62557.25 | H11: =+G11*0.19 -> 11885.878 | I11: =+G11+H11+0.6 -> 74443.728 | J11: KAIS
A13: 43403 | B13: SNA | C13: BATTERIE USAGE | D13: KG | E13: 10080 | F13: 1.2 | G13: =+E13*F13*1.01 -> 12216.96 | H13: =+G13*0.19 -> 2321.2224 | I13: =+G13+H13+0.6 -> 14538.782 | J13: SOTRAM
G15: =SUM(G2:G13) -> 299671.39 | H15: =SUM(H2:H13) -> 56937.563 | I15: =SUM(I2:I13) -> 356612.55

Sheet Feuil4
A2: DATE | B2: ARTICLE | D2: POIDS | E2: PU | F2: TOTA HT | H2: DATE | I2: ARTICLE | K2: POIDS | L2: PU | M2: TOTA HT
A3: 43482 | B3: CRASSE | C3: KG | D3: 31720 | E3: 1.45 | F3: =+D3*E3 -> 45994 | H3: 43496 | I3: CRASSE | J3: KG | K3: =+F3/1.7 -> 27055.294 | L3: 1.7 | M3: =+K3*L3 -> 45994
A5: 43468 | B5: DECHET BATTERIE | C5: KG | D5: 40420 | E5: 1.8 | F5: =+D5*E5 -> 72756 | H5: 43496 | I5: DECHET BATTERIE | J5: KG | K5: =+F5/1.9 -> 38292.632 | L5: 1.9 | M5: =+K5*L5 -> 72756
A6: 43483 | B6: DECHET BATTERIE | C6: KG | D6: 42220 | E6: 1.8 | F6: =+D6*E6 -> 75996 | I6: DECHET BATTERIE | J6: KG | K6: =+F6/1.9 -> 39997.895 | L6: 1.9 | M6: =+K6*L6 -> 75996
D7: =SUM(D5:D6) -> 82640 | F7: =SUM(F5:F6) -> 148752 | K7: =SUM(K5:K6) -> 78290.526 | M7: =SUM(M5:M6) -> 148752
A9: 43459 | B9: ETAIN | C9: KG | D9: 5101 | E9: 33 | F9: =+D9*E9 -> 168333 | H9: 43496 | I9: ETAIN | J9: KG | K9: =+F9/38.5 -> 4372.2857 | L9: 38.5 | M9: =+K9*L9 -> 168333
A11: 43445 | B11: PLOMB | C11: KG | D11: 4491 | E11: 4.3 | F11: =+D11*E11 -> 19311.3 | H11: 43475 | I11: PLOMB | J11: KG | K11: =+F11/4.5 -> 4291.4 | L11: 4.5 | M11: =+K11*L11 -> 19311.3
A12: 43446 | B12: PLOMB | C12: KG | D12: 1455 | E12: 4.3 | F12: =+D12*E12 -> 6256.5 | I12: PLOMB | J12: KG | K12: =+F12/4.5 -> 1390.3333 | L12: 4.5 | M12: =+K12*L12 -> 6256.5
A13: 43447 | B13: PLOMB | C13: KG | D13: 2674 | E13: 4.3 | F13: =+D13*E13 -> 11498.2 | I13: PLOMB | J13: KG | K13: =+F13/4.5 -> 2555.1556 | L13: 4.5 | M13: =+K13*L13 -> 11498.2
A14: 43454 | B14: PLOMB | C14: KG | D14: 4790 | E14: 4.3 | F14: =+D14*E14 -> 20597 | I14: PLOMB | J14: KG | K14: =+F14/4.5 -> 4577.1111 | L14: 4.5 | M14: =+K14*L14 -> 20597
A15: 43458 | B15: PLOMB | C15: KG | D15: 3685 | E15: 4.3 | F15: =+D15*E15 -> 15845.5 | I15: PLOMB | J15: KG | K15: =+F15/4.5 -> 3521.2222 | L15: 4.5 | M15: =+K15*L15 -> 15845.5
A16: 43459 | B16: PLOMB | C16: KG | D16: 3731 | E16: 4.3 | F16: =+D16*E16 -> 16043.3 | I16: PLOMB | J16: KG | K16: =+F16/4.5 -> 3565.1778 | L16: 4.5 | M16: =+K16*L16 -> 16043.3
A17: 43460 | B17: PLOMB | C17: KG | D17: 2184 | E17: 4.3 | F17: =+D17*E17 -> 9391.2 | I17: PLOMB | J17: KG | K17: =+F17/4.5 -> 2086.9333 | L17: 4.5 | M17: =+K17*L17 -> 9391.2
D18: =SUM(D11:D17) -> 23010 | F18: =SUM(F11:F17) -> 98943 | K18: =SUM(K11:K17) -> 21987.333 | M18: =SUM(M11:M17) -> 98943
A20: 43467 | B20: PLOMB | C20: KG | D20: 3938 | E20: 4.3 | F20: =+D20*E20 -> 16933.4 | H20: 43496 | I20: PLOMB | J20: KG | K20: =+F20/4.5 -> 3762.9778 | L20: 4.5 | M20: =+K20*L20 -> 16933.4
A21: 43472 | B21: PLOMB | C21: KG | D21: 6181 | E21: 4.3 | F21: =+D21*E21 -> 26578.3 | I21: PLOMB | J21: KG | K21: =+F21/4.5 -> 5906.2889 | L21: 4.5 | M21: =+K21*L21 -> 26578.3
A22: 43473 | B22: PLOMB | C22: KG | D22: 1347 | E22: 4.3 | F22: =+D22*E22 -> 5792.1 | I22: PLOMB | J22: KG | K22: =+F22/4.5 -> 1287.1333 | L22: 4.5 | M22: =+K22*L22 -> 5792.1
A23: 43476 | B23: PLOMB | C23: KG | D23: 1854 | E23: 4.3 | F23: =+D23*E23 -> 7972.2 | I23: PLOMB | J23: KG | K23: =+F23/4.5 -> 1771.6 | L23: 4.5 | M23: =+K23*L23 -> 7972.2
A24: 43480 | B24: PLOMB | C24: KG | D24: 7782 | E24: 4.3 | F24: =+D24*E24 -> 33462.6 | I24: PLOMB | J24: KG | K24: =+F24/4.5 -> 7436.1333 | L24: 4.5 | M24: =+K24*L24 -> 33462.6
A25: 43481 | B25: PLOMB | C25: KG | D25: 2776 | E25: 4.3 | F25: =+D25*E25 -> 11936.8 | I25: PLOMB | J25: KG | K25: =+F25/4.5 -> 2652.6222 | L25: 4.5 | M25: =+K25*L25 -> 11936.8
A26: 43482 | B26: PLOMB | C26: KG | D26: 2510 | E26: 4.5 | F26: =+D26*E26 -> 11295 | I26: PLOMB | J26: KG | K26: =+F26/4.5 -> 2510 | L26: 4.5 | M26: =+K26*L26 -> 11295
A27: 43483 | B27: PLOMB | C27: KG | D27: 1997 | E27: 4.5 | F27: =+D27*E27 -> 8986.5 | I27: PLOMB | J27: KG | K27: =+F27/4.5 -> 1997 | L27: 4.5 | M27: =+K27*L27 -> 8986.5
A28: 43489 | B28: PLOMB | C28: KG | D28: 1286 | E28: 4.5 | F28: =+D28*E28 -> 5787 | I28: PLOMB | J28: KG | K28: =+F28/4.5 -> 1286 | L28: 4.5 | M28: =+K28*L28 -> 5787
A29: 43495 | B29: PLOMB | C29: KG | D29: 3574 | E29: 4.5 | F29: =+D29*E29 -> 16083 | I29: PLOMB | J29: KG | K29: =+F29/4.5 -> 3574 | L29: 4.5 | M29: =+K29*L29 -> 16083
D30: =SUM(D20:D29) -> 33245 | F30: =SUM(F20:F29) -> 144826.9 | K30: =SUM(K20:K29) -> 32183.756 | M30: =SUM(M20:M29) -> 144826.9
A34: 43524 | B34: CRASSE | C34: KG | D34: 27020 | E34: 1.45 | F34: =+D34*E34 -> 39179 | H34: 43524 | I34: CRASSE | J34: kg | K34: =D34*E34/1.7 -> 23046.471 | L34: 1.7 | M34: =L34*K34 -> 39179 | O34: =M34*0.19 -> 7444.01 | P34: 0.6 | Q34: =SUM(M34:P34) -> 46623.61
A36: 43511 | B36: PLOMB | C36: KG | D36: 2428 | E36: 4.5 | F36: =+D36*E36 -> 10926 | H36: 43524 | I36: PLOMB | J36: kg | K36: =D36+D37+D38+D39+D40+D41 -> 26504 | L36: 4.5 | M36: =L36*K36 -> 119268
A37: 43514 | B37: PLOMB | C37: KG | D37: 2570 | E37: 4.5 | F37: =+D37*E37 -> 11565 | I37: PLOMB
A38: 43516 | B38: PLOMB | C38: KG | D38: 5054 | E38: 4.5 | F38: =+D38*E38 -> 22743 | I38: PLOMB
A39: 43518 | B39: PLOMB | C39: KG | D39: 2298 | E39: 4.5 | F39: =+D39*E39 -> 10341 | I39: PLOMB | O39: =M36*0.19 -> 22660.92 | P39: 0.6 | Q39: =SUM(M36:P41) -> 141929.52
A40: 43521 | B40: PLOMB | C40: KG | D40: 5067 | E40: 4.5 | F40: =+D40*E40 -> 22801.5 | I40: PLOMB
A41: 43524 | B41: PLOMB | C41: KG | D41: 9087 | E41: 4.5 | F41: =+D41*E41 -> 40891.5 | I41: PLOMB

Sheet Feuil1
A1: situation SOTRAM
A3: Fonderie | B3: Batterie | C3: kg | D3: 29720 | E3: 1.45 | F3: =D3*E3 -> 43094 | G3: =F3*1.01*0.19 -> 8269.7386 | H3: =F3*1.01+G3+0.6 -> 51795.279
A4: Fonderie | B4: Batterie | C4: kg | D4: 30190 | E4: 1.45 | F4: =D4*E4 -> 43775.5 | G4: =F4*1.01*0.19 -> 8400.5184 | H4: =F4*1.01+G4+0.6 -> 52614.373
F5: =SUM(F3:F4) -> 86869.5 | G5: =SUM(G3:G4) -> 16670.257 | H5: =SUM(H3:H4) -> 104409.65
G6: TVA | H6: =+G5 -> 16670.257
G7: RS | H7: =+H5*1.5% -> 1566.1448
G8: FODEC | H8: =+(F3+F4)*0.01 -> 868.695
F9: 43692 | H9: -51019.533
F10: 43713 | H10: -51825.158
L11: =+H10+H9 -> -102844.69
L12: =+H6+H7 -> 18236.402
A13: 43643 | B13: DECHET BATTERIE | C13: kg | D13: 10660 | E13: 1.95 | F13: =D13*E13 -> 20787 | I13: SNA | L13: 20000
A14: 43656 | B14: DECHET BATTERIE | C14: kg | D14: 12980 | E14: 1.95 | F14: =D14*E14 -> 25311 | I14: SNA | L14: =H8 -> 868.695
A15: 43693 | B15: DECHET BATTERIE | C15: kg | D15: 8540 | E15: 2.1 | F15: =D15*E15 -> 17934 | I15: SNA | L15: =SUM(L11:L14) -> -63739.594
F16: =SUM(F13:F15) -> 64032
L17: 1272.555
K18: 0.6 | L18: =+L17-K18 -> 1271.955
K19: 1.19 | L19: =+L18/K19 -> 1068.8697
A20: 43693 | B20: DECHET BATTERIE | C20: kg | D20: 504 | E20: 2.1 | F20: =D20*E20 -> 1058.4 | G20: =F20*1.01*0.19 -> 203.10696 | H20: =F20*1.01+G20+0.6 -> 1272.691 | K20: 1.01 | L20: =+L19/K20 -> 1058.2869
K21: 2.1 | L21: =+L20/K21 -> 503.94613
A27: MONTANT RECU PAR SOTRM | F27: 43692 | H27: -51019.533
F28: 43713 | H28: -51825.158
A30: Fonderie | B30: Batterie | C30: kg | D30: 29720 | E30: 1.45 | F30: =D30*E30 -> 43094 | G30: =F30*1.01*0.19 -> 8269.7386 | H30: =F30*1.01+G30+0.6 -> 51795.279
A31: Fonderie | B31: Batterie | C31: kg | D31: 30190 | E31: 1.45 | F31: =D31*E31 -> 43775.5 | G31: =F31*1.01*0.19 -> 8400.5184 | H31: =F31*1.01+G31+0.6 -> 52614.373 | K31: =F30+F31 -> 86869.5 | M31: =+H32-H33-H35 -> 86870.7
H32: =SUM(H30:H31) -> 104409.65 | K32: -20000 | M32: =+M31-H34 -> 85304.555
G33: TVA | H33: =+G30+G31 -> 16670.257 | K33: =-F13 -> -20787 | M33: 20000
G34: RS | H34: =+(H31+H30)*1.5% -> 1566.1448 | K34: =-F14 -> -25311 | M34: 64032
G35: FODEC | H35: =(F30+F31)*0.01 -> 868.695 | K35: =-F15 -> -17934 | M35: =+M32-M33-M34 -> 1272.5552
G36: Remboursement | H36: 20000 | K36: =SUM(K31:K35) -> 2837.5
G37: DECHET PLAQUES | H37: =F13+F14+F15 -> 64032
G38: SOLDE | H38: =H32-H33-H34-H35-H36-H37 -> 1272.5552

Sheet DETTE
A1: DETTES SNA
A3: Désignation | B3: 43465 | C3: 43738 | D3: 43784 | E3: 43830
A5: Crédits MT:STB | B5: 6854000 | C5: 5791667 | D5: 5583333 | E5: 5583333 | H5: =E5-D5 -> 0 | J5: =E5-B5 -> -1270667
A6: Leasing SNA | B6: 139337.93 | C6: 82955.649 | D6: 73087.614 | E6: 64744.013 | H6: =E6-D6 -> -8343.601 | J6: =E6-B6 -> -74593.922
A7: Leasing SND | B7: 151750.13 | C7: 173089.26 | D7: 156931.62 | E7: 142118.78 | H7: =E7-D7 -> -14812.847 | J7: =E7-B7 -> -9631.353
A8: Leasing TIP | B8: 34633.344 | C8: 23269.298 | D8: 20626.602 | E8: 19288.714 | H8: =E8-D8 -> -1337.888 | J8: =E8-B8 -> -15344.63
A9: Leasing NBI | B9: 16029.881 | C9: 9136.443 | D9: 7535.186 | E9: 6724.787 | H9: =E9-D9 -> -810.399 | J9: =E9-B9 -> -9305.094
A10: Crédit de Gestion STB | B10: 5500000 | C10: 5500000 | D10: 5500000 | E10: 5500000 | H10: =E10-D10 -> 0 | J10: =E10-B10 -> 0
A11: M C N E | B11: 600000 | C11: 0 | D11: 0 | E11: 0 | H11: =E11-D11 -> 0 | J11: =E11-B11 -> -600000
A12: FACILITE DE CAISSE SNA | B12: 2674075.3 | C12: 2765137.5 | D12: 3746147.9 | E12: =2192923.78-18350.237 -> 2174573.5 | H12: =E12-D12 -> -1571574.4 | J12: =E12-B12 -> -499501.76
A13: FACILITE DE CAISSE SND | B13: 250879.01 | C13: 187053.91 | D13: 170117.63 | E13: =215164.759-250350.349-15844.914-800-22709.675 -> -74540.179 | H13: =E13-D13 -> -244657.81 | J13: =E13-B13 -> -325419.19
A14: FACILITE DE CAISSE TIP | B14: -10371.633 | C14: 115110.71 | D14: 118207.57 | E14: -15643.076 | H14: =E14-D14 -> -133850.65 | J14: =E14-B14 -> -5271.443
A15: FACILITE DE CAISSE NBI | B15: 27581.831 | C15: 64978.159 | D15: 92149.71 | E15: -8059.369 | H15: =E15-D15 -> -100209.08 | J15: =E15-B15 -> -35641.2
A16: LIQUIDITE SNA | B16: =-(41919.56*3.4272+126.23*2.9944) -> -144044.7 | C16: =-(94845*3.15)-(3699.41*2.9) -> -309490.04 | D16: =-((368607.77+58245.42)*3.15)-(3699.41*2.9) -> -1355315.8 | E16: =-(336968.75*3.1402)-(3699.41*2.7985) -> -1068502.1 | F16: EURO = 3,1402 | H16: =E16-D16 -> 286813.77 | J16: =E16-B16 -> -924457.37
A17: LIQUIDITE NBI | B17: =-33796.11*3.4272 -> -115826.03 | C17: =-12614.17*3.15 -> -39734.635 | D17: =-12614.17*3.15 -> -39734.635 | E17: =-12614.17*3.1402 -> -39611.017 | F17: $ = 2,7985 | H17: =E17-D17 -> 123.61887 | J17: =E17-B17 -> 76215.012
A18: TOTAL DETTES NETTES | B18: =SUM(B5:B16) -> 16093871 | C18: =SUM(C5:C16) -> 14402908 | D18: =SUM(D5:D16) -> 14112821 | E18: =SUM(E5:E16) -> 12324038 | H18: =E18-D18 -> -1788782.9 | J18: =E18-B18 -> -3769833
A20: Dividendes | B20: 2631839 | C20: 0 | D20: 0 | E20: 2476950 | H20: =E20-D20 -> 2476950 | J20: =E20-B20 -> -154888.95
A21: FRs STA | B21: 575000 | C21: 0 | D21: 0 | E21: 0 | H21: =E21-D21 -> 0 | J21: =E21-B21 -> -575000
A22: frs FH/ NBI | B22: 349000 | C22: 0 | D22: 0 | E22: 0 | H22: =E22-D22 -> 0 | J22: =E22-B22 -> -349000
A23: Créances/cession MATERIELS (STA) | B23: 520000 | C23: 0 | D23: 0 | E23: 0 | H23: =E23-D23 -> 0 | J23: =E23-B23 -> -520000
A24: CC FHNAYA | B24: 340000 | C24: 0 | D24: 0 | E24: 0 | H24: =E24-D24 -> 0 | J24: =E24-B24 -> -340000
A25: CC FETHI GHALI | B25: 60000 | C25: 0 | D25: 0 | E25: 0 | H25: =E25-D25 -> 0 | J25: =E25-B25 -> -60000
A26: TRAITE AVALISE | E26: 350000 | H26: =E26-D26 -> 350000 | J26: =E26-B26 -> 350000
A27: ENCOURS ESCOMPTES | B27: 1506000 | C27: 1500000 | D27: =905880.76+910877.33 -> 1816758.1 | E27: 1499651.9 | H27: =E27-D27 -> -317106.2 | J27: =E27-B27 -> -6348.115
A28: TOTAL | B28: =SUM(B18:B27) -> 22075710 | C28: =SUM(C18:C27) -> 15902908 | D28: =SUM(D18:D27) -> 15929579 | E28: =SUM(E18:E27) -> 16650640 | H28: =E28-D28 -> 721060.9 | J28: =E28-B28 -> -5425070

Sheet solde
A1: SOLDE 15/11/2019 | B1: -170117.63 | D1: -170117.63 | G1: -3746147.9
A2: EN COURS VERS | B2: =112324+800+6702+20000+8055 -> 147881 | D2: =112324+800+6702+20000+8055 -> 147881 | F2: IMPOT 11 | G2: -150000
A3: AGENCE 11 | B3: 188000 | D3: 300000 | F3: IMPOT 12 | G3: -170000
A4: AGENCE 12 | B4: 458000 | D4: 600000 | F4: SALAIRE | G4: =-135000*2 -> -270000
A5: MEGRINE 11 | B5: 118000 | D5: 200000 | F5: STEG | G5: =-183000*2 -> -366000
A6: MEGRINE 12 | B6: 97690 | D6: 200000 | F6: NBI | G6: -130000
A7: VIREMENT | B7: 250000 | D7: 250000 | F7: TIP | G7: -160000
A8: ESCOMPTE | B8: 600000 | D8: 600000 | F8: F H | G8: -60000
A9: VERSEMENT CHQ | F9: STA | G9: -649406
A10: 43770 | B10: 856144.46 | D10: 856144.46 | F10: KAIS | G10: =-400000-200000 -> -600000
A11: 43828 | B11: 756802.64 | D11: 756802.64 | F11: KAMMOUN | G11: =-2*36*2250*1.19 -> -192780
A12: SOLDE SND | B12: =SUM(B1:B11) -> 3302400.5 | D12: =SUM(D1:D11) -> 3740710.5 | F12: SOTRAM | G12: =-2*36*2250*1.19 -> -192780
A13: IMPOT 11 | B13: -130000 | D13: -130000 | F13: PAIEMENT FOURNISSEURS | G13: -175000
A14: IMPOT 12 | B14: -130000 | D14: -130000 | F14: DIVERS | G14: -250000
A15: SALAIRE | B15: =-45000*2 -> -90000 | D15: =-45000*2 -> -90000
A16: DIVERS | B16: -100000 | D16: -100000 | F16: ALIM SND | G16: =+B20+B21 -> 3131852.5
A17: LEASING | B17: -20548 | D17: -20548
A18: TOTAL DEPENSE | B18: =SUM(B13:B17) -> -470548 | D18: =SUM(D13:D17) -> -470548 | G18: =SUM(G1:G17) -> -3980261.5
A20: SOLDE | B20: =+B18+B12 -> 2831852.5 | D20: =+D18+D12 -> 3270162.5
A21: FACILITE | B21: 300000 | D21: 300000
B23: 5200000 | D23: 5200000
B24: =+B23-B21-B20 -> 2068147.5 | D24: =+D23-D21-D20 -> 1629837.5

Sheet Feuil5
A1: SNA | D1: STA | G1: TIB | J1: NBI | M1: SND | P1: TIP
A2: -46719.411 | B2: 91083.679 | D2: =-92470.74*0.985 -> -91083.679 | E2: 46719.411 | J2: =-23651.85*0.85 -> -20104.072 | K2: 37925.739 | M2: =-142989.81*0.85 -> -121541.34 | P2: =-6422.74*0.85 -> -5459.329 | Q2: 60457.521
A3: -147000 | E3: 147000 | J3: =-54776.582*0.985 -> -53954.933 | M3: =-2508.844*0.985 -> -2471.2113 | P3: -7465.89 | R3: =+P3/0.85 -> -8783.4
A4: =-71757.27-76968.649-55989.508 -> -204715.43 | D4: =-61606.45*0.985 -> -60682.353 | E4: 24548.928 | J4: =-24922.77*0.985 -> -24548.928 | K4: 60682.353 | P4: -50000
A5: -769382.32 | B5: 50000 | E5: =-P3 -> 7465.89
A6: =-75571.901*0.8 -> -60457.521 | B6: 20104.073 | E6: =-A5 -> 769382.32 | I6: CLIENT
A7: =-38503.288*0.985 -> -37925.739 | B7: 53954.933
B8: 5459.329
A14: =SUM(A2:A13) -> -1266200.4 | B14: =SUM(B2:B13) -> 220602.01 | D14: =SUM(D2:D13) -> -151766.03 | E14: =SUM(E2:E13) -> 995116.55 | G14: =SUM(G2:G13) -> 0 | H14: =SUM(H2:H13) -> 0 | J14: =SUM(J2:J13) -> -98607.934 | K14: =SUM(K2:K13) -> 98608.092 | M14: =SUM(M2:M13) -> -124012.55 | N14: =SUM(N2:N13) -> 0 | P14: =SUM(P2:P13) -> -62925.219 | Q14: =SUM(Q2:Q13) -> 60457.521
A15: =+A14+B14 -> -1045598.4 | D15: =+D14+E14 -> 843350.52 | G15: =+G14+H14 -> 0 | J15: =+J14+K14 -> 0.15778 | M15: =+M14+N14 -> -124012.55 | P15: =+P14+Q14 -> -2467.698
A20: CESSION TITRE STA A SNA | C20: 147000 | D20: SANS RS | E20: 4500000
A21: PART SNA ASSURANCE 2017 2018 | C21: 46719.411 | E21: 4586000
A22: LOYER NBI A SNA | C22: 23651.85 | E22: FOURNISSEUR | G22: =+C22*0.15 -> 3547.7775
A23: MATIERE 1ER NBI A SNA | C23: 54776.582 | E23: FOURNISSEUR | G23: =+C23*1.5% -> 821.64873
A24: LOYER TIP A SNA | C24: 6422.74 | E24: FOURNISSEUR
A25: NBI A STA SOUS TRAITANCE | C25: 24922.77 | E25: FOURNISSEUR
A26: LOYER TIP A STA | C26: 4498.8 | E26: FOURNISSEUR
A27: INTERET 2019 CCA TIP SNA | C27: 75571.901 | E27: FOURNISSEUR
A28: MATIERE 1ER SNA A NBI | C28: 213047.49 | E28: FOURNISSEUR
A29: SOUS TREAITANCE SNA A NBI | C29: 96277.317 | E29: FOURNISSEUR
A30: LOYER SND A STA | C30: 142989.81
A31: SND A STA | C31: 2508.844
A32: NBI A STA MATIERE 1ER | C32: 61606.45

Sheet Feuil6
A1: Somme de Poids net | D1: Livreur
A2: Matières | B2: Mois | C2: date Réception | D2: Hazem Chtourou | E2: Sotram | F2: Kammoun | G2: Kaïs Tayachi | H2: STA Nour | I2: Total général
A3: Déchet plaques batteries | B3: Janvier | D3: 68480 | E3: 74900 | G3: 82640 | I3: 226020
B4: Février | D4: 154126 | E4: 60200 | F4: 33060 | H4: 67434 | I4: 314820
B5: mars | D5: 61953 | E5: 60620 | H5: 110420 | I5: 232993
B6: Avril | D6: 51304 | E6: 33220 | F6: 33240 | G6: 85000 | H6: 98400 | I6: 301164
B7: Mai | D7: 27620 | F7: 33500 | G7: 124960 | H7: 116160 | I7: 302240
B8: Juin | E8: 10660 | G8: 81880 | H8: 128380 | I8: 220920
B9: Juillet | E9: 12980 | G9: 39040 | H9: 212240 | I9: 264260
B10: Août | E10: 8540 | F10: 30800 | G10: 40980 | H10: 31860 | I10: 112180
B11: Septembre | D11: 82900 | E11: 35420 | F11: 26540 | G11: 84860 | H11: 88900 | I11: 318620
B12: octobre | D12: 29240 | F12: 49520 | G12: 41680 | H12: 294520 | I12: 414960
B13: Novembre | E13: 21980 | F13: 24960 | G13: 77760 | H13: 271720 | I13: 396420
B14: Décembre | C14: 43802 | G14: 41500 | H14: 29020 | I14: 70520
C15: 43805 | F15: 13680 | I15: 13680
C16: 43806 | H16: 29340 | I16: 29340
C17: 43809 | E17: 26940 | H17: 37560 | I17: 64500
C18: 43813 | F18: 13440 | I18: 13440
C19: 43815 | H19: 8020 | I19: 8020
C20: 43817 | G20: 40500 | I20: 40500
C21: 43819 | E21: 30449 | H21: 23869 | I21: 54318
B22: Total Décembre | E22: 57389 | F22: 27120 | G22: 82000 | H22: 127809 | I22: 294318
A23: Total Déchet plaques batteries | D23: 475623 | E23: 375909 | F23: 258740 | G23: 740800 | H23: 1547843 | I23: 3398915
A24: Vieux Etain | B24: Avril | G24: 2859 | I24: 2859
B25: Juin | G25: 4282 | I25: 4282
B26: Août | G26: 3561 | I26: 3561
B27: Septembre | D27: 646 | G27: 3544 | I27: 4190
B28: octobre | G28: 2602 | I28: 2602
A29: Total Vieux Etain | D29: 646 | G29: 16848 | I29: 17494
A30: Vieux Plomb | B30: Janvier | G30: 33245 | I30: 33245
B31: Février | D31: 112132 | G31: 26504 | I31: 138636
B32: mars | D32: 182907 | I32: 182907
B33: Avril | D33: 121016 | G33: 36266 | I33: 157282
B34: Mai | G34: 26510 | I34: 26510
B35: Juin | G35: 26649 | I35: 26649
B36: Juillet | G36: 33436 | I36: 33436
B37: Août | G37: 42005 | I37: 42005
B38: Septembre | G38: 21051 | I38: 21051
B39: octobre | G39: 36454 | H39: 96319 | I39: 132773
B40: Novembre | G40: 28442 | I40: 28442
B41: Décembre | C41: 43804 | G41: 9721 | I41: 9721
C42: 43805 | G42: 5769 | I42: 5769
C43: 43808 | G43: 4006 | I43: 4006
C44: 43816 | G44: 4844 | I44: 4844
C45: 43819 | G45: 11253 | I45: 11253
C46: 43823 | G46: 4361 | I46: 4361
B47: Total Décembre | G47: 39954 | I47: 39954
A48: Total Vieux Plomb | D48: 416055 | G48: 350516 | H48: 96319 | I48: 862890
A49: Crasse plomb | B49: Janvier | G49: 31720 | I49: 31720
B50: Février | G50: 27020 | I50: 27020
B51: Avril | G51: 33320 | I51: 33320
B52: Mai | G52: 27720 | I52: 27720
B53: Août | H53: 94720 | I53: 94720
B54: octobre | G54: 22120 | I54: 22120
B55: Novembre | G55: 37860 | I55: 37860
A56: Total Crasse plomb | G56: 179760 | H56: 94720 | I56: 274480

Sheet Feuil7
A2: PO190064 | B2: 610D0009 | C2: DECHET PLAQUE BATTERIE | D2: L10162 | E2: SOTRAM | F2: 6 | G2: 38260 | H2: 43472 | I2: RC190161 | J2: 43472 | K2: 43472 | L2: 0 | M2: 1.9 | N2: CH000 | O2: 007 | P2: 1 | Q2: #N/A | R2: 2019 | S2: 72694
A3: PO190065 | B3: 610D0009 | C3: DECHET PLAQUE BATTERIE | D3: L10162 | E3: SOTRAM | F3: 6 | G3: 36640 | H3: 43472 | I3: RC190163 | J3: 43481 | K3: 43482 | L3: 0 | M3: 1.9 | N3: CH000 | O3: 007 | P3: 1 | Q3: #N/A | R3: 2019 | S3: 69616
A4: PO190198 | B4: 610D0009 | C4: DECHET PLAQUE BATTERIE | D4: L10190 | E4: GHEDIFI ABDESSATAR | F4: 6 | G4: 38292.63 | H4: 43496 | I4: RC190261 | J4: 43468 | K4: 43496 | L4: 39997.9 | M4: 1.9 | N4: CH000 | O4: 007 | P4: 1 | Q4: #N/A | R4: 2019 | S4: 72755.997 | U4: =G8+G9 -> 66618.95 | V4: =U4-68480 -> -1861.05 | W4: hazem
A5: PO190198 | B5: 610D0009 | C5: DECHET PLAQUE BATTERIE | D5: L10190 | E5: GHEDIFI ABDESSATAR | F5: 6 | G5: 39997.89 | H5: 43496 | I5: RC190262 | J5: 43468 | K5: 43496 | L5: 0.01 | M5: 1.9 | N5: CH000 | O5: 007 | P5: 1 | Q5: #N/A | R5: 2019 | S5: 75995.991 | U5: =G10+G11 -> 78290.53 | V5: =U5-82640 -> -4349.47 | W5: kais
A6: PO190198 | B6: 610D0009 | C6: DECHET PLAQUE BATTERIE | D6: L10190 | E6: GHEDIFI ABDESSATAR | F6: 6 | G6: -38292.63 | H6: 43496 | I6: RC190513 | J6: 43468 | K6: 43496 | L6: 38292.64 | M6: 1.9 | N6: CH000 | O6: 007 | P6: 1 | Q6: #N/A | R6: 2019 | S6: -72755.997
A7: PO190198 | B7: 610D0009 | C7: DECHET PLAQUE BATTERIE | D7: L10190 | E7: GHEDIFI ABDESSATAR | F7: 6 | G7: -39997.89 | H7: 43496 | I7: RC190514 | J7: 43468 | K7: 43496 | L7: 78290.53 | M7: 1.9 | N7: CH000 | O7: 007 | P7: 1 | Q7: #N/A | R7: 2019 | S7: -75995.991
A8: PO190066 | B8: 610D0009 | C8: DECHET PLAQUE BATTERIE | D8: L10191 | E8: SOCIETE SFAX COLLECTE | F8: 6 | G8: 33120 | H8: 43481 | I8: RC190164 | J8: 43481 | K8: 43482 | L8: 0 | M8: 1.9 | N8: CH000 | O8: 007 | P8: 1 | Q8: #N/A | R8: 2019 | S8: 62928
A9: PO190135 | B9: 610D0009 | C9: DECHET PLAQUE BATTERIE | D9: L10193 | E9: SACO | F9: 6 | G9: 33498.95 | H9: 43494 | I9: RC190221 | J9: 43494 | K9: 43494 | L9: 0 | M9: 1.9 | N9: CH000 | O9: 007 | P9: 1 | Q9: #N/A | R9: 2019 | S9: 63648.005
A10: PO190423 | B10: 610D0009 | C10: DECHET PLAQUE BATTERIE | D10: L10200 | E10: ATIK MOHAMED | F10: 6 | G10: 38292.63 | H10: 43496 | I10: RC190506 | J10: 43468 | K10: 43532 | L10: 39997.9 | M10: 1.9 | N10: CH000 | O10: 007 | P10: 1 | Q10: #N/A | R10: 2019 | S10: 72755.997
A11: PO190423 | B11: 610D0009 | C11: DECHET PLAQUE BATTERIE | D11: L10200 | E11: ATIK MOHAMED | F11: 6 | G11: 39997.9 | H11: 43496 | I11: RC190507 | J11: 43468 | K11: 43532 | L11: 0 | M11: 1.9 | N11: CH000 | O11: 007 | P11: 1 | Q11: #N/A | R11: 2019 | S11: 75996.01
G12: =SUM(G2:G11) -> 219809.48 | V12: =G12-V4-V5 -> 226020
A13: PO190415 | B13: 610D0009 | C13: DECHET PLAQUE BATTERIE | D13: L10138 | E13: STA NOUR | F13: 6 | G13: 25354 | H13: 43521 | I13: RC190531 | J13: 43532 | K13: 43532 | L13: 0 | M13: 1.9 | N13: CH000 | O13: 007 | P13: 2 | Q13: 0 | R13: 2019 | S13: 48172.6 | U13: =SUM(G17:G27) -> 147931.73 | V13: =U13-154126 -> -6194.265 | W13: hazem
A14: PO190414 | B14: 610D0009 | C14: DECHET PLAQUE BATTERIE | D14: L10138 | E14: STA NOUR | F14: 6 | G14: 42080 | H14: 43522 | I14: RC190530 | J14: 43532 | K14: 43532 | L14: 0 | M14: 1.9 | N14: CH000 | O14: 007 | P14: 2 | Q14: 0 | R14: 2019 | S14: 79952
A15: PO190212 | B15: 610D0009 | C15: DECHET PLAQUE BATTERIE | D15: L10162 | E15: SOTRAM | F15: 6 | G15: 34520 | H15: 43500 | I15: RC190315 | J15: 43500 | K15: 43507 | L15: 0 | M15: 1.9 | N15: CH000 | O15: 007 | P15: 2 | Q15: #N/A | R15: 2019 | S15: 65588
A16: PO190390 | B16: 610D0009 | C16: DECHET PLAQUE BATTERIE | D16: L10162 | E16: SOTRAM | F16: 6 | G16: 25680 | H16: 43524 | I16: RC190486 | J16: 43524 | K16: 43524 | L16: 0 | M16: 1.9 | N16: CH000 | O16: 007 | P16: 2 | Q16: #N/A | R16: 2019 | S16: 48792
A17: PO190209 | B17: 610D0009 | C17: DECHET PLAQUE BATTERIE | D17: L10191 | E17: SOCIETE SFAX COLLECTE | F17: 6 | G17: 34520 | H17: 43500 | I17: RC190309 | J17: 43500 | K17: 43500 | L17: 0 | M17: 1.9 | N17: CH000 | O17: 007 | P17: 2 | Q17: #N/A | R17: 2019 | S17: 65588
A18: PO190209 | B18: 610D0009 | C18: DECHET PLAQUE BATTERIE | D18: L10191 | E18: SOCIETE SFAX COLLECTE | F18: 6 | G18: -34520 | H18: 43500 | I18: RC190314 | J18: 43500 | K18: 43500 | L18: 34520 | M18: 1.9 | N18: CH000 | O18: 007 | P18: 2 | Q18: #N/A | R18: 2019 | S18: -65588
A19: PO190210 | B19: 610D0009 | C19: DECHET PLAQUE BATTERIE | D19: L10193 | E19: SACO | F19: 6 | G19: 23480 | H19: 43498 | I19: RC190310 | J19: 43498 | K19: 43507 | L19: 27840 | M19: 4.7 | N19: CH000 | O19: 007 | P19: 2 | Q19: #N/A | R19: 2019 | S19: 110356
A20: PO190210 | B20: 610D0009 | C20: DECHET PLAQUE BATTERIE | D20: L10193 | E20: SACO | F20: 6 | G20: -23480 | H20: 43498 | I20: RC190311 | J20: 43498 | K20: 43507 | L20: 51320 | M20: 4.7 | N20: CH000 | O20: 007 | P20: 2 | Q20: #N/A | R20: 2019 | S20: -110356
A21: PO190180 | B21: 610D0009 | C21: DECHET PLAQUE BATTERIE | D21: L10193 | E21: SACO | F21: 6 | G21: 35052.63 | H21: 43500 | I21: RC190257 | J21: 43500 | K21: 43500 | L21: 0 | M21: 1.9 | N21: CH000 | O21: 007 | P21: 2 | Q21: #N/A | R21: 2019 | S21: 66599.997
A22: PO190260 | B22: 610D0009 | C22: DECHET PLAQUE BATTERIE | D22: L10193 | E22: SACO | F22: 6 | G22: 28198.421 | H22: 43503 | I22: RC190370 | J22: 43503 | K22: 43514 | L22: 17753.684 | M22: 1.9 | N22: CH000 | O22: 007 | P22: 2 | Q22: #N/A | R22: 2019 | S22: 53577
A23: PO190260 | B23: 610D0009 | C23: DECHET PLAQUE BATTERIE | D23: L10193 | E23: SACO | F23: 6 | G23: 17753.684 | H23: 43508 | I23: RC190371 | J23: 43503 | K23: 43514 | L23: 0 | M23: 1.9 | N23: CH000 | O23: 007 | P23: 2 | Q23: #N/A | R23: 2019 | S23: 33732
A24: PO190389 | B24: 610D0009 | C24: DECHET PLAQUE BATTERIE | D24: L10193 | E24: SACO | F24: 6 | G24: 32181 | H24: 43515 | I24: RC190485 | J24: 43515 | K24: 43524 | L24: 0 | M24: 1.8 | N24: CH000 | O24: 007 | P24: 2 | Q24: #N/A | R24: 2019 | S24: 57925.8
A25: PO190389 | B25: 610D0009 | C25: DECHET PLAQUE BATTERIE | D25: L10193 | E25: SACO | F25: 6 | G25: -32181 | H25: 43515 | I25: RC190553 | J25: 43515 | K25: 43524 | L25: 32181 | M25: 1.8 | N25: CH000 | O25: 007 | P25: 2 | Q25: #N/A | R25: 2019 | S25: -57925.8
A26: PO190476 | B26: 610D0009 | C26: DECHET PLAQUE BATTERIE | D26: L10193 | E26: SACO | F26: 6 | G26: 30487 | H26: 43515 | I26: RC190554 | J26: 43539 | K26: 43539 | L26: 0 | M26: 1.9 | N26: CH000 | O26: 007 | P26: 2 | Q26: #N/A | R26: 2019 | S26: 57925.3
... A28: PO190240 | B28: 610D0009 | C28: DECHET PLAQUE BATTERIE | D28: L10197 | E28: SGT | F28: 6 | G28: 33060 | H28: 43511 | I28: RC190368 | J28: 43511 | K28: 43511 | L28: 0 | M28: 1.8 | N28: CH000 | O28: 007 | P28: 2 | Q28: #N/A | R28: 2019 | S28: 59508
G29: =SUM(G13:G28) -> 308625.73 | V29: =G29-V13 -> 314820
A30: PO190391 | B30: 610D0009 | C30: DECHET PLAQUE BATTERIE | D30: L10162 | E30: SOTRAM | F30: 6 | G30: 30200 | H30: 43529 | I30: RC190487 | J30: 43529 | K30: 43530 | L30: 0 | M30: 1.9 | N30: CH000 | O30: 007 | P30: 3 | Q30: #N/A | R30: 2019 | S30: 57380
A31: PO190503 | B31: 610D0009 | C31: DECHET PLAQUE BATTERIE | D31: L10138 | E31: STA NOUR | F31: 6 | G31: 42140 | H31: 43535 | I31: RC190582 | J31: 43535 | K31: 43535 | L31: 0 | M31: 1.9 | N31: CH000 | O31: 007 | P31: 3 | Q31: 0 | R31: 2019 | S31: 80066
A32: PO190520 | B32: 610D0009 | C32: DECHET PLAQUE BATTERIE | D32: L10193 | E32: SACO | F32: 6 | G32: 30263 | H32: 43536 | I32: RC190607 | J32: 43536 | K32: 43536 | L32: 0 | M32: 1.9 | N32: CH000 | O32: 007 | P32: 3 | Q32: #N/A | R32: 2019 | S32: 57499.7
A33: PO190520 | B33: 610D0009 | C33: DECHET PLAQUE BATTERIE | D33: L10193 | E33: SACO | F33: 6 | G33: -30263 | H33: 43536 | I33: RC190678 | J33: 43536 | K33: 43536 | L33: 30263 | M33: 1.9 | N33: CH000 | O33: 007 | P33: 3 | Q33: #N/A | R33: 2019 | S33: -57499.7
A34: PO190520 | B34: 610D0009 | C34: DECHET PLAQUE BATTERIE | D34: L10193 | E34: SACO | F34: 6 | G34: 30263 | H34: 43536 | I34: RC190679 | J34: 43536 | K34: 43536 | L34: 0 | M34: 1.9 | N34: CH000 | O34: 007 | P34: 3 | Q34: #N/A | R34: 2019 | S34: 57499.7
A35: PO190504 | B35: 610D0009 | C35: DECHET PLAQUE BATTERIE | D35: L10138 | E35: STA NOUR | F35: 6 | G35: 33560 | H35: 43539 | I35: RC190583 | J35: 43539 | K35: 43539 | L35: 0 | M35: 1.9 | N35: CH000 | O35: 007 | P35: 3 | Q35: 0 | R35: 2019 | S35: 63764
A36: PO190560 | B36: 610D0009 | C36: DECHET PLAQUE BATTERIE | D36: L10193 | E36: SACO | F36: 6 | G36: 31690 | H36: 43545 | I36: RC190651 | J36: 43545 | K36: 43545 | L36: 0 | M36: 1.9 | N36: CH000 | O36: 007 | P36: 3 | Q36: #N/A | R36: 2019 | S36: 60211
A37: PO190560 | B37: 610D0009 | C37: DECHET PLAQUE BATTERIE | D37: L10193 | E37: SACO | F37: 6 | G37: -31690 | H37: 43545 | I37: RC190722 | J37: 43545 | K37: 43545 | L37: 31690 | M37: 1.9 | N37: CH000 | O37: 007 | P37: 3 | Q37: #N/A | R37: 2019 | S37: -60211
A38: PO190560 | B38: 610d0009 | C38: DECHET PLAQUE BATTERIE | D38: L10193 | E38: SACO | F38: 6 | G38: 31690 | H38: 43545 | I38: RC190723 | J38: 43545 | K38: 43545 | L38: 0 | M38: 1.9 | N38: CH000 | O38: 007 | P38: 3 | Q38: #N/A | R38: 2019 | S38: 60211
A39: PO190582 | B39: 610D0009 | C39: DECHET PLAQUE BATTERIE | D39: L10138 | E39: STA NOUR | F39: 6 | G39: 34720 | H39: 43552 | I39: RC190739 | J39: 43552 | K39: 43552 | L39: 0 | M39: 1.9 | N39: CH000 | O39: 007 | P39: 3 | Q39: 0 | R39: 2019 | S39: 65968
A40: PO190586 | B40: 610D0009 | C40: DECHET PLAQUE BATTERIE | D40: L10162 | E40: SOTRAM | F40: 6 | G40: 30420 | H40: 43553 | I40: RC190738 | J40: 43553 | K40: 43553 | L40: 0 | M40: 1.9 | N40: CH000 | O40: 007 | P40: 3 | Q40: #N/A | R40: 2019 | S40: 57798
G41: =SUM(G30:G40) -> 232993
A42: PO190681 | B42: 610D0009 | C42: DECHET PLAQUE BATTERIE | D42: L10138 | E42: STA NOUR | F42: 6 | G42: 35360 | H42: 43564 | I42: RC190853 | J42: 43564 | K42: 43564 | L42: 0 | M42: 1.9 | N42: CH000 | O42: 007 | P42: 4 | Q42: 0 | R42: 2019 | S42: 67184
A43: PO190682 | B43: 610D0009 | C43: DECHET PLAQUE BATTERIE | D43: L10138 | E43: STA NOUR | F43: 6 | G43: 31360 | H43: 43567 | I43: RC190854 | J43: 43567 | K43: 43567 | L43: 0 | M43: 1.9 | N43: CH000 | O43: 007 | P43: 4 | Q43: 0 | R43: 2019 | S43: 59584
A44: PO190729 | B44: 610D0009 | C44: DECHET PLAQUE BATTERIE | D44: L10138 | E44: STA NOUR | F44: 6 | G44: 31680 | H44: 43574 | I44: RC190917 | J44: 43574 | K44: 43574 | L44: 0 | M44: 1.9 | N44: CH000 | O44: 007 | P44: 4 | Q44: 0 | R44: 2019 | S44: 60192
A45: PO190727 | B45: 610D0009 | C45: DECHET PLAQUE BATTERIE | D45: L10162 | E45: SOTRAM | F45: 6 | G45: 33220 | H45: 43577 | I45: RC190914 | J45: 43577 | K45: 43577 | L45: 0 | M45: 1.9 | N45: CH000 | O45: 007 | P45: 4 | Q45: #N/A | R45: 2019 | S45: 63118
A46: PO190727 | B46: 610D0009 | C46: DECHET PLAQUE BATTERIE | D46: L10162 | E46: SOTRAM | F46: 6 | G46: -33220 | H46: 43577 | I46: RC190923 | J46: 43577 | K46: 43577 | L46: 33220 | M46: 1.9 | N46: CH000 | O46: 007 | P46: 4 | Q46: #N/A | R46: 2019 | S46: -63118
A47: PO190727 | B47: 610D0009 | C47: DECHET PLAQUE BATTERIE | D47: L10162 | E47: SOTRAM | F47: 6 | G47: 33220 | H47: 43577 | I47: RC190924 | J47: 43577 | K47: 43577 | L47: 0 | M47: 1.95 | N47: CH000 | O47: 007 | P47: 4 | Q47: #N/A | R47: 2019 | S47: 64779
A48: PO190584 | B48: 610D0009 | C48: DECHET PLAQUE BATTERIE | D48: L10193 | E48: SACO | F48: 6 | G48: 29600 | H48: 43556 | I48: RC190736 | J48: 43556 | K48: 43556 | L48: 0 | M48: 1.9 | N48: CH000 | O48: 007 | P48: 4 | Q48: #N/A | R48: 2019 | S48: 56240
A49: PO190730 | B49: 610D0009 | C49: DECHET PLAQUE BATTERIE | D49: L10197 | E49: SGT | F49: 6 | G49: 33240 | H49: 43577 | I49: RC190915 | J49: 43577 | K49: 43577 | L49: 0 | M49: 1.9 | N49: CH000 | O49: 007 | P49: 4 | Q49: #N/A | R49: 2019 | S49: 63156
A50: PO190818 | B50: 610D0009 | C50: DECHET PLAQUE BATTERIE | D50: L10200 | E50: ATIK MOHAMED | F50: 6 | G50: 85000 | H50: 43578 | I50: RC190999 | J50: 43578 | K50: 43578 | L50: 0 | M50: 1.9 | N50: CH000 | O50: 007 | P50: 4 | Q50: #N/A | R50: 2019 | S50: 161500
A51: PO190751 | B51: 610D0009 | C51: DECHET PLAQUE BATTERIE | D51: L10202 | E51: STE NOVA DES METAUX | F51: 6 | G51: 21704 | H51: 43578 | I51: RC190913 | J51: 43578 | K51: 43578 | L51: 0 | M51: 1.9 | N51: CH000 | O51: 007 | P51: 4 | Q51: #N/A | R51: 2019 | S51: 41237.6
G52: =SUM(G42:G51) -> 301164
A53: PO190861 | B53: 610D0009 | C53: DECHET PLAQUE BATTERIE | D53: L10138 | E53: STA NOUR | F53: 6 | G53: 27400 | H53: 43592 | I53: RC191037 | J53: 43592 | K53: 43592 | L53: 0 | M53: 1.9 | N53: CH000 | O53: 007 | P53: 5 | Q53: 0 | R53: 2019 | S53: 52060
A54: PO190904 | B54: 610d0009 | C54: DECHET PLAQUE BATTERIE | D54: L10138 | E54: STA NOUR | F54: 6 | G54: 26560 | H54: 43598 | I54: RC191078 | J54: 43607 | K54: 43607 | L54: 0 | M54: 1.9 | N54: CH000 | O54: 007 | P54: 5 | Q54: 0 | R54: 2019 | S54: 50464
A55: PO190905 | B55: 610D0009 | C55: DECHET PLAQUE BATTERIE | D55: L10138 | E55: STA NOUR | F55: 6 | G55: 29800 | H55: 43602 | I55: RC191079 | J55: 43602 | K55: 43602 | L55: 0 | M55: 1.9 | N55: CH000 | O55: 007 | P55: 5 | Q55: 0 | R55: 2019 | S55: 56620 | W55: 4974 | X55: hazem
A56: PO190984 | B56: 610D0009 | C56: DECHET PLAQUE BATTERIE | D56: L10138 | E56: STA NOUR | F56: 6 | G56: 32400 | H56: 43610 | I56: RC191153 | J56: 43610 | K56: 43610 | L56: 0 | M56: 1.9 | N56: CH000 | O56: 007 | P56: 5 | Q56: 0 | R56: 2019 | S56: 61560
A57: PO190911 | B57: 610D0009 | C57: DECHET PLAQUE BATTERIE | D57: L10162 | E57: SOTRAM | F57: 6 | G57: 24440 | H57: 43605 | I57: RC191080 | J57: 43605 | K57: 43605 | L57: 0 | M57: 1.9 | N57: CH000 | O57: 007 | P57: 5 | Q57: #N/A | R57: 2019 | S57: 46436
A58: PO190911 | B58: 610D0009 | C58: DECHET PLAQUE BATTERIE | D58: L10162 | E58: SOTRAM | F58: 6 | G58: -24440 | H58: 43605 | I58: RC191085 | J58: 43605 | K58: 43605 | L58: 24440 | M58: 1.9 | N58: CH000 | O58: 007 | P58: 5 | Q58: #N/A | R58: 2019 | S58: -46436
A59: PO190911 | B59: 610D0009 | C59: DECHET PLAQUE BATTERIE | D59: L10162 | E59: SOTRAM | F59: 6 | G59: 24440 | H59: 43605 | I59: RC191086 | J59: 43605 | K59: 43605 | L59: 0 | M59: 1.95 | N59: CH000 | O59: 007 | P59: 5 | Q59: #N/A | R59: 2019 | S59: 47658
A60: PO190911 | B60: 610D0009 | C60: DECHET PLAQUE BATTERIE | D60: L10162 | E60: SOTRAM | F60: 6 | G60: -24440 | H60: 43605 | I60: RC191094 | J60: 43605 | K60: 43605 | L60: 24440 | M60: 1.95 | N60: CH000 | O60: 007 | P60: 5 | Q60: #N/A | R60: 2019 | S60: -47658
A61: PO190983 | B61: 610D0009 | C61: DECHET PLAQUE BATTERIE | D61: L10197 | E61: SGT | F61: 6 | G61: 33500 | H61: 43616 | I61: RC191152 | J61: 43616 | K61: 43616 | L61: 0 | M61: 1.9 | N61: CH000 | O61: 007 | P61: 5 | Q61: #N/A | R61: 2019 | S61: 63650
A62: PO191003 | B62: 610D0009 | C62: DECHET PLAQUE BATTERIE | D62: L10200 | E62: ATIK MOHAMED | F62: 6 | G62: 124960 | H62: 43609 | I62: RC191162 | J62: 43609 | K62: 43609 | L62: 0 | M62: 1.9 | N62: CH000 | O62: 007 | P62: 5 | Q62: #N/A | R62: 2019 | S62: 237424
A63: PO190982 | B63: 610D0009 | C63: DECHET PLAQUE BATTERIE | D63: L10202 | E63: STE NOVA DES METAUX | F63: 6 | G63: 27620 | H63: 43616 | I63: RC191151 | J63: 43616 | K63: 43616 | L63: 0 | M63: 1.9 | N63: CH000 | O63: 007 | P63: 5 | Q63: #N/A | R63: 2019 | S63: 52478
A64: PO190991 | B64: 610D0009 | C64: DECHET PLAQUE BATTERIE | D64: L10202 | E64: STE NOVA DES METAUX | F64: 6 | G64: 4974 | H64: 43616 | I64: RC191150 | J64: 43616 | K64: 43616 | L64: 0 | M64: 1.9 | N64: CH000 | O64: 007 | P64: 5 | Q64: #N/A | R64: 2019 | S64: 9450.6
G65: =SUM(G53:G64) -> 307214 | V65: =G65-W55 -> 302240
A66: PO191067 | B66: 610D0009 | C66: DECHET PLAQUE BATTERIE | D66: L10200 | E66: ATIK MOHAMED | F66: 6 | G66: 33820 | H66: 43634 | I66: RC191308 | J66: 43634 | K66: 43634 | L66: 0 | M66: 1.9 | N66: CH000 | O66: 007 | P66: 6 | Q66: #N/A | R66: 2019 | S66: 64258
A67: PO191067 | B67: 610D0009 | C67: DECHET PLAQUE BATTERIE | D67: L10200 | E67: ATIK MOHAMED | F67: 6 | G67: -33820 | H67: 43634 | I67: RC191407 | J67: 43634 | K67: 43634 | L67: 33820 | M67: 1.9 | N67: CH000 | O67: 007 | P67: 6 | Q67: #N/A | R67: 2019 | S67: -64258
A68: PO191231 | B68: 610D0009 | C68: DECHET PLAQUE BATTERIE | D68: L10192 | E68: VALDEC | F68: 6 | G68: 33820 | H68: 43634 | I68: RC191408 | J68: 43634 | K68: 43634 | L68: 0 | M68: 1.9 | N68: CH000 | O68: 007 | P68: 6 | Q68: #N/A | R68: 2019 | S68: 64258
A69: PO191108 | B69: 610D0009 | C69: DECHET PLAQUE BATTERIE | D69: L10200 | E69: ATIK MOHAMED | F69: 6 | G69: 39620 | H69: 43637 | I69: RC191307 | J69: 43637 | K69: 43637 | L69: 0 | M69: 1.9 | N69: CH000 | O69: 007 | P69: 6 | Q69: #N/A | R69: 2019 | S69: 75278
A70: PO191108 | B70: 610D0009 | C70: DECHET PLAQUE BATTERIE | D70: L10200 | E70: ATIK MOHAMED | F70: 6 | G70: -39620 | H70: 43637 | I70: RC191406 | J70: 43637 | K70: 43637 | L70: 39620 | M70: 1.9 | N70: CH000 | O70: 007 | P70: 6 | Q70: #N/A | R70: 2019 | S70: -75278
A71: PO191233 | B71: 610D0009 | C71: DECHET PLAQUE BATTERIE | D71: L10192 | E71: VALDEC | F71: 6 | G71: 39620 | H71: 43637 | I71: RC191410 | J71: 43637 | K71: 43637 | L71: 0 | M71: 1.9 | N71: CH000 | O71: 007 | P71: 6 | Q71: #N/A | R71: 2019 | S71: 75278
A72: PO191107 | B72: 610D0009 | C72: DECHET PLAQUE BATTERIE | D72: L10200 | E72: ATIK MOHAMED | F72: 6 | G72: 23260 | H72: 43641 | I72: RC191306 | J72: 43641 | K72: 43641 | L72: 0 | M72: 1.9 | N72: CH000 | O72: 007 | P72: 6 | Q72: #N/A | R72: 2019 | S72: 44194
A73: PO191107 | B73: 610D0009 | C73: DECHET PLAQUE BATTERIE | D73: L10200 | E73: ATIK MOHAMED | F73: 6 | G73: -23260 | H73: 43641 | I73: RC191405 | J73: 43641 | K73: 43641 | L73: 23260 | M73: 1.9 | N73: CH000 | O73: 007 | P73: 6 | Q73: #N/A | R73: 2019 | S73: -44194
A74: PO191232 | B74: 610D0009 | C74: DECHET PLAQUE BATTERIE | D74: L10192 | E74: VALDEC | F74: 6 | G74: 23260 | H74: 43641 | I74: RC191409 | J74: 43641 | K74: 43641 | L74: 0 | M74: 1.9 | N74: CH000 | O74: 007 | P74: 6 | Q74: #N/A | R74: 2019 | S74: 44194
A75: PO191155 | B75: 610D0009 | C75: DECHET PLAQUE BATTERIE | D75: l10200 | E75: ATIK MOHAMED | F75: 6 | G75: 81880 | H75: 43642 | I75: RC191357 | J75: 43642 | K75: 43642 | L75: 0 | M75: 1.9 | N75: CH000 | O75: 007 | P75: 6 | Q75: #N/A | R75: 2019 | S75: 155572
A76: PO191126 | B76: 610D0009 | C76: DECHET PLAQUE BATTERIE | D76: L10162 | E76: SOTRAM | F76: 6 | G76: 10660 | H76: 43643 | I76: RC191604 | J76: 43643 | K76: 43643 | L76: 0 | M76: 1.95 | N76: CH000 | O76: 007 | P76: 6 | Q76: #N/A | R76: 2019 | S76: 20787
A77: PO191158 | B77: 610D0009 | C77: DECHET PLAQUE BATTERIE | D77: L10200 | E77: ATIK MOHAMED | F77: 6 | G77: 31680 | H77: 43644 | I77: RC191354 | J77: 43644 | K77: 43644 | L77: 0 | M77: 1.9 | N77: CH000 | O77: 007 | P77: 6 | Q77: #N/A | R77: 2019 | S77: 60192
... A79: PO191234 | B79: 610D0009 | C79: DECHET PLAQUE BATTERIE | D79: L10192 | E79: VALDEC | F79: 6 | G79: 31680 | H79: 43644 | I79: RC191411 | J79: 43644 | K79: 43644 | L79: 0 | M79: 1.9 | N79: CH000 | O79: 007 | P79: 6 | Q79: #N/A | R79: 2019 | S79: 60192
G80: =SUM(G66:G79) -> 220920
A81: PO191424 | B81: 610D0009 | C81: DECHET PLAQUE BATTERIE | D81: L10138 | E81: STA NOUR | F81: 6 | G81: 32360 | H81: 43676 | I81: RC191611 | J81: 43676 | K81: 43676 | L81: 0 | M81: 1.9 | N81: CH000 | O81: 007 | P81: 7 | Q81: 0 | R81: 2019 | S81: 61484
A82: PO191420 | B82: 610D0009 | C82: DECHET PLAQUE BATTERIE | D82: L10162 | E82: SOTRAM | F82: 6 | G82: 12980 | H82: 43656 | I82: RC191607 | J82: 43656 | K82: 43656 | L82: 0 | M82: 1.95 | N82: CH000 | O82: 007 | P82: 7 | Q82: #N/A | R82: 2019 | S82: 25311
A83: PO191126 | B83: 610D0009 | C83: DECHET PLAQUE BATTERIE | D83: L10162 | E83: SOTRAM | F83: 6 | G83: -10660 | H83: 43672 | I83: RC191822 | J83: 43643 | K83: 43643 | L83: 10660 | M83: 1.95 | N83: CH000 | O83: 007 | P83: 7 | Q83: #N/A | R83: 2019 | S83: -20787 | W83: -10660 | X83: sotram
A84: PO191255 | B84: 610D0009 | C84: DECHET PLAQUE BATTERIE | D84: L10192 | E84: VALDEC | F84: 6 | G84: 25140 | H84: 43649 | I84: RC191437 | J84: 43649 | K84: 43649 | L84: 0 | M84: 1.9 | N84: CH000 | O84: 007 | P84: 7 | Q84: #N/A | R84: 2019 | S84: 47766
A85: PO191251 | B85: 610D0009 | C85: DECHET PLAQUE BATTERIE | D85: L10192 | E85: VALDEC | F85: 6 | G85: 30540 | H85: 43652 | I85: RC191426 | J85: 43652 | K85: 43652 | L85: 0 | M85: 1.9 | N85: CH000 | O85: 007 | P85: 7 | Q85: #N/A | R85: 2019 | S85: 58026
A86: PO191254 | B86: 610D0009 | C86: DECHET PLAQUE BATTERIE | D86: L10192 | E86: VALDEC | F86: 6 | G86: 32220 | H86: 43661 | I86: RC191436 | J86: 43661 | K86: 43661 | L86: 0 | M86: 1.9 | N86: CH000 | O86: 007 | P86: 7 | Q86: #N/A | R86: 2019 | S86: 61218
A87: PO191252 | B87: 610D0009 | C87: DECHET PLAQUE BATTERIE | D87: L10192 | E87: VALDEC | F87: 6 | G87: 34560 | H87: 43668 | I87: RC191435 | J87: 43656 | K87: 43656 | L87: 0 | M87: 1.9 | N87: CH000 | O87: 007 | P87: 7 | Q87: #N/A | R87: 2019 | S87: 65664
A88: PO191309 | B88: 610D0009 | C88: DECHET PLAQUE BATTERIE | D88: L10192 | E88: VALDEC | F88: 6 | G88: 29540 | H88: 43676 | I88: RC191484 | J88: 43669 | K88: 43669 | L88: 0 | M88: 1.9 | N88: CH000 | O88: 007 | P88: 7 | Q88: #N/A | R88: 2019 | S88: 56126
A89: PO191310 | B89: 610D0009 | C89: DECHET PLAQUE BATTERIE | D89: L10192 | E89: VALDEC | F89: 6 | G89: 27880 | H89: 43676 | I89: RC191485 | J89: 43672 | K89: 43672 | L89: 0 | M89: 1.9 | N89: CH000 | O89: 007 | P89: 7 | Q89: #N/A | R89: 2019 | S89: 52972
A90: PO191422 | B90: 610D0009 | C90: DECHET PLAQUE BATTERIE | D90: L10200 | E90: ATIK MOHAMED | F90: 6 | G90: 39040 | H90: 43659 | I90: RC191609 | J90: 43659 | K90: 43659 | L90: 0 | M90: 2 | N90: CH000 | O90: 007 | P90: 7 | Q90: #N/A | R90: 2019 | S90: 78080
G91: =SUM(G81:G90) -> 253600 | V91: =G91-G83 -> 264260
A92: PO191429 | B92: 610D0009 | C92: DECHET PLAQUE BATTERIE | D92: L10138 | E92: STA NOUR | F92: 6 | G92: 31860 | H92: 43679 | I92: RC191612 | J92: 43679 | K92: 43679 | L92: 0 | M92: 2.1 | N92: CH000 | O92: 007 | P92: 8 | Q92: 0 | R92: 2019 | S92: 66906
A93: PO191418 | B93: 610D0009 | C93: DECHET PLAQUE BATTERIE | D93: L10138 | E93: STA NOUR | F93: 6 | G93: 28240 | H93: 43683 | I93: RC191605 | J93: 43683 | K93: 43696 | L93: 0 | M93: 2.1 | N93: CH000 | O93: 007 | P93: 8 | Q93: 0 | R93: 2019 | S93: 59304
A94: PO191418 | B94: 610D0009 | C94: DECHET PLAQUE BATTERIE | D94: L10138 | E94: STA NOUR | F94: 6 | G94: -28240 | H94: 43683 | I94: RC191739 | J94: 43683 | K94: 43696 | L94: 28240 | M94: 2.1 | N94: CH000 | O94: 007 | P94: 8 | Q94: 0 | R94: 2019 | S94: -59304
A95: PO191528 | B95: 610D0009 | C95: DECHET PLAQUE BATTERIE | D95: L10200 | E95: ATIK MOHAMED | F95: 6 | G95: 40980 | H95: 43686 | I95: RC191749 | J95: 43686 | K95: 43686 | L95: 0 | M95: 2.1 | N95: CH000 | O95: 007 | P95: 8 | Q95: #N/A | R95: 2019 | S95: 86058
A96: PO191419 | B96: 610D0009 | C96: DECHET PLAQUE BATTERIE | D96: L10197 | E96: SGT | F96: 6 | G96: 30800 | H96: 43686 | I96: RC191606 | J96: 43686 | K96: 43686 | L96: 0 | M96: 2.1 | N96: CH000 | O96: 007 | P96: 8 | Q96: #N/A | R96: 2019 | S96: 64680
A97: PO191421 | B97: 610D0009 | C97: DECHET PLAQUE BATTERIE | D97: L10162 | E97: SOTRAM | F97: 6 | G97: 8540 | H97: 43693 | I97: RC191608 | J97: 43693 | K97: 43693 | L97: 0 | M97: 2.1 | N97: CH000 | O97: 007 | P97: 8 | Q97: #N/A | R97: 2019 | S97: 17934
A98: PO191608 | B98: 610d0009 | C98: DECHET PLAQUE BATTERIE | D98: l10162 | E98: SOTRAM | F98: 6 | G98: 500 | H98: 43693 | I98: RC191840 | J98: 43693 | K98: 43693 | L98: 0 | M98: 2.1 | N98: CH000 | O98: 007 | P98: 8 | Q98: #N/A | R98: 2019 | S98: 1050
G99: =SUM(G92:G98) -> 112680
A100: PO191578 | B100: 610D0009 | C100: DECHET PLAQUE BATTERIE | D100: L10138 | E100: STA NOUR | F100: 6 | G100: 27740 | H100: 43711 | I100: RC191816 | J100: 43711 | K100: 43711 | L100: 0 | M100: 2.1 | N100: CH000 | O100: 007 | P100: 9 | Q100: 0 | R100: 2019 | S100: 58254
A101: PO191418 | B101: 610D0009 | C101: DECHET PLAQUE BATTERIE | D101: L10138 | E101: STA NOUR | F101: 6 | G101: -28240 | H101: 43719 | I101: RC192104 | J101: 43683 | K101: 43696 | L101: 56480 | M101: 2.1 | N101: CH000 | O101: 007 | P101: 9 | Q101: 0 | R101: 2019 | S101: -59304 | V101: =SUM(G100:G103) -> 60660 | W101: =V101-88900 -> -28240 | X101: sta nour
A102: PO191626 | B102: 610D0009 | C102: DECHET PLAQUE BATTERIE | D102: L10138 | E102: STA NOUR | F102: 6 | G102: 31220 | H102: 43733 | I102: RC191852 | J102: 43733 | K102: 43733 | L102: 0 | M102: 2.1 | N102: CH000 | O102: 007 | P102: 9 | Q102: 0 | R102: 2019 | S102: 65562
A103: PO191625 | B103: 610d0009 | C103: DECHET PLAQUE BATTERIE | D103: l10138 | E103: STA NOUR | F103: 6 | G103: 29940 | H103: 43734 | I103: RC191851 | J103: 43734 | K103: 43734 | L103: 0 | M103: 2.1 | N103: CH000 | O103: 007 | P103: 9 | Q103: 0 | R103: 2019 | S103: 62874
...

Sheet Feuil8
B1: CHTOUROU | C1: KAIS | D1: SOTRAM | E1: STA
A2: 43466 | B2: -1861.05 | C2: -4349.47
A3: 43497 | B3: -6194.27
A4: 43586 | B4: 4974
A5: 43647 | D5: -10660
A6: 43709 | E6: -28240
A7: 43770 | E7: -20000
A8: 43800 | D8: -23878
B9: =SUM(B2:B8) -> -3081.32 | C9: =SUM(C2:C8) -> -4349.47 | D9: =SUM(D2:D8) -> -34538 | E9: =SUM(E2:E8) -> -48240 | F9: =SUM(B9:E9) -> -90208.79 | G9: 40256
F11: =+F9+3398915 -> 3308706.2
F12: 3308936.2
F13: =+F12-F11 -> 230.01

Sheet HAZEM (2)
A1: SITUATION HAZEM 2019
A3: TOTAL CRASSE | C3: KG | D3: 0 | F3: 0 | G3: 0 | H3: 0
A4: TOTAL DECHET BATTERIE | C4: KG | D4: =SUM(D12:D27) -> 475623 | F4: =SUM(F12:F27) -> 907495.1 | G4: =SUM(G12:G27) -> 172424.07 | H4: =SUM(H12:H27) -> 1079928.8
A5: TOTAL ETAIN | C5: KG | D5: =+D28 -> 646 | F5: =+F28 -> 17765 | G5: =+G28 -> 3375.35 | H5: =+H28 -> 21140.35
A6: TOTAL INOX | C6: KG | D6: =+D29 -> 2557 | F6: =+F29 -> 25570 | G6: =+G29 -> 4858.3 | H6: =+H29 -> 30428.9
A7: TOTAL VIEUX PLOMB | C7: KG | D7: =SUM(D30:D52) -> 416055 | F7: =SUM(F30:F52) -> 1954161.1 | G7: =SUM(G30:G52) -> 371290.61 | H7: =SUM(H30:H52) -> 2325465.5
A8: TOTAL | F8: =SUM(F3:F7) -> 2904991.2 | G8: =SUM(G3:G7) -> 551948.33 | H8: =SUM(H3:H7) -> 3456963.5
A9: REGLEMENT RECU | H9: =3125154.018+H24+H25+H26+H28+H29+H27 -> 3456963.5
A10: RESTE A PAYER | H10: =+H8-H9 -> 0
A12: 43481 | B12: DECHET PLAQUES | C12: KG | D12: 33120 | E12: 1.8 | F12: =+D12*E12 -> 59616 | G12: =+F12*0.19 -> 11327.04 | H12: =+F12+G12+0.6 -> 70943.64
A13: 43494 | B13: DECHET PLAQUES | C13: KG | D13: 35360 | E13: 1.8 | F13: =+D13*E13 -> 63648 | G13: =+F13*0.19 -> 12093.12 | H13: =+F13+G13+0.6 -> 75741.72
A14: 43500 | B14: DECHET PLAQUES | C14: KG | D14: 37000 | E14: 1.8 | F14: =+D14*E14 -> 66600 | G14: =+F14*0.19 -> 12654 | H14: =+F14+G14+0.6 -> 79254.6
A15: 43503 | B15: DECHET PLAQUES | C15: KG | D15: 29765 | E15: 1.8 | F15: =+D15*E15 -> 53577 | G15: =+F15*0.19 -> 10179.63 | H15: =+F15+G15+0.6 -> 63757.23
A16: 43508 | B16: DECHET PLAQUES | C16: KG | D16: 18740 | E16: 1.8 | F16: =+D16*E16 -> 33732 | G16: =+F16*0.19 -> 6409.08 | H16: =+F16+G16+0.6 -> 40141.68
A17: 43515 | B17: DECHET PLAQUES | C17: KG | D17: 32181 | E17: 1.8 | F17: =+D17*E17 -> 57925.8 | G17: =+F17*0.19 -> 11005.902 | H17: =+F17+G17+0.6 -> 68932.302
A18: 43522 | B18: DECHET PLAQUES | C18: KG | D18: 36440 | E18: 1.9 | F18: =+D18*E18 -> 69236 | G18: =+F18*0.19 -> 13154.84 | H18: =+F18+G18+0.6 -> 82391.44
A19: 43536 | B19: DECHET PLAQUES | C19: KG | D19: 30263 | E19: 1.9 | F19: =+D19*E19 -> 57499.7 | G19: =+F19*0.19 -> 10924.943 | H19: =+F19+G19+0.6 -> 68425.243
A20: 43545 | B20: DECHET PLAQUES | C20: KG | D20: 31690 | E20: 1.9 | F20: =+D20*E20 -> 60211 | G20: =+F20*0.19 -> 11440.09 | H20: =+F20+G20+0.6 -> 71651.69
A21: 43556 | B21: DECHET PLAQUES | C21: KG | D21: 29600 | E21: 1.9 | F21: =+D21*E21 -> 56240 | G21: =+F21*0.19 -> 10685.6 | H21: =+F21+G21+0.6 -> 66926.2
A22: 43576 | B22: DECHET PLAQUES | C22: KG | D22: 21704 | E22: 1.9 | F22: =+D22*E22 -> 41237.6 | G22: =+F22*0.19 -> 7835.144 | H22: =+F22+G22+0.6 -> 49073.344
A23: 43616 | B23: DECHET PLAQUES | C23: KG | D23: 27620 | E23: 1.9 | F23: =+D23*E23 -> 52478 | G23: =+F23*0.19 -> 9970.82 | H23: =+F23+G23+0.6 -> 62449.42
... A27: 43720 | B27: DECHET PLAQUES | C27: KG | D27: 29240 | E27: 2.1 | F27: =+D27*E27 -> 61404 | G27: =+F27*0.19 -> 11666.76 | H27: =+F27+G27+0.6 -> 73071.36
A28: 43717 | B28: ETAIN | C28: KG | D28: 646 | E28: 27.5 | F28: =+D28*E28 -> 17765 | G28: =+F28*0.19 -> 3375.35 | H28: =+F28+G28 -> 21140.35
A29: 43727 | B29: INOX | C29: KG | D29: =2360+197 -> 2557 | E29: 10 | F29: =+D29*E29 -> 25570 | G29: =+F29*0.19 -> 4858.3 | H29: =+F29+G29+0.6 -> 30428.9
A30: 43498 | B30: PLOMB | C30: KG | D30: 23480 | E30: 4.7 | F30: =+D30*E30 -> 110356 | G30: =+F30*0.19 -> 20967.64 | H30: =+F30+G30+0.6 -> 131324.24
A31: 43500 | B31: PLOMB | C31: KG | D31: 27840 | E31: 4.7 | F31: =+D31*E31 -> 130848 | G31: =+F31*0.19 -> 24861.12 | H31: =+F31+G31+0.6 -> 155709.72
A32: 43503 | B32: PLOMB | C32: KG | D32: 7375 | E32: 4.7 | F32: =+D32*E32 -> 34662.5 | G32: =+F32*0.19 -> 6585.875 | H32: =+F32+G32+0.6 -> 41248.975
A33: 43515 | B33: PLOMB | C33: KG | D33: 26198 | E33: 4.7 | F33: =+D33*E33 -> 123130.6 | G33: =+F33*0.19 -> 23394.814 | H33: =+F33+G33+0.6 -> 146526.01
A34: 43518 | B34: PLOMB | C34: KG | D34: 23940 | E34: 4.7 | F34: =+D34*E34 -> 112518 | G34: =+F34*0.19 -> 21378.42 | H34: =+F34+G34+0.6 -> 133897.02
A35: 43515 | B35: PLOMB | C35: KG | D35: 3299 | E35: 4.5 | F35: =+D35*E35 -> 14845.5 | G35: =+F35*0.19 -> 2820.645 | H35: =+F35+G35+0.6 -> 17666.745
A36: 43536 | B36: PLOMB | C36: KG | D36: 3397 | E36: 4.7 | F36: =+D36*E36 -> 15965.9 | G36: =+F36*0.19 -> 3033.521 | H36: =+F36+G36+0.6 -> 19000.021
A37: 43540 | B37: PLOMB | C37: KG | D37: 25020 | E37: 4.7 | F37: =+D37*E37 -> 117594 | G37: =+F37*0.19 -> 22342.86 | H37: =+F37+G37+0.6 -> 139937.46
A38: 43542 | B38: PLOMB | C38: KG | D38: 27680 | E38: 4.7 | F38: =+D38*E38 -> 130096 | G38: =+F38*0.19 -> 24718.24 | H38: =+F38+G38+0.6 -> 154814.84
A39: 43543 | B39: PLOMB | C39: KG | D39: 26400 | E39: 4.7 | F39: =+D39*E39 -> 124080 | G39: =+F39*0.19 -> 23575.2 | H39: =+F39+G39+0.6 -> 147655.8
A40: 43545 | B40: PLOMB | C40: KG | D40: 1410 | E40: 4.7 | F40: =+D40*E40 -> 6627 | G40: =+F40*0.19 -> 1259.13 | H40: =+F40+G40+0.6 -> 7886.73
A41: 43546 | B41: PLOMB | C41: KG | D41: 14940 | E41: 4.7 | F41: =+D41*E41 -> 70218 | G41: =+F41*0.19 -> 13341.42 | H41: =+F41+G41+0.6 -> 83560.02
... A52: 43578 | B52: PLOMB | C52: KG | D52: 6376 | E52: 4.6 | F52: =+D52*E52 -> 29329.6 | G52: =+F52*0.19 -> 5572.624 | H52: =+F52+G52+0.6 -> 34902.824

Sheet SOTRAM (2)
A1: SITUATION SOTRAM SNA 2019 | K1: SITUATION SOTRAM STA 2019
A3: TOTAL CRASSE | C3: KG | D3: 0 | F3: 0 | G3: 0 | H3: 0 | K3: TOTAL CRASSE | M3: KG | N3: 0 | P3: 0 | Q3: 0 | R3: 0
A4: TOTAL DECHET BATTERIE | C4: KG | D4: =SUM(D12:D25) -> 320351 | F4: =SUM(F12:F25) -> 624892.75 | G4: =SUM(G12:G25) -> 119916.92 | H4: =SUM(H12:H25) -> 751066.4 | K4: TOTAL DECHET BATTERIE | M4: KG | N4: =SUM(N11:N12) -> 24440 | P4: =SUM(P11:P12) -> 47658 | Q4: =SUM(Q11:Q12) -> 9145.5702 | R4: =SUM(P4:Q4) -> 56803.57
A5: TOTAL ETAIN | C5: KG | D5: 0 | F5: 0 | G5: 0 | H5: 0 | K5: TOTAL ETAIN | M5: KG | N5: 0 | P5: 0 | Q5: 0 | R5: 0
A6: TOTAL VIEUX PLOMB | C6: KG | F6: 0 | G6: 0 | H6: 0 | K6: TOTAL VIEUX PLOMB | M6: KG | P6: 0 | Q6: 0 | R6: 0
A7: TOTAL | F7: =SUM(F3:F6) -> 624892.75 | G7: =SUM(G3:G6) -> 119916.92 | H7: =SUM(H3:H6) -> 751066.4 | K7: TOTAL | P7: =SUM(P3:P6) -> 47658 | Q7: =SUM(Q3:Q6) -> 9145.5702 | R7: =SUM(R3:R6) -> 56803.57
A8: REGLEMENT RECU | H8: =+H12+H13+H14+H15+H16+H17+H18+H19+H20+H21+35000+45000 -> 682322.56 | K8: REGLEMENT RECU | R8: 56803.57
A9: AVANCE RECU | H9: 70000 | K9: RESTE A PAYER | R9: =+R7-R8 -> 0.0002
A10: RESTE A PAYER | H10: =+H7-H8-H9 -> -1256.1641
K11: 43605 | L11: DECHET BATTERIE | M11: kg | N11: 24440 | O11: 1.95 | P11: =N11*O11 -> 47658 | Q11: =P11*1.01*0.19 -> 9145.5702 | R11: =P11*1.01+Q11+0.6 -> 57280.75
A12: 43472 | B12: DECHET BATTERIE | C12: kg | D12: 38260 | E12: 1.8 | F12: =D12*E12 -> 68868 | G12: =F12*1.01*0.19 -> 13215.769 | H12: =F12*1.01+G12+0.6 -> 82773.049
A13: 43481 | B13: DECHET BATTERIE | C13: kg | D13: 36640 | E13: 1.8 | F13: =D13*E13 -> 65952 | G13: =F13*1.01*0.19 -> 12656.189 | H13: =F13*1.01+G13+0.6 -> 79268.309
A14: 43500 | B14: DECHET BATTERIE | C14: kg | D14: 34520 | E14: 1.8 | F14: =D14*E14 -> 62136 | G14: =F14*1.01*0.19 -> 11923.898 | H14: =F14*1.01+G14+0.6 -> 74681.858
A15: 43524 | B15: DECHET BATTERIE | C15: kg | D15: 25680 | E15: 1.9 | F15: =D15*E15 -> 48792 | G15: =F15*1.01*0.19 -> 9363.1848 | H15: =F15*1.01+G15+0.6 -> 58643.705
A16: 43529 | B16: DECHET BATTERIE | C16: kg | D16: 30200 | E16: 1.9 | F16: =D16*E16 -> 57380 | G16: =F16*1.01*0.19 -> 11011.222 | H16: =F16*1.01+G16+0.6 -> 68965.622
A17: 43553 | B17: DECHET BATTERIE | C17: kg | D17: 30420 | E17: 1.9 | F17: =D17*E17 -> 57798 | G17: =F17*1.01*0.19 -> 11091.436 | H17: =F17*1.01+G17+0.6 -> 69468.016
A18: 43577 | B18: DECHET BATTERIE | C18: kg | D18: 33220 | E18: 1.95 | F18: =D18*E18 -> 64779 | G18: =F18*1.01*0.19 -> 12431.09 | H18: =F18*1.01+G18+0.6 -> 77858.48
A19: 43693 | B19: DECHET BATTERIE | C19: kg | D19: 500 | E19: 2.1 | F19: =D19*E19 -> 1050 | G19: =F19*1.01*0.19 -> 201.495 | H19: =F19*1.01+G19+0.6 -> 1262.595
A20: 43717 | B20: DECHET BATTERIE | C20: kg | D20: 15600 | E20: 2.1 | F20: =D20*E20 -> 32760 | G20: =F20*1.01*0.19 -> 6286.644 | H20: =F20*1.01+G20+0.6 -> 39374.844
A21: 43724 | B21: DECHET BATTERIE | C21: kg | D21: 19820 | E21: 2.1 | F21: =D21*E21 -> 41622 | G21: =F21*1.01*0.19 -> 7987.2618 | H21: =F21*1.01+G21+0.6 -> 50026.082
A22: 43798 | B22: DECHET BATTERIE | C22: kg | D22: 21980 | E22: 2.2 | F22: =D22*E22 -> 48356 | G22: =F22*1.01*0.19 -> 9279.5164 | H22: =F22*1.01+G22+0.6 -> 58119.676
A23: 43809 | B23: DECHET BATTERIE | C23: kg | D23: 26940 | E23: 2.25 | F23: =D23*E23 -> 60615 | G23: =F23*1.01*0.19 -> 11632.019 | H23: =F23*1.01+G23+0.6 -> 72853.769
A24: 43819 | B24: DECHET BATTERIE | C24: kg | D24: 6571 | E24: 2.25 | F24: =D24*E24 -> 14784.75 | G24: =F24*1.01*0.19 -> 2837.1935 | H24: =F24*1.01+G24+0.6 -> 17770.391
A29: SITUATION SOTRAM FONDERIE 2019
A31: TOTAL CRASSE | C31: KG | D31: 0 | F31: 0 | G31: 0 | H31: 0
A32: TOTAL DECHET BATTERIE | C32: KG | D32: =SUM(D43:D45) -> 31680 | F32: =SUM(F43:F45) -> 62982 | G32: =SUM(G43:G45) -> 0 | H32: =SUM(F32:G32) -> 62982
A33: TOTAL ETAIN | C33: KG | D33: 0 | F33: 0 | G33: 0 | H33: 0
A34: TOTAL VIEUX PLOMB | C34: KG | F34: 0 | G34: 0 | H34: 0
A35: TOTAL | F35: =SUM(F31:F34) -> 62982 | G35: =SUM(G31:G34) -> 0 | H35: =SUM(H31:H34) -> 62982
A36: REGLEMENT RECU | H36: =H46+H47 -> -104409.65
A37: TVA A REMBOURSER | H37: =+G46+G47 -> 16670.257
A38: FODEC A REMBOURSER | H38: =(F46+F47)*1% -> 868.695
A39: RS A REMBOURSER | H39: =-(H46+H47)*1.5% -> 1566.1448
A40: MONTANT RECU | H40: 20000
A41: RESTE A PAYER | H41: =SUM(H35:H40) -> -2322.5552
A43: 43643 | B43: DECHET BATTERIE | C43: kg | D43: 10660 | E43: 1.95 | F43: =D43*E43 -> 20787
A44: 43656 | B44: DECHET BATTERIE | C44: kg | D44: 12980 | E44: 1.95 | F44: =D44*E44 -> 25311
A45: 43693 | B45: DECHET BATTERIE | C45: kg | D45: 8040 | E45: 2.1 | F45: =D45*E45 -> 16884
B46: REGLEMENT RECU | C46: kg | D46: 29720 | E46: 1.45 | F46: =D46*E46 -> 43094 | G46: =F46*1.01*0.19 -> 8269.7386 | H46: =-(F46*1.01+G46+0.6) -> -51795.279
B47: REGLEMENT RECU | C47: kg | D47: 30190 | E47: 1.45 | F47: =D47*E47 -> 43775.5 | G47: =F47*1.01*0.19 -> 8400.5184 | H47: =-(F47*1.01+G47+0.6) -> -52614.373

Sheet KAMMOUN (2)
A1: SITUATION KAMMOUN 2019
A3: TOTAL CRASSE | C3: KG | D3: 0 | F3: 0 | G3: 0 | H3: 0
A4: TOTAL DECHET BATTERIE | C4: KG | D4: =SUM(D11:D26) -> 272541 | F4: =SUM(F11:F26) -> 558952.25 | G4: =SUM(G11:G26) -> 106200.93 | H4: =SUM(H11:H26) -> 665159.78
A5: TOTAL ETAIN | C5: KG | D5: 0 | F5: 0 | G5: 0 | H5: 0
A6: TOTAL VIEUX PLOMB | C6: KG | D6: 0 | F6: 0 | G6: 0 | H6: 0
A7: TOTAL | F7: =SUM(F3:F6) -> 558952.25 | G7: =SUM(G3:G6) -> 106200.93 | H7: =SUM(H3:H6) -> 665159.78
A8: REGLEMENT RECU | H8: =H11+H12+H13+H14+H15+H16+H17+H18+H19+H20+H21 -> 665159.78
A9: RESTE A PAYER | H9: =+H7-H8 -> 0
A11: 43511 | B11: DECHET BATTERIE | C11: kg | D11: 33060 | E11: 1.8 | F11: =D11*E11 -> 59508 | G11: =F11*0.19 -> 11306.52 | H11: =F11+G11+0.6 -> 70815.12
A12: 43577 | B12: DECHET BATTERIE | C12: kg | D12: 33240 | E12: 1.9 | F12: =D12*E12 -> 63156 | G12: =F12*0.19 -> 11999.64 | H12: =F12+G12+0.6 -> 75156.24
A13: 43616 | B13: DECHET BATTERIE | C13: kg | D13: 33500 | E13: 1.9 | F13: =D13*E13 -> 63650 | G13: =F13*0.19 -> 12093.5 | H13: =F13+G13+0.6 -> 75744.1
A14: 43686 | B14: DECHET BATTERIE | C14: kg | D14: 30800 | E14: 2.1 | F14: =D14*E14 -> 64680 | G14: =F14*0.19 -> 12289.2 | H14: =F14+G14+0.6 -> 76969.8
A15: 43718 | B15: DECHET BATTERIE | C15: kg | D15: 26540 | E15: 2.1 | F15: =D15*E15 -> 55734 | G15: =F15*0.19 -> 10589.46 | H15: =F15+G15+0.6 -> 66324.06
A16: 43741 | B16: DECHET BATTERIE | C16: kg | D16: 25400 | E16: 2.1 | F16: =D16*E16 -> 53340 | G16: =F16*0.19 -> 10134.6 | H16: =F16+G16+0.6 -> 63475.2
A17: 43769 | B17: DECHET BATTERIE | C17: kg | D17: 24120 | E17: 2.1 | F17: =D17*E17 -> 50652 | G17: =F17*0.19 -> 9623.88 | H17: =F17+G17+0.6 -> 60276.48
A18: 43791 | B18: DECHET BATTERIE | C18: kg | D18: 24960 | E18: 2.25 | F18: =D18*E18 -> 56160 | G18: =F18*0.19 -> 10670.4 | H18: =F18+G18+0.6 -> 66831
A19: 43805 | B19: DECHET BATTERIE | C19: kg | D19: 13680 | E19: 2.25 | F19: =D19*E19 -> 30780 | G19: =F19*0.19 -> 5848.2 | H19: =F19+G19+0.6 -> 36628.8
A20: 43813 | B20: DECHET BATTERIE | C20: kg | D20: 13440 | E20: 2.25 | F20: =D20*E20 -> 30240 | G20: =F20*0.19 -> 5745.6 | H20: =F20+G20+0.6 -> 35986.2
A21: 43837 | B21: DECHET BATTERIE | C21: kg | D21: 13801 | E21: 2.25 | F21: =D21*E21 -> 31052.25 | G21: =F21*0.19 -> 5899.9275 | H21: =F21+G21+0.6 -> 36952.777

Sheet KAIS (2)
A1: SITUATION KAIS SNA 2019
A3: TOTAL CRASSE | C3: KG | D3: =SUM(D14:D36) -> 179760 | F3: =SUM(F14:F36) -> 263651 | G3: =SUM(G14:G36) -> 50093.69 | H3: =+F3+G3 -> 313744.69
A4: TOTAL DECHET BATTERIE | C4: KG | D4: =SUM(L14:L36) -> 824527 | F4: =SUM(N14:N36) -> 1668791.4 | G4: =SUM(O14:O36) -> 317070.37 | H4: =+F4+G4 -> 1985861.8
A5: TOTAL ETAIN | C5: KG | D5: =SUM(T14:T19) -> 17387 | F5: =SUM(V14:V36) -> 672691 | G5: =SUM(W14:W36) -> 127811.29 | H5: =G5+F5 -> 800502.29
A6: TOTAL ALIMINIUM | C6: KG | D6: 0 | F6: 0 | G6: 0 | H6: =+F6+G6 -> 0
A7: TOTAL VIEUX PLOMB | D7: =SUM(AB14:AB95) -> 373104 | F7: =SUM(AD14:AD95) -> 1659171.2 | G7: =SUM(AE14:AE95) -> 315242.53 | H7: =+F7+G7 -> 1974413.7
A8: TOTAL | F8: =SUM(F3:F7) -> 4264304.6 | G8: =SUM(G3:G7) -> 810217.87 | H8: =SUM(H3:H7) -> 5074522.5
A9: RELIQUAT 2018 | H9: =177957.908+200316.87+117742.77 -> 496017.55
A10: REGLEMENT RECU | H10: =3675092.32+142530.832+200000+200000+200000+200000+150000+4758.046+200000+200000+200000 -> 5372381.2
A11: ERREUR FACTURATION | H11: =+(T14+T15+T16)*5*1.19 -> 42488.95
A12: RESTE A PAYER | H12: =H8+H9-H10-H11 -> 155669.87
A14: 43482 | B14: CRASSE | C14: KG | D14: 31720 | E14: 1.45 | F14: =+D14*E14 -> 45994 | G14: =+F14*0.19 -> 8738.86 | H14: =+F14+G14 -> 54732.86 | I14: 43468 | J14: DECHET BATTERIE | K14: KG | L14: 40420 | M14: 1.8 | N14: =+L14*M14 -> 72756 | O14: =+N14*0.19 -> 13823.64 | P14: =+N14+O14 -> 86579.64 | Q14: 43558 | R14: ETAIN | S14: KG | T14: 768 | U14: 33 | V14: =T14*U14 -> 25344 | W14: =+V14*0.19 -> 4815.36 | X14: =+V14+W14 -> 30159.36 | Y14: 43467 | Z14: PLOMB | AA14: KG | AB14: 3938 | AC14: 4.3 | AD14: =+AB14*AC14 -> 16933.4 | AE14: =+AD14*0.19 -> 3217.346 | AF14: =+AD14+AE14 -> 20150.746
A15: 43524 | B15: CRASSE | C15: KG | D15: 27020 | E15: 1.45 | F15: =+D15*E15 -> 39179 | G15: =+F15*0.19 -> 7444.01 | H15: =+F15+G15 -> 46623.01 | I15: 43483 | J15: DECHET BATTERIE | K15: KG | L15: 42220 | M15: 1.8 | N15: =+L15*M15 -> 75996 | O15: =+N15*0.19 -> 14439.24 | P15: =+N15+O15 -> 90435.24 | Q15: 43563 | R15: ETAIN | S15: KG | T15: 2091 | U15: 33 | V15: =T15*U15 -> 69003 | W15: =+V15*0.19 -> 13110.57 | X15: =+V15+W15 -> 82113.57 | Y15: 43472 | Z15: PLOMB | AA15: KG | AB15: 6181 | AC15: 4.3 | AD15: =+AB15*AC15 -> 26578.3 | AE15: =+AD15*0.19 -> 5049.877 | AF15: =+AD15+AE15 -> 31628.177
A16: 43574 | B16: CRASSE | C16: KG | D16: 33320 | E16: 1.45 | F16: =+D16*E16 -> 48314 | G16: =+F16*0.19 -> 9179.66 | H16: =+F16+G16 -> 57493.66 | I16: 43568 | J16: DECHET BATTERIE | K16: KG | L16: 41740 | M16: 1.9 | N16: =+L16*M16 -> 79306 | O16: =+N16*0.19 -> 15068.14 | P16: =+N16+O16 -> 94374.14 | Q16: 43642 | R16: ETAIN | S16: KG | T16: 4282 | U16: 33 | V16: =T16*U16 -> 141306 | W16: =+V16*0.19 -> 26848.14 | X16: =+V16+W16 -> 168154.14 | Y16: 43473 | Z16: PLOMB | AA16: KG | AB16: 1347 | AC16: 4.3 | AD16: =+AB16*AC16 -> 5792.1 | AE16: =+AD16*0.19 -> 1100.499 | AF16: =+AD16+AE16 -> 6892.599
A17: 43616 | B17: CRASSE | C17: KG | D17: 27720 | E17: 1.45 | F17: =+D17*E17 -> 40194 | G17: =+F17*0.19 -> 7636.86 | H17: =+F17+G17 -> 47830.86 | I17: 43578 | J17: DECHET BATTERIE | K17: KG | L17: 43260 | M17: 1.9 | N17: =L17*M17 -> 82194 | O17: =+N17*0.19 -> 15616.86 | P17: =+N17+O17 -> 97810.86 | Q17: 43692 | R17: ETAIN | S17: KG | T17: 4100 | U17: 33 | V17: =T17*U17 -> 135300 | W17: =+V17*0.19 -> 25707 | X17: =+V17+W17 -> 161007 | Y17: 43476 | Z17: PLOMB | AA17: KG | AB17: 1854 | AC17: 4.3 | AD17: =+AB17*AC17 -> 7972.2 | AE17: =+AD17*0.19 -> 1514.718 | AF17: =+AD17+AE17 -> 9486.918
A18: 43741 | B18: CRASSE | C18: KG | D18: 22120 | E18: 1.5 | F18: =+D18*E18 -> 33180 | G18: =+F18*0.19 -> 6304.2 | H18: =+F18+G18 -> 39484.2 | I18: 43588 | J18: DECHET BATTERIE | K18: KG | L18: 40900 | M18: 1.9 | N18: =L18*M18 -> 77710 | O18: =+N18*0.19 -> 14764.9 | P18: =+N18+O18 -> 92474.9 | Q18: 43738 | R18: ETAIN | S18: KG | T18: 3544 | U18: 39.5 | V18: =T18*U18 -> 139988 | W18: =+V18*0.19 -> 26597.72 | X18: =+V18+W18 -> 166585.72 | Y18: 43480 | Z18: PLOMB | AA18: KG | AB18: 7782 | AC18: 4.3 | AD18: =+AB18*AC18 -> 33462.6 | AE18: =+AD18*0.19 -> 6357.894 | AF18: =+AD18+AE18 -> 39820.494
A19: 43773 | B19: CRASSE | C19: KG | D19: 37860 | E19: 1.5 | F19: =+D19*E19 -> 56790 | G19: =+F19*0.19 -> 10790.1 | H19: =+F19+G19 -> 67580.1 | I19: 43596 | J19: DECHET BATTERIE | K19: KG | L19: 42860 | M19: 1.9 | N19: =L19*M19 -> 81434 | O19: =+N19*0.19 -> 15472.46 | P19: =+N19+O19 -> 96906.46 | Q19: 43745 | R19: ETAIN | S19: KG | T19: 2602 | U19: 39.5 | V19: =T19*U19 -> 102779 | W19: =+V19*0.19 -> 19528.01 | X19: =+V19+W19 -> 122307.01 | Y19: 43481 | Z19: PLOMB | AA19: KG | AB19: 2776 | AC19: 4.3 | AD19: =+AB19*AC19 -> 11936.8 | AE19: =+AD19*0.19 -> 2267.992 | AF19: =+AD19+AE19 -> 14204.792
I20: 43606 | J20: DECHET BATTERIE | K20: KG | L20: 41200 | M20: 1.9 | N20: =L20*M20 -> 78280 | O20: =+N20*0.19 -> 14873.2 | P20: =+N20+O20 -> 93153.2 | Q20: 43832 | R20: ETAIN | S20: KG | T20: 1787 | U20: 33 | V20: =T20*U20 -> 58971 | W20: =+V20*0.19 -> 11204.49 | X20: =+V20+W20 -> 70175.49 | Y20: 43482 | Z20: PLOMB | AA20: KG | AB20: 2510 | AC20: 4.5 | AD20: =+AB20*AC20 -> 11295 | AE20: =+AD20*0.19 -> 2146.05 | AF20: =+AD20+AE20 -> 13441.05
I21: 43617 | J21: DECHET BATTERIE | K21: KG | L21: 39700 | M21: 1.9 | N21: =L21*M21 -> 75430 | O21: =+N21*0.19 -> 14331.7 | P21: =+N21+O21 -> 89761.7 | Y21: 43483 | Z21: PLOMB | AA21: KG | AB21: 1997 | AC21: 4.5 | AD21: =+AB21*AC21 -> 8986.5 | AE21: =+AD21*0.19 -> 1707.435 | AF21: =+AD21+AE21 -> 10693.935
I22: 43642 | J22: DECHET BATTERIE | K22: KG | L22: 42180 | M22: 1.9 | N22: =L22*M22 -> 80142 | O22: =+N22*0.19 -> 15226.98 | P22: =+N22+O22 -> 95368.98 | Y22: 43489 | Z22: PLOMB | AA22: KG | AB22: 1286 | AC22: 4.5 | AD22: =+AB22*AC22 -> 5787 | AE22: =+AD22*0.19 -> 1099.53 | AF22: =+AD22+AE22 -> 6886.53
I23: 43657 | J23: DECHET BATTERIE | K23: KG | L23: 39040 | M23: 2 | N23: =L23*M23 -> 78080 | O23: =+N23*0.19 -> 14835.2 | P23: =+N23+O23 -> 92915.2 | Y23: 43495 | Z23: PLOMB | AA23: KG | AB23: 3574 | AC23: 4.5 | AD23: =+AB23*AC23 -> 16083 | AE23: =+AD23*0.19 -> 3055.77 | AF23: =+AD23+AE23 -> 19138.77
I24: 43686 | J24: DECHET BATTERIE | K24: KG | L24: 40980 | M24: 2.1 | N24: =L24*M24 -> 86058 | O24: =+N24*0.19 -> 16351.02 | P24: =+N24+O24 -> 102409.02 | Y24: 43511 | Z24: PLOMB | AA24: KG | AB24: 2428 | AC24: 4.5 | AD24: =+AB24*AC24 -> 10926 | AE24: =+AD24*0.19 -> 2075.94 | AF24: =+AD24+AE24 -> 13001.94
I25: 43712 | J25: DECHET BATTERIE | K25: KG | L25: 41780 | M25: 2.1 | N25: =L25*M25 -> 87738 | O25: =+N25*0.19 -> 16670.22 | P25: =+N25+O25 -> 104408.22 | Y25: 43514 | Z25: PLOMB | AA25: KG | AB25: 2570 | AC25: 4.5 | AD25: =+AB25*AC25 -> 11565 | AE25: =+AD25*0.19 -> 2197.35 | AF25: =+AD25+AE25 -> 13762.35
I26: 43736 | J26: DECHET BATTERIE | K26: KG | L26: 43080 | M26: 2.1 | N26: =L26*M26 -> 90468 | O26: =+N26*0.19 -> 17188.92 | P26: =+N26+O26 -> 107656.92 | Y26: 43516 | Z26: PLOMB | AA26: KG | AB26: 5054 | AC26: 4.5 | AD26: =+AB26*AC26 -> 22743 | AE26: =+AD26*0.19 -> 4321.17 | AF26: =+AD26+AE26 -> 27064.17
I27: 43753 | J27: DECHET BATTERIE | K27: KG | L27: 41680 | M27: 2.1 | N27: =L27*M27 -> 87528 | O27: =+N27*0.19 -> 16630.32 | P27: =+N27+O27 -> 104158.32 | Y27: 43518 | Z27: PLOMB | AA27: KG | AB27: 2298 | AC27: 4.5 | AD27: =+AB27*AC27 -> 10341 | AE27: =+AD27*0.19 -> 1964.79 | AF27: =+AD27+AE27 -> 12305.79
I28: 43771 | J28: DECHET BATTERIE | K28: KG | L28: 38360 | M28: 2.2 | N28: =L28*M28 -> 84392 | O28: =+N28*0.19 -> 16034.48 | P28: =+N28+O28 -> 100426.48 | Y28: 43521 | Z28: PLOMB | AA28: KG | AB28: 5067 | AC28: 4.5 | AD28: =+AB28*AC28 -> 22801.5 | AE28: =+AD28*0.19 -> 4332.285 | AF28: =+AD28+AE28 -> 27133.785
I29: 43790 | J29: DECHET BATTERIE | K29: KG | L29: 39400 | M29: 2.2 | N29: =L29*M29 -> 86680 | O29: =+N29*0.19 -> 16469.2 | P29: =+N29+O29 -> 103149.2 | Y29: 43524 | Z29: PLOMB | AA29: KG | AB29: 9087 | AC29: 4.5 | AD29: =+AB29*AC29 -> 40891.5 | AE29: =+AD29*0.19 -> 7769.385 | AF29: =+AD29+AE29 -> 48660.885
I30: 43802 | J30: DECHET BATTERIE | K30: KG | L30: 41500 | M30: 2.2 | N30: =L30*M30 -> 91300 | O30: =+N30*0.19 -> 17347 | P30: =+N30+O30 -> 108647 | Y30: 43558 | Z30: PLOMB | AA30: KG | AB30: 2334 | AC30: 4.5 | AD30: =+AB30*AC30 -> 10503 | AE30: =+AD30*0.19 -> 1995.57 | AF30: =+AD30+AE30 -> 12498.57
I31: 43817 | J31: DECHET BATTERIE | K31: KG | L31: 40500 | M31: 2.2 | N31: =L31*M31 -> 89100 | O31: =+N31*0.19 -> 16929 | P31: =+N31+O31 -> 106029 | Y31: 43563 | Z31: PLOMB | AA31: KG | AB31: 5570 | AC31: 4.5 | AD31: =+AB31*AC31 -> 25065 | AE31: =+AD31*0.19 -> 4762.35 | AF31: =+AD31+AE31 -> 29827.35
I32: 43833 | J32: DECHET BATTERIE | K32: KG | L32: 41765 | M32: 2.2 | N32: =L32*M32 -> 91883 | O32: =+N32*0.19 -> 17457.77 | P32: =+N32+O32 -> 109340.77 | Y32: 43570 | Z32: PLOMB | AA32: KG | AB32: 6519 | AC32: 4.5 | AD32: =AB32*AC32 -> 29335.5 | AE32: =+AD32*0.19 -> 5573.745 | AF32: =+AD32+AE32 -> 34909.245
I33: 43847 | J33: DECHET BATTERIE | K33: KG | L33: 41962 | M33: 2.2 | N33: =L33*M33 -> 92316.4 | O33: =+N33*0.19 -> 17540.116 | P33: =+N33+O33 -> 109856.52 | Y33: 43573 | Z33: PLOMB | AA33: KG | AB33: 3652 | AC33: 4.5 | AD33: =AB33*AC33 -> 16434 | AE33: =+AD33*0.19 -> 3122.46 | AF33: =+AD33+AE33 -> 19556.46
Y34: 43574 | Z34: PLOMB | AA34: KG | AB34: 4299 | AC34: 4.5 | AD34: =AB34*AC34 -> 19345.5 | AE34: =+AD34*0.19 -> 3675.645 | AF34: =+AD34+AE34 -> 23021.145
Y35: 43574 | Z35: PLOMB | AA35: KG | AB35: 2561 | AC35: 4.5 | AD35: =AB35*AC35 -> 11524.5 | AE35: =+AD35*0.19 -> 2189.655 | AF35: =+AD35+AE35 -> 13714.155
Y36: 43578 | Z36: PLOMB | AA36: KG | AB36: 1300 | AC36: 4.5 | AD36: =AB36*AC36 -> 5850 | AE36: =+AD36*0.19 -> 1111.5 | AF36: =+AD36+AE36 -> 6961.5
Y37: 43582 | Z37: PLOMB | AA37: KG | AB37: 5577 | AC37: 4.5 | AD37: =AB37*AC37 -> 25096.5 | AE37: =+AD37*0.19 -> 4768.335 | AF37: =+AD37+AE37 -> 29864.835
Y38: 43585 | Z38: PLOMB | AA38: KG | AB38: 4454 | AC38: 4.5 | AD38: =AB38*AC38 -> 20043 | AE38: =+AD38*0.19 -> 3808.17 | AF38: =+AD38+AE38 -> 23851.17
Y39: 43592 | Z39: PLOMB | AA39: KG | AB39: 1040 | AC39: 4.4 | AD39: =AB39*AC39 -> 4576 | AE39: =+AD39*0.19 -> 869.44 | AF39: =+AD39+AE39 -> 5445.44
Y40: 43598 | Z40: PLOMB | AA40: KG | AB40: 2608 | AC40: 4.4 | AD40: =AB40*AC40 -> 11475.2 | AE40: =+AD40*0.19 -> 2180.288 | AF40: =+AD40+AE40 -> 13655.488
Y41: 43601 | Z41: PLOMB | AA41: KG | AB41: 6423 | AC41: 4.4 | AD41: =AB41*AC41 -> 28261.2 | AE41: =+AD41*0.19 -> 5369.628 | AF41: =+AD41+AE41 -> 33630.828
Y42: 43602 | Z42: PLOMB | AA42: KG | AB42: 3593 | AC42: 4.4 | AD42: =AB42*AC42 -> 15809.2 | AE42: =+AD42*0.19 -> 3003.748 | AF42: =+AD42+AE42 -> 18812.948
Y43: 43605 | Z43: PLOMB | AA43: KG | AB43: 5908 | AC43: 4.4 | AD43: =AB43*AC43 -> 25995.2 | AE43: =+AD43*0.19 -> 4939.088 | AF43: =+AD43+AE43 -> 30934.288
Y44: 43606 | Z44: PLOMB | AA44: KG | AB44: 2536 | AC44: 4.4 | AD44: =AB44*AC44 -> 11158.4 | AE44: =+AD44*0.19 -> 2120.096 | AF44: =+AD44+AE44 -> 13278.496
Y45: 43612 | Z45: PLOMB | AA45: KG | AB45: 2745 | AC45: 4.4 | AD45: =AB45*AC45 -> 12078 | AE45: =+AD45*0.19 -> 2294.82 | AF45: =+AD45+AE45 -> 14372.82
Y46: 43615 | Z46: PLOMB | AA46: KG | AB46: 1657 | AC46: 4.4 | AD46: =AB46*AC46 -> 7290.8 | AE46: =+AD46*0.19 -> 1385.252 | AF46: =+AD46+AE46 -> 8676.052
Y47: 43629 | Z47: PLOMB | AA47: KG | AB47: =5791+1736 -> 7527 | AC47: 4.3 | AD47: =AB47*AC47 -> 32366.1 | AE47: =+AD47*0.19 -> 6149.559 | AF47: =+AD47+AE47 -> 38515.659
Y48: 43637 | Z48: PLOMB | AA48: KG | AB48: 1797 | AC48: 4.3 | AD48: =AB48*AC48 -> 7727.1 | AE48: =+AD48*0.19 -> 1468.149 | AF48: =+AD48+AE48 -> 9195.249
Y49: 43641 | Z49: PLOMB | AA49: KG | AB49: 4054 | AC49: 4.3 | AD49: =AB49*AC49 -> 17432.2 | AE49: =+AD49*0.19 -> 3312.118 | AF49: =+AD49+AE49 -> 20744.318
Y50: 43644 | Z50: PLOMB | AA50: KG | AB50: 13271 | AC50: 4.3 | AD50: =AB50*AC50 -> 57065.3 | AE50: =+AD50*0.19 -> 10842.407 | AF50: =+AD50+AE50 -> 67907.707
Y51: 43649 | Z51: PLOMB | AA51: KG | AB51: 6018 | AC51: 4.4 | AD51: =AB51*AC51 -> 26479.2 | AE51: =+AD51*0.19 -> 5031.048 | AF51: =+AD51+AE51 -> 31510.248
Y52: 43657 | Z52: PLOMB | AA52: KG | AB52: 5104 | AC52: 4.4 | AD52: =AB52*AC52 -> 22457.6 | AE52: =+AD52*0.19 -> 4266.944 | AF52: =+AD52+AE52 -> 26724.544
Y53: 43659 | Z53: PLOMB | AA53: KG | AB53: 6815 | AC53: 4.4 | AD53: =AB53*AC53 -> 29986 | AE53: =+AD53*0.19 -> 5697.34 | AF53: =+AD53+AE53 -> 35683.34
Y54: 43663 | Z54: PLOMB | AA54: KG | AB54: 6060 | AC54: 4.4 | AD54: =AB54*AC54 -> 26664 | AE54: =+AD54*0.19 -> 5066.16 | AF54: =+AD54+AE54 -> 31730.16
Y55: 43676 | Z55: PLOMB | AA55: KG | AB55: 5217 | AC55: 4.4 | AD55: =AB55*AC55 -> 22954.8 | AE55: =+AD55*0.19 -> 4361.412 | AF55: =+AD55+AE55 -> 27316.212
Y56: 43677 | Z56: PLOMB | AA56: KG | AB56: 4222 | AC56: 4.4 | AD56: =AB56*AC56 -> 18576.8 | AE56: =+AD56*0.19 -> 3529.592 | AF56: =+AD56+AE56 -> 22106.392
Y57: 43680 | Z57: PLOMB | AA57: KG | AB57: 4908 | AC57: 4.4 | AD57: =AB57*AC57 -> 21595.2 | AE57: =+AD57*0.19 -> 4103.088 | AF57: =+AD57+AE57 -> 25698.288
Y58: 43684 | Z58: PLOMB | AA58: KG | AB58: 6300 | AC58: 4.4 | AD58: =AB58*AC58 -> 27720 | AE58: =+AD58*0.19 -> 5266.8 | AF58: =+AD58+AE58 -> 32986.8
Y59: 43685 | Z59: PLOMB | AA59: KG | AB59: 4649 | AC59: 4.4 | AD59: =AB59*AC59 -> 20455.6 | AE59: =+AD59*0.19 -> 3886.564 | AF59: =+AD59+AE59 -> 24342.164
... Y90: 43845 | Z90: PLOMB | AA90: KG | AB90: 6025 | AC90: 4.6 | AD90: =AB90*AC90 -> 27715 | AE90: =+AD90*0.19 -> 5265.85 | AF90: =+AD90+AE90 -> 32980.85

Sheet STA NOUR (2)
A1: SITUATION NOUR 2019
A3: TOTAL CRASSE | C3: KG | D3: =SUM(D14:D16) -> 94720 | F3: =SUM(F14:F16) -> 80512 | G3: =SUM(G14:G16) -> 15297.28 | H3: =SUM(H14:H16) -> 95811.08
A4: TOTAL DECHET BATTERIE | C4: KG | D4: =SUM(D17:D52) -> 1091504 | F4: =SUM(F17:F52) -> 2141070.6 | G4: =SUM(G17:G52) -> 406803.41 | H4: =SUM(H17:H52) -> 2547895.6
A5: TOTAL DIVERS | C5: KG | D5: 0 | F5: =SUM(F67:F68) -> 81345.42 | G5: =SUM(G67:G68) -> 15455.63 | H5: =SUM(H67:H68) -> 96802.25
A6: TOTAL charge et finition | D6: 0 | F6: =SUM(F58:F62) -> 101510.25 | G6: =SUM(G58:G62) -> 19286.947 | H6: =SUM(H58:H62) -> 120800.2
A7: TOTAL acide | D7: 0 | F7: =SUM(F63:F64) -> 11204.1 | G7: =SUM(G63:G64) -> 2128.779 | H7: =SUM(H63:H64) -> 13334.079
A8: TOTAL ELEMENT | C8: KG | D8: 0 | F8: =SUM(F65:F66) -> 14864.402 | G8: =SUM(G65:G66) -> 2824.2364 | H8: =SUM(H65:H66) -> 17689.838
A9: TOTAL VIEUX PLOMB | C9: KG | D9: =SUM(D53:D57) -> 128899 | F9: =SUM(F53:F57) -> 592935.4 | G9: =SUM(G53:G57) -> 112657.73 | H9: =SUM(H53:H57) -> 705595.53
A10: TOTAL | F10: =SUM(F3:F9) -> 3023442.2 | G10: =SUM(G3:G9) -> 574454.01 | H10: =SUM(H3:H9) -> 3597928.6
A11: REGLEMENT RECU | H11: 2403608.9
A12: RESTE A PAYER | H12: =+H10-H11 -> 1194319.7
A14: 43683 | B14: CRASSE | C14: KG | D14: 28240 | E14: 0.85 | F14: =+D14*E14 -> 24004 | G14: =+F14*0.19 -> 4560.76 | H14: =+F14+G14+0.6 -> 28565.36
A15: 43704 | B15: CRASSE | C15: KG | D15: 36360 | E15: 0.85 | F15: =+D15*E15 -> 30906 | G15: =+F15*0.19 -> 5872.14 | H15: =+F15+G15+0.6 -> 36778.74
A16: 43708 | B16: CRASSE | C16: KG | D16: 30120 | E16: 0.85 | F16: =+D16*E16 -> 25602 | G16: =+F16*0.19 -> 4864.38 | H16: =+F16+G16+0.6 -> 30466.98
A17: 43532 | B17: DECHT PLAQUES | C17: KG | D17: 25354 | E17: 1.9 | F17: =+D17*E17 -> 48172.6 | G17: =+F17*0.19 -> 9152.794 | H17: =+F17+G17+0.6 -> 57325.994
A18: 43535 | B18: DECHT PLAQUES | C18: KG | D18: 42080 | E18: 1.9 | F18: =+D18*E18 -> 79952 | G18: =+F18*0.19 -> 15190.88 | H18: =+F18+G18+0.6 -> 95143.48
A19: 43536 | B19: DECHT PLAQUES | C19: KG | D19: 42140 | E19: 1.9 | F19: =+D19*E19 -> 80066 | G19: =+F19*0.19 -> 15212.54 | H19: =+F19+G19+0.6 -> 95279.14
A20: 43539 | B20: DECHT PLAQUES | C20: KG | D20: 33560 | E20: 1.9 | F20: =+D20*E20 -> 63764 | G20: =+F20*0.19 -> 12115.16 | H20: =+F20+G20+0.6 -> 75879.76
A21: 43552 | B21: DECHT PLAQUES | C21: KG | D21: 34720 | E21: 1.9 | F21: =+D21*E21 -> 65968 | G21: =+F21*0.19 -> 12533.92 | H21: =+F21+G21+0.6 -> 78502.52
A22: 43564 | B22: DECHT PLAQUES | C22: KG | D22: 35360 | E22: 1.9 | F22: =+D22*E22 -> 67184 | G22: =+F22*0.19 -> 12764.96 | H22: =+F22+G22+0.6 -> 79949.56
A23: 43567 | B23: DECHT PLAQUES | C23: KG | D23: 31360 | E23: 1.9 | F23: =+D23*E23 -> 59584 | G23: =+F23*0.19 -> 11320.96 | H23: =+F23+G23+0.6 -> 70905.56
A24: 43574 | B24: DECHT PLAQUES | C24: KG | D24: 31680 | E24: 1.9 | F24: =+D24*E24 -> 60192 | G24: =+F24*0.19 -> 11436.48 | H24: =+F24+G24+0.6 -> 71629.08
A25: 43592 | B25: DECHT PLAQUES | C25: KG | D25: 27400 | E25: 1.9 | F25: =+D25*E25 -> 52060 | G25: =+F25*0.19 -> 9891.4 | H25: =+F25+G25+0.6 -> 61952
... A56: 43773 | B56: PLOMB | C56: KG | D56: 17560 | E56: 4.6 | F56: =+D56*E56 -> 80776 | G56: =+F56*0.19 -> 15347.44 | H56: =+F56+G56+0.6 -> 96124.04
A57: 43815 | B57: PLOMB | C57: KG | D57: 15020 | E57: 4.6 | F57: =+D57*E57 -> 69092 | G57: =+F57*0.19 -> 13127.48 | H57: =+F57+G57 -> 82219.48
A58: 43496 | B58: CHARGE ET FINITION | F58: 9375.5 | G58: =+F58*0.19 -> 1781.345 | H58: =+G58+F58+0.6 -> 11157.445
A59: 43521 | B59: CHARGE ET FINITION | F59: 8207.75 | G59: =+F59*0.19 -> 1559.4725 | H59: =+G59+F59+0.6 -> 9767.8225
A60: 43708 | B60: CHARGE ET FINITION | F60: 48939.75 | G60: =+F60*0.19 -> 9298.5525 | H60: =+G60+F60+0.6 -> 58238.902
A61: 43777 | B61: CHARGE ET FINITION | F61: 22884 | G61: =+F61*0.19 -> 4347.96 | H61: =+G61+F61+0.6 -> 27232.56
A62: 43824 | B62: CHARGE ET FINITION | F62: 12103.25 | G62: =+F62*0.19 -> 2299.6175 | H62: =+G62+F62+0.6 -> 14403.468
A63: 43708 | B63: ACIDE | F63: 10625.6 | G63: =+F63*0.19 -> 2018.864 | H63: =+G63+F63+0.6 -> 12645.064
A64: 43769 | B64: ACIDE | F64: 578.5 | G64: =+F64*0.19 -> 109.915 | H64: =+G64+F64+0.6 -> 689.015
A65: 43801 | B65: ELEMENT BATTERIES | F65: =12085.656+604.283+120.857 -> 12810.796 | G65: =+F65*0.19 -> 2434.0512 | H65: =+G65+F65+0.6 -> 15245.447
A66: 43829 | B66: ELEMENT BATTERIES | F66: =1937.364+96.868+19.374 -> 2053.606 | G66: =+F66*0.19 -> 390.18514 | H66: =+G66+F66+0.6 -> 2444.3911
A67: 43825 | B67: LOYER | F67: 60000 | G67: =+F67*0.19 -> 11400 | H67: =+F67+G67+0.6 -> 71400.6
A68: 43829 | B68: FERNOX+FARINE DE CHENE+HADELIN | F68: 21345.42 | G68: =+F68*0.19 -> 4055.6298 | H68: =+F68+G68+0.6 -> 25401.65
H86: =SUM(H14:H85) -> 3597928.6

Sheet KAIS STA (2)
A1: SITUATION NOUR (KAIS) 2019
M2: TRANSPORT KAIS TAYACHI
A3: TOTAL CRASSE | C3: KG | D3: 0 | F3: 0 | G3: 0 | H3: =+F3+G3 -> 0 | M3: 43634 | N3: STA Nour | O3: Déchet plaques batteries | P3: 33820
A4: TOTAL DECHET BATTERIE | C4: KG | D4: =SUM(D12:D31) -> 436069 | F4: =SUM(F12:F31) -> 866873.8 | G4: =SUM(G12:G31) -> 164706.02 | H4: =+F4+G4 -> 1031579.8 | M4: 43637 | N4: STA Nour | O4: Déchet plaques batteries | P4: 39620
A5: TOTAL ETAIN | C5: KG | D5: 0 | F5: 0 | G5: 0 | H5: =+F5+G5 -> 0 | M5: 43641 | N5: STA Nour | O5: Déchet plaques batteries | P5: 23260
A6: TOTAL ALIMINIUM | C6: KG | D6: 0 | F6: 0 | G6: 0 | H6: =+F6+G6 -> 0 | M6: 43644 | N6: STA Nour | O6: Déchet plaques batteries | P6: 31680
A7: TOTAL VIEUX PLOMB | C7: KG | D7: 0 | F7: 0 | G7: 0 | H7: =+F7+G7 -> 0 | M7: 43649 | N7: STA Nour | O7: Déchet plaques batteries | P7: 25140
A8: TOTAL | F8: =SUM(F3:F7) -> 866873.8 | G8: =SUM(G3:G7) -> 164706.02 | H8: =SUM(H3:H7) -> 1031579.8 | M8: 43652 | N8: STA Nour | O8: Déchet plaques batteries | P8: 30540
A9: REGLEMENT RECU | H9: =H12+H13+H14+H15+H16+H17+H18+H19+H20+H21+(30000/0.985) -> 727438.71 | J9: 60000 | K9: RECU | M9: 43656 | N9: STA Nour | O9: Déchet plaques batteries | P9: 34560
A10: RESTE A PAYER | H10: =+H8-H9 -> 304141.11 | J10: 100000 | K10: NON RECU | M10: 43661 | N10: STA Nour | O10: Déchet plaques batteries | P10: 32220
M11: 43669 | N11: STA Nour | O11: Déchet plaques batteries | P11: 29540
A12: 43634 | B12: DECHET K T | C12: KG | D12: 33820 | E12: 1.9 | F12: =+D12*E12 -> 64258 | G12: =+F12*0.19 -> 12209.02 | H12: =+F12+G12+0.6 -> 76467.62 | M12: 43672 | N12: STA Nour | O12: Déchet plaques batteries | P12: 27880
A13: 43637 | B13: DECHET K T | C13: KG | D13: 39620 | E13: 1.9 | F13: =+D13*E13 -> 75278 | G13: =+F13*0.19 -> 14302.82 | H13: =+F13+G13+0.6 -> 89581.42
A14: 43641 | B14: DECHET K T | C14: KG | D14: 23260 | E14: 1.9 | F14: =+D14*E14 -> 44194 | G14: =+F14*0.19 -> 8396.86 | H14: =+F14+G14+0.6 -> 52591.46
A15: 43644 | B15: DECHET K T | C15: KG | D15: 31680 | E15: 1.9 | F15: =+D15*E15 -> 60192 | G15: =+F15*0.19 -> 11436.48 | H15: =+F15+G15+0.6 -> 71629.08 | M15: 43676 | N15: NAWFIL | O15: SNA | P15: 32360
A16: 43649 | B16: DECHET K T | C16: KG | D16: 25140 | E16: 1.9 | F16: =+D16*E16 -> 47766 | G16: =+F16*0.19 -> 9075.54 | H16: =+F16+G16+0.6 -> 56842.14 | J16: FG | M16: 43679 | N16: NAWFIL | O16: SNA | P16: 31860
A17: 43652 | B17: DECHET K T | C17: KG | D17: 30540 | E17: 1.9 | F17: =+D17*E17 -> 58026 | G17: =+F17*0.19 -> 11024.94 | H17: =+F17+G17+0.6 -> 69051.54 | J17: STC | M17: 43683 | N17: NAWFIL | O17: SNA | P17: 28240
A18: 43656 | B18: DECHET K T | C18: KG | D18: 34560 | E18: 1.9 | F18: =+D18*E18 -> 65664 | G18: =+F18*0.19 -> 12476.16 | H18: =+F18+G18+0.6 -> 78140.76 | J18: FG | M18: 43704 | N18: NAWFIL | O18: SNA | P18: 36360
A19: 43661 | B19: DECHET K T | C19: KG | D19: 32220 | E19: 1.9 | F19: =+D19*E19 -> 61218 | G19: =+F19*0.19 -> 11631.42 | H19: =+F19+G19+0.6 -> 72850.02 | J19: FG | M19: 43708 | N19: NAWFIL | O19: SNA | P19: 30120
A20: 43669 | B20: DECHET K T | C20: KG | D20: 29540 | E20: 1.9 | F20: =+D20*E20 -> 56126 | G20: =+F20*0.19 -> 10663.94 | H20: =+F20+G20+0.6 -> 66790.54 | J20: SPECTRO | M20: 43711 | N20: NAWFIL | O20: SNA | P20: 27740
A21: 43672 | B21: DECHET K T | C21: KG | D21: 27880 | E21: 1.9 | F21: =+D21*E21 -> 52972 | G21: =+F21*0.19 -> 10064.68 | H21: =+F21+G21+0.6 -> 63037.28
A22: 43802 | B22: DECHET K T | C22: KG | D22: 29020 | E22: 2.2 | F22: =+D22*E22 -> 63844 | G22: =+F22*0.19 -> 12130.36 | H22: =+F22+G22+0.6 -> 75974.96
A23: 43806 | B23: DECHET K T | C23: KG | D23: 29340 | E23: 2.2 | F23: =+D23*E23 -> 64548 | G23: =+F23*0.19 -> 12264.12 | H23: =+F23+G23+0.6 -> 76812.72
A24: 43809 | B24: DECHET K T | C24: KG | D24: 37560 | E24: 2.2 | F24: =+D24*E24 -> 82632 | G24: =+F24*0.19 -> 15700.08 | H24: =+F24+G24+0.6 -> 98332.68
A25: 43815 | B25: DECHET K T | C25: KG | D25: 8020 | E25: 2.2 | F25: =+D25*E25 -> 17644 | G25: =+F25*0.19 -> 3352.36 | H25: =+F25+G25+0.6 -> 20996.96
A26: 43815 | B26: DECHET K T | C26: KG | D26: 23869 | E26: 2.2 | F26: =+D26*E26 -> 52511.8 | G26: =+F26*0.19 -> 9977.242 | H26: =+F26+G26+0.6 -> 62489.642
H32: =SUM(H12:H31) -> 1031588.8
